Workbook

Sheet Reggie_M
A2: Month | B2: Week | C2: Account | D2: Projected Return | E2: £ | F2: No | G2: Account | H2: Account | I2: MAX Risk | J2: Actual
B3: Commencing | C3: Equity | D3: Equity | E3: Per Pip | F3: Of Pips | G3: Top UP | H3: W/drawal | I3: % Per Trade | J3: % ROI
A4: 1 | B4: 43114 | C4: 1500 | D4: =C4+(C4*-0.1565) -> 1265.25 | E4: =C4/3250 -> 0.46153846 | F4: =(D4-C4)/E4 -> -508.625 | I4: =E4*50/C4 -> 0.015384615 | J4: =(D4-C4)/C4 -> -0.1565
B5: =B4+7 -> 43121 | C5: =D4+G4-H4 -> 1265.25 | D5: =C5+(C5*0.03) -> 1303.2075 | E5: =C5/3250 -> 0.38930769 | F5: =(D5-C5)/E5 -> 97.5 | I5: =E5*50/C5 -> 0.015384615
B6: =B5+7 -> 43128 | C6: =D5+G5-H5 -> 1303.2075 | D6: =C6+(C6*0.03) -> 1342.3037 | E6: =C6/3250 -> 0.40098692 | F6: =(D6-C6)/E6 -> 97.5 | I6: =E6*50/C6 -> 0.015384615
B7: =B6+7 -> 43135 | C7: =D6+G6-H6 -> 1342.3037 | D7: =C7+(C7*0.03) -> 1382.5728 | E7: =C7/3250 -> 0.41301653 | F7: =(D7-C7)/E7 -> 97.5 | I7: =E7*50/C7 -> 0.015384615
A9: 2 | B9: =B7+7 -> 43142 | C9: =D7+G7-H7 -> 1382.5728 | D9: =C9+(C9*0.03) -> 1424.05 | E9: =C9/3250 -> 0.42540703 | F9: =(D9-C9)/E9 -> 97.5 | I9: =E9*50/C9 -> 0.015384615
B10: =B9+7 -> 43149 | C10: =D9+G9-H9 -> 1424.05 | D10: =C10+(C10*0.03) -> 1466.7715 | E10: =C10/3250 -> 0.43816924 | F10: =(D10-C10)/E10 -> 97.5 | I10: =E10*50/C10 -> 0.015384615
B11: =B10+7 -> 43156 | C11: =D10+G10-H10 -> 1466.7715 | D11: =C11+(C11*0.03) -> 1510.7747 | E11: =C11/3250 -> 0.45131431 | F11: =(D11-C11)/E11 -> 97.5 | I11: =E11*50/C11 -> 0.015384615
B12: =B11+7 -> 43163 | C12: =D11+G11-H11 -> 1510.7747 | D12: =C12+(C12*0.03) -> 1556.0979 | E12: =C12/3250 -> 0.46485374 | F12: =(D12-C12)/E12 -> 97.5 | I12: =E12*50/C12 -> 0.015384615
A14: 3 | B14: =B12+7 -> 43170 | C14: =D12+G12-H12 -> 1556.0979 | D14: =C14+(C14*0.03) -> 1602.7808 | E14: =C14/3250 -> 0.47879936 | F14: =(D14-C14)/E14 -> 97.5 | I14: =E14*50/C14 -> 0.015384615
B15: =B14+7 -> 43177 | C15: =D14+G14-H14 -> 1602.7808 | D15: =C15+(C15*0.03) -> 1650.8643 | E15: =C15/3250 -> 0.49316334 | F15: =(D15-C15)/E15 -> 97.5 | I15: =E15*50/C15 -> 0.015384615
B16: =B15+7 -> 43184 | C16: =D15+G15-H15 -> 1650.8643 | D16: =C16+(C16*0.03) -> 1700.3902 | E16: =C16/3250 -> 0.50795824 | F16: =(D16-C16)/E16 -> 97.5 | I16: =E16*50/C16 -> 0.015384615
B17: =B16+7 -> 43191 | C17: =D16+G16-H16 -> 1700.3902 | D17: =C17+(C17*0.03) -> 1751.4019 | E17: =C17/3250 -> 0.52319698 | F17: =(D17-C17)/E17 -> 97.5 | H17: =(D17-C4)*0.3 -> 75.420571 | I17: =E17*50/C17 -> 0.015384615 | K17: Alligator Fund Management gives or takes 30% of losses or winnings
A19: 4 | B19: =B17+7 -> 43198 | C19: =D17+G17-H17 -> 1675.9813 | D19: =C19+(C19*0.03) -> 1726.2608 | E19: =C19/3250 -> 0.51568656 | F19: =(D19-C19)/E19 -> 97.5 | I19: =E19*50/C19 -> 0.015384615
B20: =B19+7 -> 43205 | C20: =D19+G19-H19 -> 1726.2608 | D20: =C20+(C20*0.03) -> 1778.0486 | E20: =C20/3250 -> 0.53115716 | F20: =(D20-C20)/E20 -> 97.5 | I20: =E20*50/C20 -> 0.015384615
B21: =B20+7 -> 43212 | C21: =D20+G20-H20 -> 1778.0486 | D21: =C21+(C21*0.03) -> 1831.3901 | E21: =C21/3250 -> 0.54709188 | F21: =(D21-C21)/E21 -> 97.5 | I21: =E21*50/C21 -> 0.015384615
B22: =B21+7 -> 43219 | C22: =D21+G21-H21 -> 1831.3901 | D22: =C22+(C22*0.03) -> 1886.3318 | E22: =C22/3250 -> 0.56350463 | F22: =(D22-C22)/E22 -> 97.5 | I22: =E22*50/C22 -> 0.015384615
A24: 5 | B24: =B22+7 -> 43226 | C24: =D22+G22-H22 -> 1886.3318 | D24: =C24+(C24*0.03) -> 1942.9217 | E24: =C24/3250 -> 0.58040977 | F24: =(D24-C24)/E24 -> 97.5 | I24: =E24*50/C24 -> 0.015384615
B25: =B24+7 -> 43233 | C25: =D24+G24-H24 -> 1942.9217 | D25: =C25+(C25*0.03) -> 2001.2094 | E25: =C25/3250 -> 0.59782206 | F25: =(D25-C25)/E25 -> 97.5 | I25: =E25*50/C25 -> 0.015384615
B26: =B25+7 -> 43240 | C26: =D25+G25-H25 -> 2001.2094 | D26: =C26+(C26*0.03) -> 2061.2456 | E26: =C26/3250 -> 0.61575673 | F26: =(D26-C26)/E26 -> 97.5 | I26: =E26*50/C26 -> 0.015384615
B27: =B26+7 -> 43247 | C27: =D26+G26-H26 -> 2061.2456 | D27: =C27+(C27*0.03) -> 2123.083 | E27: =C27/3250 -> 0.63422943 | F27: =(D27-C27)/E27 -> 97.5 | I27: =E27*50/C27 -> 0.015384615
A29: 6 | B29: =B27+7 -> 43254 | C29: =D27+G27-H27 -> 2123.083 | D29: =C29+(C29*0.03) -> 2186.7755 | E29: =C29/3250 -> 0.65325631 | F29: =(D29-C29)/E29 -> 97.5 | I29: =E29*50/C29 -> 0.015384615
B30: =B29+7 -> 43261 | C30: =D29+G29-H29 -> 2186.7755 | D30: =C30+(C30*0.03) -> 2252.3788 | E30: =C30/3250 -> 0.672854 | F30: =(D30-C30)/E30 -> 97.5 | I30: =E30*50/C30 -> 0.015384615
B31: =B30+7 -> 43268 | C31: =D30+G30-H30 -> 2252.3788 | D31: =C31+(C31*0.03) -> 2319.9501 | E31: =C31/3250 -> 0.69303962 | F31: =(D31-C31)/E31 -> 97.5 | I31: =E31*50/C31 -> 0.015384615
B32: =B31+7 -> 43275 | C32: =D31+G31-H31 -> 2319.9501 | D32: =C32+(C32*0.03) -> 2389.5486 | E32: =C32/3250 -> 0.71383081 | F32: =(D32-C32)/E32 -> 97.5 | H32: =(D32-C19)*0.35 -> 249.74855 | I32: =E32*50/C32 -> 0.015384615 | K32: Alligator Fund Management gives or takes 35% of losses or winnings
A34: 7 | B34: =B32+7 -> 43282 | C34: =D32+G32-H32 -> 2139.8001 | D34: =C34+(C34*0.03) -> 2203.9941 | E34: =C34/3250 -> 0.65840002 | F34: =(D34-C34)/E34 -> 97.5 | I34: =E34*50/C34 -> 0.015384615
B35: =B34+7 -> 43289 | C35: =D34+G34-H34 -> 2203.9941 | D35: =C35+(C35*0.03) -> 2270.1139 | E35: =C35/3250 -> 0.67815202 | F35: =(D35-C35)/E35 -> 97.5 | I35: =E35*50/C35 -> 0.015384615
B36: =B35+7 -> 43296 | C36: =D35+G35-H35 -> 2270.1139 | D36: =C36+(C36*0.03) -> 2338.2173 | E36: =C36/3250 -> 0.69849659 | F36: =(D36-C36)/E36 -> 97.5 | I36: =E36*50/C36 -> 0.015384615
B37: =B36+7 -> 43303 | C37: =D36+G36-H36 -> 2338.2173 | D37: =C37+(C37*0.03) -> 2408.3638 | E37: =C37/3250 -> 0.71945148 | F37: =(D37-C37)/E37 -> 97.5 | I37: =E37*50/C37 -> 0.015384615
A39: 8 | B39: =B37+7 -> 43310 | C39: =D37+G37-H37 -> 2408.3638 | D39: =C39+(C39*0.03) -> 2480.6148 | E39: =C39/3250 -> 0.74103503 | F39: =(D39-C39)/E39 -> 97.5 | I39: =E39*50/C39 -> 0.015384615
B40: =B39+7 -> 43317 | C40: =D39+G39-H39 -> 2480.6148 | D40: =C40+(C40*0.03) -> 2555.0332 | E40: =C40/3250 -> 0.76326608 | F40: =(D40-C40)/E40 -> 97.5 | I40: =E40*50/C40 -> 0.015384615
B41: =B40+7 -> 43324 | C41: =D40+G40-H40 -> 2555.0332 | D41: =C41+(C41*0.03) -> 2631.6842 | E41: =C41/3250 -> 0.78616406 | F41: =(D41-C41)/E41 -> 97.5 | I41: =E41*50/C41 -> 0.015384615
B42: =B41+7 -> 43331 | C42: =D41+G41-H41 -> 2631.6842 | D42: =C42+(C42*0.03) -> 2710.6347 | E42: =C42/3250 -> 0.80974898 | F42: =(D42-C42)/E42 -> 97.5 | I42: =E42*50/C42 -> 0.015384615
A44: 9 | B44: =B42+7 -> 43338 | C44: =D42+G42-H42 -> 2710.6347 | D44: =C44+(C44*0.03) -> 2791.9538 | E44: =C44/3250 -> 0.83404145 | F44: =(D44-C44)/E44 -> 97.5 | I44: =E44*50/C44 -> 0.015384615
B45: =B44+7 -> 43345 | C45: =D44+G44-H44 -> 2791.9538 | D45: =C45+(C45*0.03) -> 2875.7124 | E45: =C45/3250 -> 0.8590627 | F45: =(D45-C45)/E45 -> 97.5 | I45: =E45*50/C45 -> 0.015384615
B46: =B45+7 -> 43352 | C46: =D45+G45-H45 -> 2875.7124 | D46: =C46+(C46*0.03) -> 2961.9837 | E46: =C46/3250 -> 0.88483458 | F46: =(D46-C46)/E46 -> 97.5 | I46: =E46*50/C46 -> 0.015384615
B47: =B46+7 -> 43359 | C47: =D46+G46-H46 -> 2961.9837 | D47: =C47+(C47*0.03) -> 3050.8433 | E47: =C47/3250 -> 0.91137961 | F47: =(D47-C47)/E47 -> 97.5 | H47: =(D47-C34)*0.35 -> 318.86511 | I47: =E47*50/C47 -> 0.015384615 | K47: Alligator Fund Management gives or takes 35% of losses or winnings
A49: 10 | B49: =B47+7 -> 43366 | C49: =D47+G47-H47 -> 2731.9781 | D49: =C49+(C49*0.03) -> 2813.9375 | E49: =C49/3250 -> 0.84060866 | F49: =(D49-C49)/E49 -> 97.5 | I49: =E49*50/C49 -> 0.015384615
B50: =B49+7 -> 43373 | C50: =D49+G49-H49 -> 2813.9375 | D50: =C50+(C50*0.03) -> 2898.3556 | E50: =C50/3250 -> 0.86582692 | F50: =(D50-C50)/E50 -> 97.5 | I50: =E50*50/C50 -> 0.015384615
B51: =B50+7 -> 43380 | C51: =D50+G50-H50 -> 2898.3556 | D51: =C51+(C51*0.03) -> 2985.3063 | E51: =C51/3250 -> 0.89180173 | F51: =(D51-C51)/E51 -> 97.5 | I51: =E51*50/C51 -> 0.015384615
B52: =B51+7 -> 43387 | C52: =D51+G51-H51 -> 2985.3063 | D52: =C52+(C52*0.03) -> 3074.8655 | E52: =C52/3250 -> 0.91855578 | F52: =(D52-C52)/E52 -> 97.5 | I52: =E52*50/C52 -> 0.015384615
A54: 11 | B54: =B52+7 -> 43394 | C54: =D52+G52-H52 -> 3074.8655 | D54: =C54+(C54*0.03) -> 3167.1114 | E54: =C54/3250 -> 0.94611245 | F54: =(D54-C54)/E54 -> 97.5 | I54: =E54*50/C54 -> 0.015384615
B55: =B54+7 -> 43401 | C55: =D54+G54-H54 -> 3167.1114 | D55: =C55+(C55*0.03) -> 3262.1248 | E55: =C55/3250 -> 0.97449583 | F55: =(D55-C55)/E55 -> 97.5 | I55: =E55*50/C55 -> 0.015384615
B56: =B55+7 -> 43408 | C56: =D55+G55-H55 -> 3262.1248 | D56: =C56+(C56*0.03) -> 3359.9885 | E56: =C56/3250 -> 1.0037307 | F56: =(D56-C56)/E56 -> 97.5 | I56: =E56*50/C56 -> 0.015384615
B57: =B56+7 -> 43415 | C57: =D56+G56-H56 -> 3359.9885 | D57: =C57+(C57*0.03) -> 3460.7882 | E57: =C57/3250 -> 1.0338426 | F57: =(D57-C57)/E57 -> 97.5 | I57: =E57*50/C57 -> 0.015384615
A59: 12 | B59: =B57+7 -> 43422 | C59: =D57+G57-H57 -> 3460.7882 | D59: =C59+(C59*0.03) -> 3564.6118 | E59: =C59/3250 -> 1.0648579 | F59: =(D59-C59)/E59 -> 97.5 | I59: =E59*50/C59 -> 0.015384615
B60: =B59+7 -> 43429 | C60: =D59+G59-H59 -> 3564.6118 | D60: =C60+(C60*0.03) -> 3671.5502 | E60: =C60/3250 -> 1.0968036 | F60: =(D60-C60)/E60 -> 97.5 | I60: =E60*50/C60 -> 0.015384615
B61: =B60+7 -> 43436 | C61: =D60+G60-H60 -> 3671.5502 | D61: =C61+(C61*0.03) -> 3781.6967 | E61: =C61/3250 -> 1.1297077 | F61: =(D61-C61)/E61 -> 97.5 | I61: =E61*50/C61 -> 0.015384615
B62: =B61+7 -> 43443 | C62: =D61+G61-H61 -> 3781.6967 | D62: =C62+(C62*0.03) -> 3895.1476 | E62: =C62/3250 -> 1.163599 | F62: =(D62-C62)/E62 -> 97.5 | H62: =(D62-C49)*0.35 -> 407.1093 | I62: =E62*50/C62 -> 0.015384615 | K62: Alligator Fund Management gives or takes 35% of losses or winnings
A64: 13 | B64: =B62+7 -> 43450 | C64: =D62+G62-H62 -> 3488.0383 | D64: =C64+(C64*0.03) -> 3592.6794 | E64: =C64/3250 -> 1.0732425 | F64: =(D64-C64)/E64 -> 97.5 | I64: =E64*50/C64 -> 0.015384615
B65: =B64+7 -> 43457 | C65: =D64+G64-H64 -> 3592.6794 | D65: =C65+(C65*0.03) -> 3700.4598 | E65: =C65/3250 -> 1.1054398 | F65: =(D65-C65)/E65 -> 97.5 | I65: =E65*50/C65 -> 0.015384615
B66: =B65+7 -> 43464 | C66: =D65+G65-H65 -> 3700.4598 | D66: =C66+(C66*0.03) -> 3811.4736 | E66: =C66/3250 -> 1.138603 | F66: =(D66-C66)/E66 -> 97.5 | I66: =E66*50/C66 -> 0.015384615
B67: =B66+7 -> 43471 | C67: =D66+G66-H66 -> 3811.4736 | D67: =C67+(C67*0.03) -> 3925.8178 | E67: =C67/3250 -> 1.1727611 | F67: =(D67-C67)/E67 -> 97.5 | I67: =E67*50/C67 -> 0.015384615
A69: 14 | B69: =B67+7 -> 43478 | C69: =D67+G67-H67 -> 3925.8178 | D69: =C69+(C69*0.03) -> 4043.5923 | E69: =C69/3250 -> 1.2079439 | F69: =(D69-C69)/E69 -> 97.5 | I69: =E69*50/C69 -> 0.015384615
B70: =B69+7 -> 43485 | C70: =D69+G69-H69 -> 4043.5923 | D70: =C70+(C70*0.03) -> 4164.9001 | E70: =C70/3250 -> 1.2441823 | F70: =(D70-C70)/E70 -> 97.5 | I70: =E70*50/C70 -> 0.015384615
B71: =B70+7 -> 43492 | C71: =D70+G70-H70 -> 4164.9001 | D71: =C71+(C71*0.03) -> 4289.8471 | E71: =C71/3250 -> 1.2815077 | F71: =(D71-C71)/E71 -> 97.5 | I71: =E71*50/C71 -> 0.015384615
B72: =B71+7 -> 43499 | C72: =D71+G71-H71 -> 4289.8471 | D72: =C72+(C72*0.03) -> 4418.5425 | E72: =C72/3250 -> 1.319953 | F72: =(D72-C72)/E72 -> 97.5 | I72: =E72*50/C72 -> 0.015384615
A74: 15 | B74: =B72+7 -> 43506 | C74: =D72+G72-H72 -> 4418.5425 | D74: =C74+(C74*0.03) -> 4551.0988 | E74: =C74/3250 -> 1.3595515 | F74: =(D74-C74)/E74 -> 97.5 | I74: =E74*50/C74 -> 0.015384615
B75: =B74+7 -> 43513 | C75: =D74+G74-H74 -> 4551.0988 | D75: =C75+(C75*0.03) -> 4687.6318 | E75: =C75/3250 -> 1.4003381 | F75: =(D75-C75)/E75 -> 97.5 | I75: =E75*50/C75 -> 0.015384615
B76: =B75+7 -> 43520 | C76: =D75+G75-H75 -> 4687.6318 | D76: =C76+(C76*0.03) -> 4828.2607 | E76: =C76/3250 -> 1.4423482 | F76: =(D76-C76)/E76 -> 97.5 | I76: =E76*50/C76 -> 0.015384615
B77: =B76+7 -> 43527 | C77: =D76+G76-H76 -> 4828.2607 | D77: =C77+(C77*0.03) -> 4973.1085 | E77: =C77/3250 -> 1.4856187 | F77: =(D77-C77)/E77 -> 97.5 | H77: =(D77-C64)*0.35 -> 519.77459 | I77: =E77*50/C77 -> 0.015384615 | K77: Alligator Fund Management gives or takes 35% of losses or winnings
A79: 16 | B79: =B77+7 -> 43534 | C79: =D77+G77-H77 -> 4453.334 | D79: =C79+(C79*0.03) -> 4586.934 | E79: =C79/3250 -> 1.3702566 | F79: =(D79-C79)/E79 -> 97.5 | I79: =E79*50/C79 -> 0.015384615
B80: =B79+7 -> 43541 | C80: =D79+G79-H79 -> 4586.934 | D80: =C80+(C80*0.03) -> 4724.542 | E80: =C80/3250 -> 1.4113643 | F80: =(D80-C80)/E80 -> 97.5 | I80: =E80*50/C80 -> 0.015384615
B81: =B80+7 -> 43548 | C81: =D80+G80-H80 -> 4724.542 | D81: =C81+(C81*0.03) -> 4866.2783 | E81: =C81/3250 -> 1.4537052 | F81: =(D81-C81)/E81 -> 97.5 | I81: =E81*50/C81 -> 0.015384615
B82: =B81+7 -> 43555 | C82: =D81+G81-H81 -> 4866.2783 | D82: =C82+(C82*0.03) -> 5012.2666 | E82: =C82/3250 -> 1.4973164 | F82: =(D82-C82)/E82 -> 97.5 | I82: =E82*50/C82 -> 0.015384615
A84: 17 | B84: =B82+7 -> 43562 | C84: =D82+G82-H82 -> 5012.2666 | D84: =C84+(C84*0.03) -> 5162.6346 | E84: =C84/3250 -> 1.5422359 | F84: =(D84-C84)/E84 -> 97.5 | I84: =E84*50/C84 -> 0.015384615
B85: =B84+7 -> 43569 | C85: =D84+G84-H84 -> 5162.6346 | D85: =C85+(C85*0.03) -> 5317.5136 | E85: =C85/3250 -> 1.588503 | F85: =(D85-C85)/E85 -> 97.5 | I85: =E85*50/C85 -> 0.015384615
B86: =B85+7 -> 43576 | C86: =D85+G85-H85 -> 5317.5136 | D86: =C86+(C86*0.03) -> 5477.039 | E86: =C86/3250 -> 1.636158 | F86: =(D86-C86)/E86 -> 97.5 | I86: =E86*50/C86 -> 0.015384615
B87: =B86+7 -> 43583 | C87: =D86+G86-H86 -> 5477.039 | D87: =C87+(C87*0.03) -> 5641.3502 | E87: =C87/3250 -> 1.6852428 | F87: =(D87-C87)/E87 -> 97.5 | I87: =E87*50/C87 -> 0.015384615
A89: 18 | B89: =B87+7 -> 43590 | C89: =D87+G87-H87 -> 5641.3502 | D89: =C89+(C89*0.03) -> 5810.5907 | E89: =C89/3250 -> 1.7358001 | F89: =(D89-C89)/E89 -> 97.5 | I89: =E89*50/C89 -> 0.015384615
B90: =B89+7 -> 43597 | C90: =D89+G89-H89 -> 5810.5907 | D90: =C90+(C90*0.03) -> 5984.9084 | E90: =C90/3250 -> 1.7878741 | F90: =(D90-C90)/E90 -> 97.5 | I90: =E90*50/C90 -> 0.015384615
B91: =B90+7 -> 43604 | C91: =D90+G90-H90 -> 5984.9084 | D91: =C91+(C91*0.03) -> 6164.4557 | E91: =C91/3250 -> 1.8415103 | F91: =(D91-C91)/E91 -> 97.5 | I91: =E91*50/C91 -> 0.015384615
B92: =B91+7 -> 43611 | C92: =D91+G91-H91 -> 6164.4557 | D92: =C92+(C92*0.03) -> 6349.3894 | E92: =C92/3250 -> 1.8967556 | F92: =(D92-C92)/E92 -> 97.5 | H92: =(D92-C79)*0.35 -> 663.61939 | I92: =E92*50/C92 -> 0.015384615 | K92: Alligator Fund Management gives or takes 35% of losses or winnings
A94: 19 | B94: =B92+7 -> 43618 | C94: =D92+G92-H92 -> 5685.77 | D94: =C94+(C94*0.03) -> 5856.3431 | E94: =C94/3250 -> 1.7494677 | F94: =(D94-C94)/E94 -> 97.5 | I94: =E94*50/C94 -> 0.015384615
B95: =B94+7 -> 43625 | C95: =D94+G94-H94 -> 5856.3431 | D95: =C95+(C95*0.03) -> 6032.0334 | E95: =C95/3250 -> 1.8019517 | F95: =(D95-C95)/E95 -> 97.5 | I95: =E95*50/C95 -> 0.015384615
B96: =B95+7 -> 43632 | C96: =D95+G95-H95 -> 6032.0334 | D96: =C96+(C96*0.03) -> 6212.9944 | E96: =C96/3250 -> 1.8560103 | F96: =(D96-C96)/E96 -> 97.5 | I96: =E96*50/C96 -> 0.015384615
B97: =B96+7 -> 43639 | C97: =D96+G96-H96 -> 6212.9944 | D97: =C97+(C97*0.03) -> 6399.3842 | E97: =C97/3250 -> 1.9116906 | F97: =(D97-C97)/E97 -> 97.5 | I97: =E97*50/C97 -> 0.015384615
A99: 20 | B99: =B97+7 -> 43646 | C99: =D97+G97-H97 -> 6399.3842 | D99: =C99+(C99*0.03) -> 6591.3657 | E99: =C99/3250 -> 1.9690413 | F99: =(D99-C99)/E99 -> 97.5 | I99: =E99*50/C99 -> 0.015384615
B100: =B99+7 -> 43653 | C100: =D99+G99-H99 -> 6591.3657 | D100: =C100+(C100*0.03) -> 6789.1067 | E100: =C100/3250 -> 2.0281125 | F100: =(D100-C100)/E100 -> 97.5 | I100: =E100*50/C100 -> 0.015384615
B101: =B100+7 -> 43660 | C101: =D100+G100-H100 -> 6789.1067 | D101: =C101+(C101*0.03) -> 6992.7799 | E101: =C101/3250 -> 2.0889559 | F101: =(D101-C101)/E101 -> 97.5 | I101: =E101*50/C101 -> 0.015384615
B102: =B101+7 -> 43667 | C102: =D101+G101-H101 -> 6992.7799 | D102: =C102+(C102*0.03) -> 7202.5633 | E102: =C102/3250 -> 2.1516246 | F102: =(D102-C102)/E102 -> 97.5 | I102: =E102*50/C102 -> 0.015384615
A104: 21 | B104: =B102+7 -> 43674 | C104: =D102+G102-H102 -> 7202.5633 | D104: =C104+(C104*0.03) -> 7418.6402 | E104: =C104/3250 -> 2.2161733 | F104: =(D104-C104)/E104 -> 97.5 | I104: =E104*50/C104 -> 0.015384615
B105: =B104+7 -> 43681 | C105: =D104+G104-H104 -> 7418.6402 | D105: =C105+(C105*0.03) -> 7641.1994 | E105: =C105/3250 -> 2.2826585 | F105: =(D105-C105)/E105 -> 97.5 | I105: =E105*50/C105 -> 0.015384615
B106: =B105+7 -> 43688 | C106: =D105+G105-H105 -> 7641.1994 | D106: =C106+(C106*0.03) -> 7870.4354 | E106: =C106/3250 -> 2.3511383 | F106: =(D106-C106)/E106 -> 97.5 | I106: =E106*50/C106 -> 0.015384615
B107: =B106+7 -> 43695 | C107: =D106+G106-H106 -> 7870.4354 | D107: =C107+(C107*0.03) -> 8106.5484 | E107: =C107/3250 -> 2.4216724 | F107: =(D107-C107)/E107 -> 97.5 | H107: =(D107-C94)*0.35 -> 847.27246 | I107: =E107*50/C107 -> 0.015384615 | K107: Alligator Fund Management gives or takes 35% of losses or winnings
A109: 22 | B109: =B107+7 -> 43702 | C109: =D107+G107-H107 -> 7259.276 | D109: =C109+(C109*0.03) -> 7477.0543 | E109: =C109/3250 -> 2.2336234 | F109: =(D109-C109)/E109 -> 97.5 | I109: =E109*50/C109 -> 0.015384615
B110: =B109+7 -> 43709 | C110: =D109+G109-H109 -> 7477.0543 | D110: =C110+(C110*0.03) -> 7701.3659 | E110: =C110/3250 -> 2.3006321 | F110: =(D110-C110)/E110 -> 97.5 | I110: =E110*50/C110 -> 0.015384615
B111: =B110+7 -> 43716 | C111: =D110+G110-H110 -> 7701.3659 | D111: =C111+(C111*0.03) -> 7932.4069 | E111: =C111/3250 -> 2.369651 | F111: =(D111-C111)/E111 -> 97.5 | I111: =E111*50/C111 -> 0.015384615
B112: =B111+7 -> 43723 | C112: =D111+G111-H111 -> 7932.4069 | D112: =C112+(C112*0.03) -> 8170.3791 | E112: =C112/3250 -> 2.4407406 | F112: =(D112-C112)/E112 -> 97.5 | I112: =E112*50/C112 -> 0.015384615
A114: 23 | B114: =B112+7 -> 43730 | C114: =D112+G112-H112 -> 8170.3791 | D114: =C114+(C114*0.03) -> 8415.4904 | E114: =C114/3250 -> 2.5139628 | F114: =(D114-C114)/E114 -> 97.5 | I114: =E114*50/C114 -> 0.015384615
B115: =B114+7 -> 43737 | C115: =D114+G114-H114 -> 8415.4904 | D115: =C115+(C115*0.03) -> 8667.9552 | E115: =C115/3250 -> 2.5893817 | F115: =(D115-C115)/E115 -> 97.5 | I115: =E115*50/C115 -> 0.015384615
B116: =B115+7 -> 43744 | C116: =D115+G115-H115 -> 8667.9552 | D116: =C116+(C116*0.03) -> 8927.9938 | E116: =C116/3250 -> 2.6670631 | F116: =(D116-C116)/E116 -> 97.5 | I116: =E116*50/C116 -> 0.015384615
B117: =B116+7 -> 43751 | C117: =D116+G116-H116 -> 8927.9938 | D117: =C117+(C117*0.03) -> 9195.8336 | E117: =C117/3250 -> 2.747075 | F117: =(D117-C117)/E117 -> 97.5 | I117: =E117*50/C117 -> 0.015384615
A119: 24 | B119: =B117+7 -> 43758 | C119: =D117+G117-H117 -> 9195.8336 | D119: =C119+(C119*0.03) -> 9471.7086 | E119: =C119/3250 -> 2.8294873 | F119: =(D119-C119)/E119 -> 97.5 | I119: =E119*50/C119 -> 0.015384615
B120: =B119+7 -> 43765 | C120: =D119+G119-H119 -> 9471.7086 | D120: =C120+(C120*0.03) -> 9755.8599 | E120: =C120/3250 -> 2.9143719 | F120: =(D120-C120)/E120 -> 97.5 | I120: =E120*50/C120 -> 0.015384615
B121: =B120+7 -> 43772 | C121: =D120+G120-H120 -> 9755.8599 | D121: =C121+(C121*0.03) -> 10048.536 | E121: =C121/3250 -> 3.001803 | F121: =(D121-C121)/E121 -> 97.5 | I121: =E121*50/C121 -> 0.015384615
B122: =B121+7 -> 43779 | C122: =D121+G121-H121 -> 10048.536 | D122: =C122+(C122*0.03) -> 10349.992 | E122: =C122/3250 -> 3.0918571 | F122: =(D122-C122)/E122 -> 97.5 | H122: =(D122-C109)*0.35 -> 1081.7505 | I122: =E122*50/C122 -> 0.015384615 | K122: Alligator Fund Management gives or takes 35% of losses or winnings
A124: 25 | B124: =B122+7 -> 43786 | C124: =D122+G122-H122 -> 9268.2412 | D124: =C124+(C124*0.03) -> 9546.2885 | E124: =C124/3250 -> 2.8517665 | F124: =(D124-C124)/E124 -> 97.5 | I124: =E124*50/C124 -> 0.015384615
B125: =B124+7 -> 43793 | C125: =D124+G124-H124 -> 9546.2885 | D125: =C125+(C125*0.03) -> 9832.6771 | E125: =C125/3250 -> 2.9373195 | F125: =(D125-C125)/E125 -> 97.5 | I125: =E125*50/C125 -> 0.015384615
...

Sheet SharonN_Perfomance
A2: Month | B2: Week | C2: Account | D2: Projected Return | E2: £ | F2: No | G2: Account | H2: Account | I2: MAX Risk | J2: Actual
B3: Commencing | C3: Equity | D3: Equity | E3: Per Pip | F3: Of Pips | G3: Top UP | H3: W/drawal | I3: % Per Trade | J3: % ROI
A4: 1 | B4: 43044 | C4: 500 | D4: =C4+(C4*-0.0353) -> 482.35 | E4: =C4/3000 -> 0.16666667 | F4: =(D4-C4)/E4 -> -105.9 | I4: =E4*50/C4 -> 0.016666667 | J4: =(D4-C4)/C4 -> -0.0353
B5: =B4+7 -> 43051 | C5: =D4+G4-H4 -> 482.35 | D5: =C5+(C5*-0.1562) -> 407.00693 | E5: =C5/3000 -> 0.16078333 | F5: =(D5-C5)/E5 -> -468.6 | I5: =E5*50/C5 -> 0.016666667 | J5: =(D5-C4)/C4 -> -0.18598614
B6: =B5+7 -> 43058 | C6: =D5+G5-H5 -> 407.00693 | D6: =C6+(C6*0.081) -> 439.97449 | E6: =C6/2500 -> 0.16280277 | F6: =(D6-C6)/E6 -> 202.5 | I6: =E6*50/C6 -> 0.02 | J6: =(D6-C4)/C4 -> -0.12005102
B7: =B6+7 -> 43065 | C7: =D6+G6-H6 -> 439.97449 | D7: =C7+(C7*-0.0343) -> 424.88337 | E7: =C7/2500 -> 0.1759898 | F7: =(D7-C7)/E7 -> -85.75 | I7: =E7*50/C7 -> 0.02 | J7: =(D7-C4)/C4 -> -0.15023327
A9: 2 | B9: =B7+7 -> 43072 | C9: =D7+G7-H7 -> 424.88337 | D9: =C9+(C9*0.10018) -> 467.44818 | E9: =C9/3250 -> 0.13073334 | F9: =(D9-C9)/E9 -> 325.585 | I9: =E9*50/C9 -> 0.015384615 | J9: =(D9-C4)/C4 -> -0.065103636
B10: =B9+7 -> 43079 | C10: =D9+G9-H9 -> 467.44818 | D10: =C10+(C10*0.0214) -> 477.45157 | E10: =C10/3250 -> 0.14383021 | F10: =(D10-C10)/E10 -> 69.55 | I10: =E10*50/C10 -> 0.015384615 | J10: =(D10-C4)/C4 -> -0.045096854
B11: =B10+7 -> 43086 | C11: =D10+G10-H10 -> 477.45157 | D11: =C11+(C11*0.0087) -> 481.6054 | E11: =C11/3250 -> 0.14690818 | F11: =(D11-C11)/E11 -> 28.275 | I11: =E11*50/C11 -> 0.015384615 | J11: =(D11-C4)/C4 -> -0.036789197
B12: =B11+7 -> 43093 | C12: =D11+G11-H11 -> 481.6054 | D12: =C12+(C12*0) -> 481.6054 | E12: =C12/3250 -> 0.14818628 | F12: =(D12-C12)/E12 -> 0 | I12: =E12*50/C12 -> 0.015384615 | J12: =(D12-C4)/C4 -> -0.036789197
A14: 3 | B14: =B12+7 -> 43100 | C14: =D12+G12-H12 -> 481.6054 | D14: =C14+(C14*0) -> 481.6054 | E14: =C14/3250 -> 0.14818628 | F14: =(D14-C14)/E14 -> 0 | I14: =E14*50/C14 -> 0.015384615 | J14: =(D14-C4)/C4 -> -0.036789197
B15: =B14+7 -> 43107 | C15: =D14+G14-H14 -> 481.6054 | D15: =C15+(C15*-0.0579) -> 453.72045 | E15: =C15/3250 -> 0.14818628 | F15: =(D15-C15)/E15 -> -188.175 | I15: =E15*50/C15 -> 0.015384615 | J15: =(D15-C4)/C4 -> -0.092559102
B16: =B15+7 -> 43114 | C16: =D15+G15-H15 -> 453.72045 | D16: =C16+(C16*-0.1565) -> 382.7132 | E16: =C16/3250 -> 0.13960629 | F16: =(D16-C16)/E16 -> -508.625 | I16: =E16*50/C16 -> 0.015384615 | J16: =(D16-C4)/C4 -> -0.2345736
B17: =B16+7 -> 43121 | C17: =D16+G16-H16 -> 382.7132 | D17: =C17+(C17*0.03) -> 394.19459 | E17: =C17/3250 -> 0.11775791 | F17: =(D17-C17)/E17 -> 97.5 | H17: =(D17-C4)*0.3 -> -31.741622 | I17: =E17*50/C17 -> 0.015384615 | K17: Alligator Fund Management gives or takes 30% of losses or winnings
A19: 4 | B19: =B17+7 -> 43128 | C19: =D17+G17-H17 -> 425.93622 | D19: =C19+(C19*0.03) -> 438.7143 | E19: =C19/3250 -> 0.1310573 | F19: =(D19-C19)/E19 -> 97.5 | I19: =E19*50/C19 -> 0.015384615
B20: =B19+7 -> 43135 | C20: =D19+G19-H19 -> 438.7143 | D20: =C20+(C20*0.03) -> 451.87573 | E20: =C20/3250 -> 0.13498902 | F20: =(D20-C20)/E20 -> 97.5 | I20: =E20*50/C20 -> 0.015384615
B21: =B20+7 -> 43142 | C21: =D20+G20-H20 -> 451.87573 | D21: =C21+(C21*0.03) -> 465.432 | E21: =C21/3250 -> 0.13903869 | F21: =(D21-C21)/E21 -> 97.5 | I21: =E21*50/C21 -> 0.015384615
B22: =B21+7 -> 43149 | C22: =D21+G21-H21 -> 465.432 | D22: =C22+(C22*0.03) -> 479.39496 | E22: =C22/3250 -> 0.14320985 | F22: =(D22-C22)/E22 -> 97.5 | I22: =E22*50/C22 -> 0.015384615
A24: 5 | B24: =B22+7 -> 43156 | C24: =D22+G22-H22 -> 479.39496 | D24: =C24+(C24*0.03) -> 493.77681 | E24: =C24/3250 -> 0.14750614 | F24: =(D24-C24)/E24 -> 97.5 | I24: =E24*50/C24 -> 0.015384615
B25: =B24+7 -> 43163 | C25: =D24+G24-H24 -> 493.77681 | D25: =C25+(C25*0.03) -> 508.59012 | E25: =C25/3250 -> 0.15193133 | F25: =(D25-C25)/E25 -> 97.5 | I25: =E25*50/C25 -> 0.015384615
B26: =B25+7 -> 43170 | C26: =D25+G25-H25 -> 508.59012 | D26: =C26+(C26*0.03) -> 523.84782 | E26: =C26/3250 -> 0.15648927 | F26: =(D26-C26)/E26 -> 97.5 | I26: =E26*50/C26 -> 0.015384615
B27: =B26+7 -> 43177 | C27: =D26+G26-H26 -> 523.84782 | D27: =C27+(C27*0.03) -> 539.56326 | E27: =C27/3250 -> 0.16118394 | F27: =(D27-C27)/E27 -> 97.5 | I27: =E27*50/C27 -> 0.015384615
A29: 6 | B29: =B27+7 -> 43184 | C29: =D27+G27-H27 -> 539.56326 | D29: =C29+(C29*0.03) -> 555.75015 | E29: =C29/3250 -> 0.16601946 | F29: =(D29-C29)/E29 -> 97.5 | I29: =E29*50/C29 -> 0.015384615
B30: =B29+7 -> 43191 | C30: =D29+G29-H29 -> 555.75015 | D30: =C30+(C30*0.03) -> 572.42266 | E30: =C30/3250 -> 0.17100005 | F30: =(D30-C30)/E30 -> 97.5 | I30: =E30*50/C30 -> 0.015384615
B31: =B30+7 -> 43198 | C31: =D30+G30-H30 -> 572.42266 | D31: =C31+(C31*0.03) -> 589.59534 | E31: =C31/3250 -> 0.17613005 | F31: =(D31-C31)/E31 -> 97.5 | I31: =E31*50/C31 -> 0.015384615
B32: =B31+7 -> 43205 | C32: =D31+G31-H31 -> 589.59534 | D32: =C32+(C32*0.03) -> 607.2832 | E32: =C32/3250 -> 0.18141395 | F32: =(D32-C32)/E32 -> 97.5 | H32: =(D32-C19)*0.35 -> 63.471443 | I32: =E32*50/C32 -> 0.015384615 | K32: Alligator Fund Management gives or takes 35% of losses or winnings
A34: 7 | B34: =B32+7 -> 43212 | C34: =D32+G32-H32 -> 543.81175 | D34: =C34+(C34*0.03) -> 560.12611 | E34: =C34/3250 -> 0.16732669 | F34: =(D34-C34)/E34 -> 97.5 | I34: =E34*50/C34 -> 0.015384615
B35: =B34+7 -> 43219 | C35: =D34+G34-H34 -> 560.12611 | D35: =C35+(C35*0.03) -> 576.92989 | E35: =C35/3250 -> 0.17234649 | F35: =(D35-C35)/E35 -> 97.5 | I35: =E35*50/C35 -> 0.015384615
B36: =B35+7 -> 43226 | C36: =D35+G35-H35 -> 576.92989 | D36: =C36+(C36*0.03) -> 594.23779 | E36: =C36/3250 -> 0.17751689 | F36: =(D36-C36)/E36 -> 97.5 | I36: =E36*50/C36 -> 0.015384615
B37: =B36+7 -> 43233 | C37: =D36+G36-H36 -> 594.23779 | D37: =C37+(C37*0.03) -> 612.06492 | E37: =C37/3250 -> 0.1828424 | F37: =(D37-C37)/E37 -> 97.5 | I37: =E37*50/C37 -> 0.015384615
A39: 8 | B39: =B37+7 -> 43240 | C39: =D37+G37-H37 -> 612.06492 | D39: =C39+(C39*0.03) -> 630.42687 | E39: =C39/3250 -> 0.18832767 | F39: =(D39-C39)/E39 -> 97.5 | I39: =E39*50/C39 -> 0.015384615
B40: =B39+7 -> 43247 | C40: =D39+G39-H39 -> 630.42687 | D40: =C40+(C40*0.03) -> 649.33967 | E40: =C40/3250 -> 0.1939775 | F40: =(D40-C40)/E40 -> 97.5 | I40: =E40*50/C40 -> 0.015384615
B41: =B40+7 -> 43254 | C41: =D40+G40-H40 -> 649.33967 | D41: =C41+(C41*0.03) -> 668.81986 | E41: =C41/3250 -> 0.19979682 | F41: =(D41-C41)/E41 -> 97.5 | I41: =E41*50/C41 -> 0.015384615
B42: =B41+7 -> 43261 | C42: =D41+G41-H41 -> 668.81986 | D42: =C42+(C42*0.03) -> 688.88446 | E42: =C42/3250 -> 0.20579073 | F42: =(D42-C42)/E42 -> 97.5 | I42: =E42*50/C42 -> 0.015384615
A44: 9 | B44: =B42+7 -> 43268 | C44: =D42+G42-H42 -> 688.88446 | D44: =C44+(C44*0.03) -> 709.55099 | E44: =C44/3250 -> 0.21196445 | F44: =(D44-C44)/E44 -> 97.5 | I44: =E44*50/C44 -> 0.015384615
B45: =B44+7 -> 43275 | C45: =D44+G44-H44 -> 709.55099 | D45: =C45+(C45*0.03) -> 730.83752 | E45: =C45/3250 -> 0.21832338 | F45: =(D45-C45)/E45 -> 97.5 | I45: =E45*50/C45 -> 0.015384615
B46: =B45+7 -> 43282 | C46: =D45+G45-H45 -> 730.83752 | D46: =C46+(C46*0.03) -> 752.76265 | E46: =C46/3250 -> 0.22487308 | F46: =(D46-C46)/E46 -> 97.5 | I46: =E46*50/C46 -> 0.015384615
B47: =B46+7 -> 43289 | C47: =D46+G46-H46 -> 752.76265 | D47: =C47+(C47*0.03) -> 775.34553 | E47: =C47/3250 -> 0.23161928 | F47: =(D47-C47)/E47 -> 97.5 | H47: =(D47-C34)*0.35 -> 81.036821 | I47: =E47*50/C47 -> 0.015384615 | K47: Alligator Fund Management gives or takes 35% of losses or winnings
A49: 10 | B49: =B47+7 -> 43296 | C49: =D47+G47-H47 -> 694.30871 | D49: =C49+(C49*0.03) -> 715.13797 | E49: =C49/3250 -> 0.21363345 | F49: =(D49-C49)/E49 -> 97.5 | I49: =E49*50/C49 -> 0.015384615
B50: =B49+7 -> 43303 | C50: =D49+G49-H49 -> 715.13797 | D50: =C50+(C50*0.03) -> 736.59211 | E50: =C50/3250 -> 0.22004245 | F50: =(D50-C50)/E50 -> 97.5 | I50: =E50*50/C50 -> 0.015384615
B51: =B50+7 -> 43310 | C51: =D50+G50-H50 -> 736.59211 | D51: =C51+(C51*0.03) -> 758.68987 | E51: =C51/3250 -> 0.22664373 | F51: =(D51-C51)/E51 -> 97.5 | I51: =E51*50/C51 -> 0.015384615
B52: =B51+7 -> 43317 | C52: =D51+G51-H51 -> 758.68987 | D52: =C52+(C52*0.03) -> 781.45057 | E52: =C52/3250 -> 0.23344304 | F52: =(D52-C52)/E52 -> 97.5 | I52: =E52*50/C52 -> 0.015384615
A54: 11 | B54: =B52+7 -> 43324 | C54: =D52+G52-H52 -> 781.45057 | D54: =C54+(C54*0.03) -> 804.89408 | E54: =C54/3250 -> 0.24044633 | F54: =(D54-C54)/E54 -> 97.5 | I54: =E54*50/C54 -> 0.015384615
B55: =B54+7 -> 43331 | C55: =D54+G54-H54 -> 804.89408 | D55: =C55+(C55*0.03) -> 829.04091 | E55: =C55/3250 -> 0.24765972 | F55: =(D55-C55)/E55 -> 97.5 | I55: =E55*50/C55 -> 0.015384615
B56: =B55+7 -> 43338 | C56: =D55+G55-H55 -> 829.04091 | D56: =C56+(C56*0.03) -> 853.91213 | E56: =C56/3250 -> 0.25508951 | F56: =(D56-C56)/E56 -> 97.5 | I56: =E56*50/C56 -> 0.015384615
B57: =B56+7 -> 43345 | C57: =D56+G56-H56 -> 853.91213 | D57: =C57+(C57*0.03) -> 879.5295 | E57: =C57/3250 -> 0.2627422 | F57: =(D57-C57)/E57 -> 97.5 | I57: =E57*50/C57 -> 0.015384615
A59: 12 | B59: =B57+7 -> 43352 | C59: =D57+G57-H57 -> 879.5295 | D59: =C59+(C59*0.03) -> 905.91538 | E59: =C59/3250 -> 0.27062446 | F59: =(D59-C59)/E59 -> 97.5 | I59: =E59*50/C59 -> 0.015384615
B60: =B59+7 -> 43359 | C60: =D59+G59-H59 -> 905.91538 | D60: =C60+(C60*0.03) -> 933.09284 | E60: =C60/3250 -> 0.27874319 | F60: =(D60-C60)/E60 -> 97.5 | I60: =E60*50/C60 -> 0.015384615
B61: =B60+7 -> 43366 | C61: =D60+G60-H60 -> 933.09284 | D61: =C61+(C61*0.03) -> 961.08563 | E61: =C61/3250 -> 0.28710549 | F61: =(D61-C61)/E61 -> 97.5 | I61: =E61*50/C61 -> 0.015384615
B62: =B61+7 -> 43373 | C62: =D61+G61-H61 -> 961.08563 | D62: =C62+(C62*0.03) -> 989.9182 | E62: =C62/3250 -> 0.29571866 | F62: =(D62-C62)/E62 -> 97.5 | H62: =(D62-C49)*0.35 -> 103.46332 | I62: =E62*50/C62 -> 0.015384615 | K62: Alligator Fund Management gives or takes 35% of losses or winnings
A64: 13 | B64: =B62+7 -> 43380 | C64: =D62+G62-H62 -> 886.45488 | D64: =C64+(C64*0.03) -> 913.04852 | E64: =C64/3250 -> 0.27275535 | F64: =(D64-C64)/E64 -> 97.5 | I64: =E64*50/C64 -> 0.015384615
B65: =B64+7 -> 43387 | C65: =D64+G64-H64 -> 913.04852 | D65: =C65+(C65*0.03) -> 940.43998 | E65: =C65/3250 -> 0.28093801 | F65: =(D65-C65)/E65 -> 97.5 | I65: =E65*50/C65 -> 0.015384615
B66: =B65+7 -> 43394 | C66: =D65+G65-H65 -> 940.43998 | D66: =C66+(C66*0.03) -> 968.65318 | E66: =C66/3250 -> 0.28936615 | F66: =(D66-C66)/E66 -> 97.5 | I66: =E66*50/C66 -> 0.015384615
B67: =B66+7 -> 43401 | C67: =D66+G66-H66 -> 968.65318 | D67: =C67+(C67*0.03) -> 997.71277 | E67: =C67/3250 -> 0.29804713 | F67: =(D67-C67)/E67 -> 97.5 | I67: =E67*50/C67 -> 0.015384615
A69: 14 | B69: =B67+7 -> 43408 | C69: =D67+G67-H67 -> 997.71277 | D69: =C69+(C69*0.03) -> 1027.6442 | E69: =C69/3250 -> 0.30698855 | F69: =(D69-C69)/E69 -> 97.5 | I69: =E69*50/C69 -> 0.015384615
B70: =B69+7 -> 43415 | C70: =D69+G69-H69 -> 1027.6442 | D70: =C70+(C70*0.03) -> 1058.4735 | E70: =C70/3250 -> 0.3161982 | F70: =(D70-C70)/E70 -> 97.5 | I70: =E70*50/C70 -> 0.015384615
B71: =B70+7 -> 43422 | C71: =D70+G70-H70 -> 1058.4735 | D71: =C71+(C71*0.03) -> 1090.2277 | E71: =C71/3250 -> 0.32568415 | F71: =(D71-C71)/E71 -> 97.5 | I71: =E71*50/C71 -> 0.015384615
B72: =B71+7 -> 43429 | C72: =D71+G71-H71 -> 1090.2277 | D72: =C72+(C72*0.03) -> 1122.9345 | E72: =C72/3250 -> 0.33545467 | F72: =(D72-C72)/E72 -> 97.5 | I72: =E72*50/C72 -> 0.015384615
A74: 15 | B74: =B72+7 -> 43436 | C74: =D72+G72-H72 -> 1122.9345 | D74: =C74+(C74*0.03) -> 1156.6226 | E74: =C74/3250 -> 0.34551831 | F74: =(D74-C74)/E74 -> 97.5 | I74: =E74*50/C74 -> 0.015384615
B75: =B74+7 -> 43443 | C75: =D74+G74-H74 -> 1156.6226 | D75: =C75+(C75*0.03) -> 1191.3212 | E75: =C75/3250 -> 0.35588386 | F75: =(D75-C75)/E75 -> 97.5 | I75: =E75*50/C75 -> 0.015384615
B76: =B75+7 -> 43450 | C76: =D75+G75-H75 -> 1191.3212 | D76: =C76+(C76*0.03) -> 1227.0609 | E76: =C76/3250 -> 0.36656038 | F76: =(D76-C76)/E76 -> 97.5 | I76: =E76*50/C76 -> 0.015384615
B77: =B76+7 -> 43457 | C77: =D76+G76-H76 -> 1227.0609 | D77: =C77+(C77*0.03) -> 1263.8727 | E77: =C77/3250 -> 0.37755719 | F77: =(D77-C77)/E77 -> 97.5 | H77: =(D77-C64)*0.35 -> 132.09624 | I77: =E77*50/C77 -> 0.015384615 | K77: Alligator Fund Management gives or takes 35% of losses or winnings
A79: 16 | B79: =B77+7 -> 43464 | C79: =D77+G77-H77 -> 1131.7765 | D79: =C79+(C79*0.03) -> 1165.7297 | E79: =C79/3250 -> 0.34823891 | F79: =(D79-C79)/E79 -> 97.5 | I79: =E79*50/C79 -> 0.015384615
B80: =B79+7 -> 43471 | C80: =D79+G79-H79 -> 1165.7297 | D80: =C80+(C80*0.03) -> 1200.7016 | E80: =C80/3250 -> 0.35868608 | F80: =(D80-C80)/E80 -> 97.5 | I80: =E80*50/C80 -> 0.015384615
B81: =B80+7 -> 43478 | C81: =D80+G80-H80 -> 1200.7016 | D81: =C81+(C81*0.03) -> 1236.7227 | E81: =C81/3250 -> 0.36944666 | F81: =(D81-C81)/E81 -> 97.5 | I81: =E81*50/C81 -> 0.015384615
B82: =B81+7 -> 43485 | C82: =D81+G81-H81 -> 1236.7227 | D82: =C82+(C82*0.03) -> 1273.8244 | E82: =C82/3250 -> 0.38053006 | F82: =(D82-C82)/E82 -> 97.5 | I82: =E82*50/C82 -> 0.015384615
A84: 17 | B84: =B82+7 -> 43492 | C84: =D82+G82-H82 -> 1273.8244 | D84: =C84+(C84*0.03) -> 1312.0391 | E84: =C84/3250 -> 0.39194596 | F84: =(D84-C84)/E84 -> 97.5 | I84: =E84*50/C84 -> 0.015384615
B85: =B84+7 -> 43499 | C85: =D84+G84-H84 -> 1312.0391 | D85: =C85+(C85*0.03) -> 1351.4003 | E85: =C85/3250 -> 0.40370434 | F85: =(D85-C85)/E85 -> 97.5 | I85: =E85*50/C85 -> 0.015384615
B86: =B85+7 -> 43506 | C86: =D85+G85-H85 -> 1351.4003 | D86: =C86+(C86*0.03) -> 1391.9423 | E86: =C86/3250 -> 0.41581547 | F86: =(D86-C86)/E86 -> 97.5 | I86: =E86*50/C86 -> 0.015384615
B87: =B86+7 -> 43513 | C87: =D86+G86-H86 -> 1391.9423 | D87: =C87+(C87*0.03) -> 1433.7006 | E87: =C87/3250 -> 0.42828993 | F87: =(D87-C87)/E87 -> 97.5 | I87: =E87*50/C87 -> 0.015384615
A89: 18 | B89: =B87+7 -> 43520 | C89: =D87+G87-H87 -> 1433.7006 | D89: =C89+(C89*0.03) -> 1476.7116 | E89: =C89/3250 -> 0.44113863 | F89: =(D89-C89)/E89 -> 97.5 | I89: =E89*50/C89 -> 0.015384615
B90: =B89+7 -> 43527 | C90: =D89+G89-H89 -> 1476.7116 | D90: =C90+(C90*0.03) -> 1521.0129 | E90: =C90/3250 -> 0.45437279 | F90: =(D90-C90)/E90 -> 97.5 | I90: =E90*50/C90 -> 0.015384615
B91: =B90+7 -> 43534 | C91: =D90+G90-H90 -> 1521.0129 | D91: =C91+(C91*0.03) -> 1566.6433 | E91: =C91/3250 -> 0.46800397 | F91: =(D91-C91)/E91 -> 97.5 | I91: =E91*50/C91 -> 0.015384615
B92: =B91+7 -> 43541 | C92: =D91+G91-H91 -> 1566.6433 | D92: =C92+(C92*0.03) -> 1613.6426 | E92: =C92/3250 -> 0.48204409 | F92: =(D92-C92)/E92 -> 97.5 | H92: =(D92-C79)*0.35 -> 168.65315 | I92: =E92*50/C92 -> 0.015384615 | K92: Alligator Fund Management gives or takes 35% of losses or winnings
A94: 19 | B94: =B92+7 -> 43548 | C94: =D92+G92-H92 -> 1444.9895 | D94: =C94+(C94*0.03) -> 1488.3391 | E94: =C94/3250 -> 0.44461214 | F94: =(D94-C94)/E94 -> 97.5 | I94: =E94*50/C94 -> 0.015384615
B95: =B94+7 -> 43555 | C95: =D94+G94-H94 -> 1488.3391 | D95: =C95+(C95*0.03) -> 1532.9893 | E95: =C95/3250 -> 0.4579505 | F95: =(D95-C95)/E95 -> 97.5 | I95: =E95*50/C95 -> 0.015384615
B96: =B95+7 -> 43562 | C96: =D95+G95-H95 -> 1532.9893 | D96: =C96+(C96*0.03) -> 1578.979 | E96: =C96/3250 -> 0.47168902 | F96: =(D96-C96)/E96 -> 97.5 | I96: =E96*50/C96 -> 0.015384615
B97: =B96+7 -> 43569 | C97: =D96+G96-H96 -> 1578.979 | D97: =C97+(C97*0.03) -> 1626.3484 | E97: =C97/3250 -> 0.48583969 | F97: =(D97-C97)/E97 -> 97.5 | I97: =E97*50/C97 -> 0.015384615
A99: 20 | B99: =B97+7 -> 43576 | C99: =D97+G97-H97 -> 1626.3484 | D99: =C99+(C99*0.03) -> 1675.1388 | E99: =C99/3250 -> 0.50041488 | F99: =(D99-C99)/E99 -> 97.5 | I99: =E99*50/C99 -> 0.015384615
B100: =B99+7 -> 43583 | C100: =D99+G99-H99 -> 1675.1388 | D100: =C100+(C100*0.03) -> 1725.393 | E100: =C100/3250 -> 0.51542733 | F100: =(D100-C100)/E100 -> 97.5 | I100: =E100*50/C100 -> 0.015384615
B101: =B100+7 -> 43590 | C101: =D100+G100-H100 -> 1725.393 | D101: =C101+(C101*0.03) -> 1777.1548 | E101: =C101/3250 -> 0.53089015 | F101: =(D101-C101)/E101 -> 97.5 | I101: =E101*50/C101 -> 0.015384615
B102: =B101+7 -> 43597 | C102: =D101+G101-H101 -> 1777.1548 | D102: =C102+(C102*0.03) -> 1830.4694 | E102: =C102/3250 -> 0.54681685 | F102: =(D102-C102)/E102 -> 97.5 | I102: =E102*50/C102 -> 0.015384615
A104: 21 | B104: =B102+7 -> 43604 | C104: =D102+G102-H102 -> 1830.4694 | D104: =C104+(C104*0.03) -> 1885.3835 | E104: =C104/3250 -> 0.56322136 | F104: =(D104-C104)/E104 -> 97.5 | I104: =E104*50/C104 -> 0.015384615
B105: =B104+7 -> 43611 | C105: =D104+G104-H104 -> 1885.3835 | D105: =C105+(C105*0.03) -> 1941.945 | E105: =C105/3250 -> 0.580118 | F105: =(D105-C105)/E105 -> 97.5 | I105: =E105*50/C105 -> 0.015384615
B106: =B105+7 -> 43618 | C106: =D105+G105-H105 -> 1941.945 | D106: =C106+(C106*0.03) -> 2000.2033 | E106: =C106/3250 -> 0.59752154 | F106: =(D106-C106)/E106 -> 97.5 | I106: =E106*50/C106 -> 0.015384615
B107: =B106+7 -> 43625 | C107: =D106+G106-H106 -> 2000.2033 | D107: =C107+(C107*0.03) -> 2060.2094 | E107: =C107/3250 -> 0.61544718 | F107: =(D107-C107)/E107 -> 97.5 | H107: =(D107-C94)*0.35 -> 215.327 | I107: =E107*50/C107 -> 0.015384615 | K107: Alligator Fund Management gives or takes 35% of losses or winnings
A109: 22 | B109: =B107+7 -> 43632 | C109: =D107+G107-H107 -> 1844.8824 | D109: =C109+(C109*0.03) -> 1900.2289 | E109: =C109/3250 -> 0.56765614 | F109: =(D109-C109)/E109 -> 97.5 | I109: =E109*50/C109 -> 0.015384615
B110: =B109+7 -> 43639 | C110: =D109+G109-H109 -> 1900.2289 | D110: =C110+(C110*0.03) -> 1957.2358 | E110: =C110/3250 -> 0.58468582 | F110: =(D110-C110)/E110 -> 97.5 | I110: =E110*50/C110 -> 0.015384615
B111: =B110+7 -> 43646 | C111: =D110+G110-H110 -> 1957.2358 | D111: =C111+(C111*0.03) -> 2015.9529 | E111: =C111/3250 -> 0.6022264 | F111: =(D111-C111)/E111 -> 97.5 | I111: =E111*50/C111 -> 0.015384615
B112: =B111+7 -> 43653 | C112: =D111+G111-H111 -> 2015.9529 | D112: =C112+(C112*0.03) -> 2076.4314 | E112: =C112/3250 -> 0.62029319 | F112: =(D112-C112)/E112 -> 97.5 | I112: =E112*50/C112 -> 0.015384615
A114: 23 | B114: =B112+7 -> 43660 | C114: =D112+G112-H112 -> 2076.4314 | D114: =C114+(C114*0.03) -> 2138.7244 | E114: =C114/3250 -> 0.63890198 | F114: =(D114-C114)/E114 -> 97.5 | I114: =E114*50/C114 -> 0.015384615
B115: =B114+7 -> 43667 | C115: =D114+G114-H114 -> 2138.7244 | D115: =C115+(C115*0.03) -> 2202.8861 | E115: =C115/3250 -> 0.65806904 | F115: =(D115-C115)/E115 -> 97.5 | I115: =E115*50/C115 -> 0.015384615
B116: =B115+7 -> 43674 | C116: =D115+G115-H115 -> 2202.8861 | D116: =C116+(C116*0.03) -> 2268.9727 | E116: =C116/3250 -> 0.67781111 | F116: =(D116-C116)/E116 -> 97.5 | I116: =E116*50/C116 -> 0.015384615
B117: =B116+7 -> 43681 | C117: =D116+G116-H116 -> 2268.9727 | D117: =C117+(C117*0.03) -> 2337.0419 | E117: =C117/3250 -> 0.69814545 | F117: =(D117-C117)/E117 -> 97.5 | I117: =E117*50/C117 -> 0.015384615
A119: 24 | B119: =B117+7 -> 43688 | C119: =D117+G117-H117 -> 2337.0419 | D119: =C119+(C119*0.03) -> 2407.1531 | E119: =C119/3250 -> 0.71908981 | F119: =(D119-C119)/E119 -> 97.5 | I119: =E119*50/C119 -> 0.015384615
B120: =B119+7 -> 43695 | C120: =D119+G119-H119 -> 2407.1531 | D120: =C120+(C120*0.03) -> 2479.3677 | E120: =C120/3250 -> 0.74066251 | F120: =(D120-C120)/E120 -> 97.5 | I120: =E120*50/C120 -> 0.015384615
B121: =B120+7 -> 43702 | C121: =D120+G120-H120 -> 2479.3677 | D121: =C121+(C121*0.03) -> 2553.7488 | E121: =C121/3250 -> 0.76288238 | F121: =(D121-C121)/E121 -> 97.5 | I121: =E121*50/C121 -> 0.015384615
B122: =B121+7 -> 43709 | C122: =D121+G121-H121 -> 2553.7488 | D122: =C122+(C122*0.03) -> 2630.3612 | E122: =C122/3250 -> 0.78576885 | F122: =(D122-C122)/E122 -> 97.5 | H122: =(D122-C109)*0.35 -> 274.91758 | I122: =E122*50/C122 -> 0.015384615 | K122: Alligator Fund Management gives or takes 35% of losses or winnings
A124: 25 | B124: =B122+7 -> 43716 | C124: =D122+G122-H122 -> 2355.4437 | D124: =C124+(C124*0.03) -> 2426.107 | E124: =C124/3250 -> 0.72475189 | F124: =(D124-C124)/E124 -> 97.5 | I124: =E124*50/C124 -> 0.015384615
B125: =B124+7 -> 43723 | C125: =D124+G124-H124 -> 2426.107 | D125: =C125+(C125*0.03) -> 2498.8902 | E125: =C125/3250 -> 0.74649445 | F125: =(D125-C125)/E125 -> 97.5 | I125: =E125*50/C125 -> 0.015384615
...

Sheet RichS_Perfomance
A2: Month | B2: Week | C2: Account | D2: Projected Return | E2: £ | F2: No | G2: Account | H2: Account | I2: MAX Risk | J2: Actual
B3: Commencing | C3: Equity | D3: Equity | E3: Per Pip | F3: Of Pips | G3: Top UP | H3: W/drawal | I3: % Per Trade | J3: % ROI
A4: 1 | B4: 42960 | C4: 1000 | D4: =C4+(C4*-0.02) -> 980 | E4: =C4/3250 -> 0.30769231 | F4: =(D4-C4)/E4 -> -65 | I4: =E4*50/C4 -> 0.015384615 | J4: =(D4-C4)/C4 -> -0.02
B5: =B4+7 -> 42967 | C5: =D4+G4-H4 -> 980 | D5: =C5+(C5*0.0596) -> 1038.408 | E5: =C5/3250 -> 0.30153846 | F5: =(D5-C5)/E5 -> 193.7 | I5: =E5*50/C5 -> 0.015384615 | J5: =(D5-C4)/C4 -> 0.038408
B6: =B5+7 -> 42974 | C6: =D5+G5-H5 -> 1038.408 | D6: =C6+(C6*-0.0884) -> 946.61273 | E6: =C6/3250 -> 0.31951015 | F6: =(D6-C6)/E6 -> -287.3 | I6: =E6*50/C6 -> 0.015384615 | J6: =(D6-C4)/C4 -> -0.053387267
B7: =B6+7 -> 42981 | C7: =D6+G6-H6 -> 946.61273 | D7: =C7+(C7*-0.0583) -> 891.42521 | E7: =C7/5500 -> 0.17211141 | F7: =(D7-C7)/E7 -> -320.65 | I7: =E7*50/C7 -> 0.0090909091 | J7: =(D7-C4)/C4 -> -0.10857479
A9: 2 | B9: =B7+7 -> 42988 | C9: =D7+G7-H7 -> 891.42521 | D9: =C9+(C9*0.1119) -> 991.17569 | E9: =C9/5500 -> 0.16207731 | F9: =(D9-C9)/E9 -> 615.45 | I9: =E9*50/C9 -> 0.0090909091 | J9: =(D9-C4)/C4 -> -0.0088243085
B10: =B9+7 -> 42995 | C10: =D9+G9-H9 -> 991.17569 | D10: =C10+(C10*-0.073) -> 918.81987 | E10: =C10/5500 -> 0.18021376 | F10: =(D10-C10)/E10 -> -401.5 | I10: =E10*50/C10 -> 0.0090909091 | J10: =(D10-C4)/C4 -> -0.081180134
B11: =B10+7 -> 43002 | C11: =D10+G10-H10 -> 918.81987 | D11: =C11+(C11*-0.0103) -> 909.35602 | E11: =C11/5500 -> 0.16705816 | F11: =(D11-C11)/E11 -> -56.65 | I11: =E11*50/C11 -> 0.0090909091 | J11: =(D11-C4)/C4 -> -0.090643979
B12: =B11+7 -> 43009 | C12: =D11+G11-H11 -> 909.35602 | D12: =C12+(C12*-0.0544) -> 859.88705 | E12: =C12/5500 -> 0.16533746 | F12: =(D12-C12)/E12 -> -299.2 | I12: =E12*50/C12 -> 0.0090909091 | J12: =(D12-C4)/C4 -> -0.14011295
A14: 3 | B14: =B12+7 -> 43016 | C14: =D12+G12-H12 -> 859.88705 | D14: =C14+(C14*-0.0579) -> 810.09959 | E14: =C14/3000 -> 0.28662902 | F14: =(D14-C14)/E14 -> -173.7 | I14: =E14*50/C14 -> 0.016666667 | J14: =(D14-C4)/C4 -> -0.18990041
B15: =B14+7 -> 43023 | C15: =D14+G14-H14 -> 810.09959 | D15: =C15+(C15*0.0774) -> 872.8013 | E15: =C15/3000 -> 0.2700332 | F15: =(D15-C15)/E15 -> 232.2 | I15: =E15*50/C15 -> 0.016666667 | J15: =(D15-C4)/C4 -> -0.1271987
B16: =B15+7 -> 43030 | C16: =D15+G15-H15 -> 872.8013 | D16: =C16+(C16*0.0717) -> 935.38116 | E16: =C16/3000 -> 0.29093377 | F16: =(D16-C16)/E16 -> 215.1 | I16: =E16*50/C16 -> 0.016666667 | J16: =(D16-C4)/C4 -> -0.064618845
B17: =B16+7 -> 43037 | C17: =D16+G16-H16 -> 935.38116 | D17: =C17+(C17*0.09) -> 1019.5655 | E17: =C17/3000 -> 0.31179372 | F17: =(D17-C17)/E17 -> 270 | H17: =(D17-C4)*0.3 -> 5.8696378 | I17: =E17*50/C17 -> 0.016666667 | J17: =(C19-C4)/C4 -> 0.013695822 | K17: Alligator Fund Management gives or takes 30% of losses or winnings
A19: 4 | B19: =B17+7 -> 43044 | C19: =D17+G17-H17 -> 1013.6958 | D19: =C19+(C19*-0.0353) -> 977.91236 | E19: =C19/3000 -> 0.33789861 | F19: =(D19-C19)/E19 -> -105.9 | I19: =E19*50/C19 -> 0.016666667 | J19: =(D19-C4)/C4 -> -0.022087641
B20: =B19+7 -> 43051 | C20: =D19+G19-H19 -> 977.91236 | D20: =C20+(C20*-0.1562) -> 825.16245 | E20: =C20/3000 -> 0.32597079 | F20: =(D20-C20)/E20 -> -468.6 | I20: =E20*50/C20 -> 0.016666667 | J20: =(D20-C4)/C4 -> -0.17483755
B21: =B20+7 -> 43058 | C21: =D20+G20-H20 -> 825.16245 | D21: =C21+(C21*0.081) -> 892.00061 | E21: =C21/2500 -> 0.33006498 | F21: =(D21-C21)/E21 -> 202.5 | I21: =E21*50/C21 -> 0.02 | J21: =(D21-C4)/C4 -> -0.10799939
B22: =B21+7 -> 43065 | C22: =D21+G21-H21 -> 892.00061 | D22: =C22+(C22*-0.0343) -> 861.40499 | E22: =C22/2500 -> 0.35680024 | F22: =(D22-C22)/E22 -> -85.75 | I22: =E22*50/C22 -> 0.02 | J22: =(D22-C4)/C4 -> -0.13859501
A24: 5 | B24: =B22+7 -> 43072 | C24: =D22+G22-H22 -> 861.40499 | D24: =C24+(C24*0.10018) -> 947.70054 | E24: =C24/3250 -> 0.26504769 | F24: =(D24-C24)/E24 -> 325.585 | I24: =E24*50/C24 -> 0.015384615 | J24: =(D24-C4)/C4 -> -0.052299462
B25: =B24+7 -> 43079 | C25: =D24+G24-H24 -> 947.70054 | D25: =C25+(C25*0.0214) -> 967.98133 | E25: =C25/3250 -> 0.29160017 | F25: =(D25-C25)/E25 -> 69.55 | I25: =E25*50/C25 -> 0.015384615 | J25: =(D25-C4)/C4 -> -0.032018671
B26: =B25+7 -> 43086 | C26: =D25+G25-H25 -> 967.98133 | D26: =C26+(C26*0.0087) -> 976.40277 | E26: =C26/3250 -> 0.29784041 | F26: =(D26-C26)/E26 -> 28.275 | I26: =E26*50/C26 -> 0.015384615 | J26: =(D26-C4)/C4 -> -0.023597233
B27: =B26+7 -> 43093 | C27: =D26+G26-H26 -> 976.40277 | D27: =C27+(C27*0) -> 976.40277 | E27: =C27/3250 -> 0.30043162 | F27: =(D27-C27)/E27 -> 0 | I27: =E27*50/C27 -> 0.015384615 | J27: =(D27-C4)/C4 -> -0.023597233
A29: 6 | B29: =B27+7 -> 43100 | C29: =D27+G27-H27 -> 976.40277 | D29: =C29+(C29*0) -> 976.40277 | E29: =C29/3250 -> 0.30043162 | F29: =(D29-C29)/E29 -> 0 | I29: =E29*50/C29 -> 0.015384615 | J29: =(D29-C4)/C4 -> -0.023597233
B30: =B29+7 -> 43107 | C30: =D29+G29-H29 -> 976.40277 | D30: =C30+(C30*-0.0579) -> 919.86905 | E30: =C30/3250 -> 0.30043162 | F30: =(D30-C30)/E30 -> -188.175 | I30: =E30*50/C30 -> 0.015384615 | J30: =(D30-C5)/C5 -> -0.061358116
B31: =B30+7 -> 43114 | C31: =D30+G30-H30 -> 919.86905 | D31: =C31+(C31*-0.1565) -> 775.90954 | E31: =C31/3250 -> 0.28303663 | F31: =(D31-C31)/E31 -> -508.625 | I31: =E31*50/C31 -> 0.015384615 | J31: =(D31-C4)/C4 -> -0.22409046
B32: =B31+7 -> 43121 | C32: =D31+G31-H31 -> 775.90954 | D32: =C32+(C32*0.03) -> 799.18683 | E32: =C32/3250 -> 0.2387414 | F32: =(D32-C32)/E32 -> 97.5 | H32: =(D32-C19)*0.35 -> -75.078148 | I32: =E32*50/C32 -> 0.015384615 | K32: Alligator Fund Management gives or takes 35% of losses or winnings
A34: 7 | B34: =B32+7 -> 43128 | C34: =D32+G32-H32 -> 874.26498 | D34: =C34+(C34*0.03) -> 900.49292 | E34: =C34/3250 -> 0.26900461 | F34: =(D34-C34)/E34 -> 97.5 | I34: =E34*50/C34 -> 0.015384615
B35: =B34+7 -> 43135 | C35: =D34+G34-H34 -> 900.49292 | D35: =C35+(C35*0.03) -> 927.50771 | E35: =C35/3250 -> 0.27707475 | F35: =(D35-C35)/E35 -> 97.5 | I35: =E35*50/C35 -> 0.015384615
B36: =B35+7 -> 43142 | C36: =D35+G35-H35 -> 927.50771 | D36: =C36+(C36*0.03) -> 955.33294 | E36: =C36/3250 -> 0.28538699 | F36: =(D36-C36)/E36 -> 97.5 | I36: =E36*50/C36 -> 0.015384615
B37: =B36+7 -> 43149 | C37: =D36+G36-H36 -> 955.33294 | D37: =C37+(C37*0.03) -> 983.99293 | E37: =C37/3250 -> 0.2939486 | F37: =(D37-C37)/E37 -> 97.5 | I37: =E37*50/C37 -> 0.015384615
A39: 8 | B39: =B37+7 -> 43156 | C39: =D37+G37-H37 -> 983.99293 | D39: =C39+(C39*0.03) -> 1013.5127 | E39: =C39/3250 -> 0.30276706 | F39: =(D39-C39)/E39 -> 97.5 | I39: =E39*50/C39 -> 0.015384615
B40: =B39+7 -> 43163 | C40: =D39+G39-H39 -> 1013.5127 | D40: =C40+(C40*0.03) -> 1043.9181 | E40: =C40/3250 -> 0.31185007 | F40: =(D40-C40)/E40 -> 97.5 | I40: =E40*50/C40 -> 0.015384615
B41: =B40+7 -> 43170 | C41: =D40+G40-H40 -> 1043.9181 | D41: =C41+(C41*0.03) -> 1075.2356 | E41: =C41/3250 -> 0.32120557 | F41: =(D41-C41)/E41 -> 97.5 | I41: =E41*50/C41 -> 0.015384615
B42: =B41+7 -> 43177 | C42: =D41+G41-H41 -> 1075.2356 | D42: =C42+(C42*0.03) -> 1107.4927 | E42: =C42/3250 -> 0.33084174 | F42: =(D42-C42)/E42 -> 97.5 | I42: =E42*50/C42 -> 0.015384615
A44: 9 | B44: =B42+7 -> 43184 | C44: =D42+G42-H42 -> 1107.4927 | D44: =C44+(C44*0.03) -> 1140.7175 | E44: =C44/3250 -> 0.34076699 | F44: =(D44-C44)/E44 -> 97.5 | I44: =E44*50/C44 -> 0.015384615
B45: =B44+7 -> 43191 | C45: =D44+G44-H44 -> 1140.7175 | D45: =C45+(C45*0.03) -> 1174.939 | E45: =C45/3250 -> 0.35099 | F45: =(D45-C45)/E45 -> 97.5 | I45: =E45*50/C45 -> 0.015384615
B46: =B45+7 -> 43198 | C46: =D45+G45-H45 -> 1174.939 | D46: =C46+(C46*0.03) -> 1210.1872 | E46: =C46/3250 -> 0.3615197 | F46: =(D46-C46)/E46 -> 97.5 | I46: =E46*50/C46 -> 0.015384615
B47: =B46+7 -> 43205 | C47: =D46+G46-H46 -> 1210.1872 | D47: =C47+(C47*0.03) -> 1246.4928 | E47: =C47/3250 -> 0.37236529 | F47: =(D47-C47)/E47 -> 97.5 | H47: =(D47-C34)*0.35 -> 130.27974 | I47: =E47*50/C47 -> 0.015384615 | K47: Alligator Fund Management gives or takes 35% of losses or winnings
A49: 10 | B49: =B47+7 -> 43212 | C49: =D47+G47-H47 -> 1116.2131 | D49: =C49+(C49*0.03) -> 1149.6995 | E49: =C49/3250 -> 0.34345017 | F49: =(D49-C49)/E49 -> 97.5 | I49: =E49*50/C49 -> 0.015384615
B50: =B49+7 -> 43219 | C50: =D49+G49-H49 -> 1149.6995 | D50: =C50+(C50*0.03) -> 1184.1904 | E50: =C50/3250 -> 0.35375368 | F50: =(D50-C50)/E50 -> 97.5 | I50: =E50*50/C50 -> 0.015384615
B51: =B50+7 -> 43226 | C51: =D50+G50-H50 -> 1184.1904 | D51: =C51+(C51*0.03) -> 1219.7162 | E51: =C51/3250 -> 0.36436629 | F51: =(D51-C51)/E51 -> 97.5 | I51: =E51*50/C51 -> 0.015384615
B52: =B51+7 -> 43233 | C52: =D51+G51-H51 -> 1219.7162 | D52: =C52+(C52*0.03) -> 1256.3076 | E52: =C52/3250 -> 0.37529728 | F52: =(D52-C52)/E52 -> 97.5 | I52: =E52*50/C52 -> 0.015384615
A54: 11 | B54: =B52+7 -> 43240 | C54: =D52+G52-H52 -> 1256.3076 | D54: =C54+(C54*0.03) -> 1293.9969 | E54: =C54/3250 -> 0.3865562 | F54: =(D54-C54)/E54 -> 97.5 | I54: =E54*50/C54 -> 0.015384615
B55: =B54+7 -> 43247 | C55: =D54+G54-H54 -> 1293.9969 | D55: =C55+(C55*0.03) -> 1332.8168 | E55: =C55/3250 -> 0.39815288 | F55: =(D55-C55)/E55 -> 97.5 | I55: =E55*50/C55 -> 0.015384615
B56: =B55+7 -> 43254 | C56: =D55+G55-H55 -> 1332.8168 | D56: =C56+(C56*0.03) -> 1372.8013 | E56: =C56/3250 -> 0.41009747 | F56: =(D56-C56)/E56 -> 97.5 | I56: =E56*50/C56 -> 0.015384615
B57: =B56+7 -> 43261 | C57: =D56+G56-H56 -> 1372.8013 | D57: =C57+(C57*0.03) -> 1413.9853 | E57: =C57/3250 -> 0.42240039 | F57: =(D57-C57)/E57 -> 97.5 | I57: =E57*50/C57 -> 0.015384615
A59: 12 | B59: =B57+7 -> 43268 | C59: =D57+G57-H57 -> 1413.9853 | D59: =C59+(C59*0.03) -> 1456.4049 | E59: =C59/3250 -> 0.4350724 | F59: =(D59-C59)/E59 -> 97.5 | I59: =E59*50/C59 -> 0.015384615
B60: =B59+7 -> 43275 | C60: =D59+G59-H59 -> 1456.4049 | D60: =C60+(C60*0.03) -> 1500.097 | E60: =C60/3250 -> 0.44812458 | F60: =(D60-C60)/E60 -> 97.5 | I60: =E60*50/C60 -> 0.015384615
B61: =B60+7 -> 43282 | C61: =D60+G60-H60 -> 1500.097 | D61: =C61+(C61*0.03) -> 1545.0999 | E61: =C61/3250 -> 0.46156831 | F61: =(D61-C61)/E61 -> 97.5 | I61: =E61*50/C61 -> 0.015384615
B62: =B61+7 -> 43289 | C62: =D61+G61-H61 -> 1545.0999 | D62: =C62+(C62*0.03) -> 1591.4529 | E62: =C62/3250 -> 0.47541536 | F62: =(D62-C62)/E62 -> 97.5 | H62: =(D62-C49)*0.35 -> 166.33395 | I62: =E62*50/C62 -> 0.015384615 | K62: Alligator Fund Management gives or takes 35% of losses or winnings
A64: 13 | B64: =B62+7 -> 43296 | C64: =D62+G62-H62 -> 1425.119 | D64: =C64+(C64*0.03) -> 1467.8725 | E64: =C64/3250 -> 0.43849815 | F64: =(D64-C64)/E64 -> 97.5 | I64: =E64*50/C64 -> 0.015384615
B65: =B64+7 -> 43303 | C65: =D64+G64-H64 -> 1467.8725 | D65: =C65+(C65*0.03) -> 1511.9087 | E65: =C65/3250 -> 0.45165309 | F65: =(D65-C65)/E65 -> 97.5 | I65: =E65*50/C65 -> 0.015384615
B66: =B65+7 -> 43310 | C66: =D65+G65-H65 -> 1511.9087 | D66: =C66+(C66*0.03) -> 1557.266 | E66: =C66/3250 -> 0.46520268 | F66: =(D66-C66)/E66 -> 97.5 | I66: =E66*50/C66 -> 0.015384615
B67: =B66+7 -> 43317 | C67: =D66+G66-H66 -> 1557.266 | D67: =C67+(C67*0.03) -> 1603.984 | E67: =C67/3250 -> 0.47915876 | F67: =(D67-C67)/E67 -> 97.5 | I67: =E67*50/C67 -> 0.015384615
A69: 14 | B69: =B67+7 -> 43324 | C69: =D67+G67-H67 -> 1603.984 | D69: =C69+(C69*0.03) -> 1652.1035 | E69: =C69/3250 -> 0.49353353 | F69: =(D69-C69)/E69 -> 97.5 | I69: =E69*50/C69 -> 0.015384615
B70: =B69+7 -> 43331 | C70: =D69+G69-H69 -> 1652.1035 | D70: =C70+(C70*0.03) -> 1701.6666 | E70: =C70/3250 -> 0.50833953 | F70: =(D70-C70)/E70 -> 97.5 | I70: =E70*50/C70 -> 0.015384615
B71: =B70+7 -> 43338 | C71: =D70+G70-H70 -> 1701.6666 | D71: =C71+(C71*0.03) -> 1752.7166 | E71: =C71/3250 -> 0.52358972 | F71: =(D71-C71)/E71 -> 97.5 | I71: =E71*50/C71 -> 0.015384615
B72: =B71+7 -> 43345 | C72: =D71+G71-H71 -> 1752.7166 | D72: =C72+(C72*0.03) -> 1805.2981 | E72: =C72/3250 -> 0.53929741 | F72: =(D72-C72)/E72 -> 97.5 | I72: =E72*50/C72 -> 0.015384615
A74: 15 | B74: =B72+7 -> 43352 | C74: =D72+G72-H72 -> 1805.2981 | D74: =C74+(C74*0.03) -> 1859.457 | E74: =C74/3250 -> 0.55547633 | F74: =(D74-C74)/E74 -> 97.5 | I74: =E74*50/C74 -> 0.015384615
B75: =B74+7 -> 43359 | C75: =D74+G74-H74 -> 1859.457 | D75: =C75+(C75*0.03) -> 1915.2407 | E75: =C75/3250 -> 0.57214062 | F75: =(D75-C75)/E75 -> 97.5 | I75: =E75*50/C75 -> 0.015384615
B76: =B75+7 -> 43366 | C76: =D75+G75-H75 -> 1915.2407 | D76: =C76+(C76*0.03) -> 1972.698 | E76: =C76/3250 -> 0.58930484 | F76: =(D76-C76)/E76 -> 97.5 | I76: =E76*50/C76 -> 0.015384615
B77: =B76+7 -> 43373 | C77: =D76+G76-H76 -> 1972.698 | D77: =C77+(C77*0.03) -> 2031.8789 | E77: =C77/3250 -> 0.60698399 | F77: =(D77-C77)/E77 -> 97.5 | H77: =(D77-C64)*0.35 -> 212.36597 | I77: =E77*50/C77 -> 0.015384615 | K77: Alligator Fund Management gives or takes 35% of losses or winnings
A79: 16 | B79: =B77+7 -> 43380 | C79: =D77+G77-H77 -> 1819.5129 | D79: =C79+(C79*0.03) -> 1874.0983 | E79: =C79/3250 -> 0.55985013 | F79: =(D79-C79)/E79 -> 97.5 | I79: =E79*50/C79 -> 0.015384615
B80: =B79+7 -> 43387 | C80: =D79+G79-H79 -> 1874.0983 | D80: =C80+(C80*0.03) -> 1930.3213 | E80: =C80/3250 -> 0.57664563 | F80: =(D80-C80)/E80 -> 97.5 | I80: =E80*50/C80 -> 0.015384615
B81: =B80+7 -> 43394 | C81: =D80+G80-H80 -> 1930.3213 | D81: =C81+(C81*0.03) -> 1988.2309 | E81: =C81/3250 -> 0.593945 | F81: =(D81-C81)/E81 -> 97.5 | I81: =E81*50/C81 -> 0.015384615
B82: =B81+7 -> 43401 | C82: =D81+G81-H81 -> 1988.2309 | D82: =C82+(C82*0.03) -> 2047.8778 | E82: =C82/3250 -> 0.61176335 | F82: =(D82-C82)/E82 -> 97.5 | I82: =E82*50/C82 -> 0.015384615
A84: 17 | B84: =B82+7 -> 43408 | C84: =D82+G82-H82 -> 2047.8778 | D84: =C84+(C84*0.03) -> 2109.3142 | E84: =C84/3250 -> 0.63011625 | F84: =(D84-C84)/E84 -> 97.5 | I84: =E84*50/C84 -> 0.015384615
B85: =B84+7 -> 43415 | C85: =D84+G84-H84 -> 2109.3142 | D85: =C85+(C85*0.03) -> 2172.5936 | E85: =C85/3250 -> 0.64901974 | F85: =(D85-C85)/E85 -> 97.5 | I85: =E85*50/C85 -> 0.015384615
B86: =B85+7 -> 43422 | C86: =D85+G85-H85 -> 2172.5936 | D86: =C86+(C86*0.03) -> 2237.7714 | E86: =C86/3250 -> 0.66849033 | F86: =(D86-C86)/E86 -> 97.5 | I86: =E86*50/C86 -> 0.015384615
B87: =B86+7 -> 43429 | C87: =D86+G86-H86 -> 2237.7714 | D87: =C87+(C87*0.03) -> 2304.9045 | E87: =C87/3250 -> 0.68854504 | F87: =(D87-C87)/E87 -> 97.5 | I87: =E87*50/C87 -> 0.015384615
A89: 18 | B89: =B87+7 -> 43436 | C89: =D87+G87-H87 -> 2304.9045 | D89: =C89+(C89*0.03) -> 2374.0517 | E89: =C89/3250 -> 0.7092014 | F89: =(D89-C89)/E89 -> 97.5 | I89: =E89*50/C89 -> 0.015384615
B90: =B89+7 -> 43443 | C90: =D89+G89-H89 -> 2374.0517 | D90: =C90+(C90*0.03) -> 2445.2732 | E90: =C90/3250 -> 0.73047744 | F90: =(D90-C90)/E90 -> 97.5 | I90: =E90*50/C90 -> 0.015384615
B91: =B90+7 -> 43450 | C91: =D90+G90-H90 -> 2445.2732 | D91: =C91+(C91*0.03) -> 2518.6314 | E91: =C91/3250 -> 0.75239176 | F91: =(D91-C91)/E91 -> 97.5 | I91: =E91*50/C91 -> 0.015384615
B92: =B91+7 -> 43457 | C92: =D91+G91-H91 -> 2518.6314 | D92: =C92+(C92*0.03) -> 2594.1904 | E92: =C92/3250 -> 0.77496351 | F92: =(D92-C92)/E92 -> 97.5 | H92: =(D92-C79)*0.35 -> 271.1371 | I92: =E92*50/C92 -> 0.015384615 | K92: Alligator Fund Management gives or takes 35% of losses or winnings
A94: 19 | B94: =B92+7 -> 43464 | C94: =D92+G92-H92 -> 2323.0533 | D94: =C94+(C94*0.03) -> 2392.7449 | E94: =C94/3250 -> 0.71478562 | F94: =(D94-C94)/E94 -> 97.5 | I94: =E94*50/C94 -> 0.015384615
B95: =B94+7 -> 43471 | C95: =D94+G94-H94 -> 2392.7449 | D95: =C95+(C95*0.03) -> 2464.5272 | E95: =C95/3250 -> 0.73622919 | F95: =(D95-C95)/E95 -> 97.5 | I95: =E95*50/C95 -> 0.015384615
B96: =B95+7 -> 43478 | C96: =D95+G95-H95 -> 2464.5272 | D96: =C96+(C96*0.03) -> 2538.463 | E96: =C96/3250 -> 0.75831606 | F96: =(D96-C96)/E96 -> 97.5 | I96: =E96*50/C96 -> 0.015384615
B97: =B96+7 -> 43485 | C97: =D96+G96-H96 -> 2538.463 | D97: =C97+(C97*0.03) -> 2614.6169 | E97: =C97/3250 -> 0.78106554 | F97: =(D97-C97)/E97 -> 97.5 | I97: =E97*50/C97 -> 0.015384615
A99: 20 | B99: =B97+7 -> 43492 | C99: =D97+G97-H97 -> 2614.6169 | D99: =C99+(C99*0.03) -> 2693.0554 | E99: =C99/3250 -> 0.80449751 | F99: =(D99-C99)/E99 -> 97.5 | I99: =E99*50/C99 -> 0.015384615
B100: =B99+7 -> 43499 | C100: =D99+G99-H99 -> 2693.0554 | D100: =C100+(C100*0.03) -> 2773.8471 | E100: =C100/3250 -> 0.82863244 | F100: =(D100-C100)/E100 -> 97.5 | I100: =E100*50/C100 -> 0.015384615
B101: =B100+7 -> 43506 | C101: =D100+G100-H100 -> 2773.8471 | D101: =C101+(C101*0.03) -> 2857.0625 | E101: =C101/3250 -> 0.85349141 | F101: =(D101-C101)/E101 -> 97.5 | I101: =E101*50/C101 -> 0.015384615
B102: =B101+7 -> 43513 | C102: =D101+G101-H101 -> 2857.0625 | D102: =C102+(C102*0.03) -> 2942.7744 | E102: =C102/3250 -> 0.87909615 | F102: =(D102-C102)/E102 -> 97.5 | I102: =E102*50/C102 -> 0.015384615
A104: 21 | B104: =B102+7 -> 43520 | C104: =D102+G102-H102 -> 2942.7744 | D104: =C104+(C104*0.03) -> 3031.0576 | E104: =C104/3250 -> 0.90546904 | F104: =(D104-C104)/E104 -> 97.5 | I104: =E104*50/C104 -> 0.015384615
B105: =B104+7 -> 43527 | C105: =D104+G104-H104 -> 3031.0576 | D105: =C105+(C105*0.03) -> 3121.9893 | E105: =C105/3250 -> 0.93263311 | F105: =(D105-C105)/E105 -> 97.5 | I105: =E105*50/C105 -> 0.015384615
B106: =B105+7 -> 43534 | C106: =D105+G105-H105 -> 3121.9893 | D106: =C106+(C106*0.03) -> 3215.649 | E106: =C106/3250 -> 0.9606121 | F106: =(D106-C106)/E106 -> 97.5 | I106: =E106*50/C106 -> 0.015384615
B107: =B106+7 -> 43541 | C107: =D106+G106-H106 -> 3215.649 | D107: =C107+(C107*0.03) -> 3312.1185 | E107: =C107/3250 -> 0.98943046 | F107: =(D107-C107)/E107 -> 97.5 | H107: =(D107-C94)*0.35 -> 346.17283 | I107: =E107*50/C107 -> 0.015384615 | K107: Alligator Fund Management gives or takes 35% of losses or winnings
A109: 22 | B109: =B107+7 -> 43548 | C109: =D107+G107-H107 -> 2965.9456 | D109: =C109+(C109*0.03) -> 3054.924 | E109: =C109/3250 -> 0.91259866 | F109: =(D109-C109)/E109 -> 97.5 | I109: =E109*50/C109 -> 0.015384615
B110: =B109+7 -> 43555 | C110: =D109+G109-H109 -> 3054.924 | D110: =C110+(C110*0.03) -> 3146.5717 | E110: =C110/3250 -> 0.93997662 | F110: =(D110-C110)/E110 -> 97.5 | I110: =E110*50/C110 -> 0.015384615
B111: =B110+7 -> 43562 | C111: =D110+G110-H110 -> 3146.5717 | D111: =C111+(C111*0.03) -> 3240.9689 | E111: =C111/3250 -> 0.96817592 | F111: =(D111-C111)/E111 -> 97.5 | I111: =E111*50/C111 -> 0.015384615
B112: =B111+7 -> 43569 | C112: =D111+G111-H111 -> 3240.9689 | D112: =C112+(C112*0.03) -> 3338.198 | E112: =C112/3250 -> 0.9972212 | F112: =(D112-C112)/E112 -> 97.5 | I112: =E112*50/C112 -> 0.015384615
A114: 23 | B114: =B112+7 -> 43576 | C114: =D112+G112-H112 -> 3338.198 | D114: =C114+(C114*0.03) -> 3438.3439 | E114: =C114/3250 -> 1.0271378 | F114: =(D114-C114)/E114 -> 97.5 | I114: =E114*50/C114 -> 0.015384615
B115: =B114+7 -> 43583 | C115: =D114+G114-H114 -> 3438.3439 | D115: =C115+(C115*0.03) -> 3541.4942 | E115: =C115/3250 -> 1.057952 | F115: =(D115-C115)/E115 -> 97.5 | I115: =E115*50/C115 -> 0.015384615
B116: =B115+7 -> 43590 | C116: =D115+G115-H115 -> 3541.4942 | D116: =C116+(C116*0.03) -> 3647.739 | E116: =C116/3250 -> 1.0896905 | F116: =(D116-C116)/E116 -> 97.5 | I116: =E116*50/C116 -> 0.015384615
B117: =B116+7 -> 43597 | C117: =D116+G116-H116 -> 3647.739 | D117: =C117+(C117*0.03) -> 3757.1712 | E117: =C117/3250 -> 1.1223812 | F117: =(D117-C117)/E117 -> 97.5 | I117: =E117*50/C117 -> 0.015384615
A119: 24 | B119: =B117+7 -> 43604 | C119: =D117+G117-H117 -> 3757.1712 | D119: =C119+(C119*0.03) -> 3869.8863 | E119: =C119/3250 -> 1.1560527 | F119: =(D119-C119)/E119 -> 97.5 | I119: =E119*50/C119 -> 0.015384615
B120: =B119+7 -> 43611 | C120: =D119+G119-H119 -> 3869.8863 | D120: =C120+(C120*0.03) -> 3985.9829 | E120: =C120/3250 -> 1.1907343 | F120: =(D120-C120)/E120 -> 97.5 | I120: =E120*50/C120 -> 0.015384615
B121: =B120+7 -> 43618 | C121: =D120+G120-H120 -> 3985.9829 | D121: =C121+(C121*0.03) -> 4105.5624 | E121: =C121/3250 -> 1.2264563 | F121: =(D121-C121)/E121 -> 97.5 | I121: =E121*50/C121 -> 0.015384615
B122: =B121+7 -> 43625 | C122: =D121+G121-H121 -> 4105.5624 | D122: =C122+(C122*0.03) -> 4228.7293 | E122: =C122/3250 -> 1.26325 | F122: =(D122-C122)/E122 -> 97.5 | H122: =(D122-C109)*0.35 -> 441.97428 | I122: =E122*50/C122 -> 0.015384615 | K122: Alligator Fund Management gives or takes 35% of losses or winnings
A124: 25 | B124: =B122+7 -> 43632 | C124: =D122+G122-H122 -> 3786.755 | D124: =C124+(C124*0.03) -> 3900.3577 | E124: =C124/3250 -> 1.1651554 | F124: =(D124-C124)/E124 -> 97.5 | I124: =E124*50/C124 -> 0.015384615
B125: =B124+7 -> 43639 | C125: =D124+G124-H124 -> 3900.3577 | D125: =C125+(C125*0.03) -> 4017.3684 | E125: =C125/3250 -> 1.2001101 | F125: =(D125-C125)/E125 -> 97.5 | I125: =E125*50/C125 -> 0.015384615
...

Sheet BrianM_Perfomance
A2: Month | B2: Week | C2: Account | D2: Projected Return | E2: £ | F2: No | G2: Account | H2: Account | I2: MAX Risk | J2: Actual
B3: Commencing | C3: Equity | D3: Equity | E3: Per Pip | F3: Of Pips | G3: Top UP | H3: W/drawal | I3: % Per Trade | J3: % ROI
A4: 1 | B4: 42946 | C4: 1492 | D4: =C4+(C4*-0.0045) -> 1485.286 | E4: =C4/3250 -> 0.45907692 | F4: =(D4-C4)/E4 -> -14.625 | I4: =E4*50/C4 -> 0.015384615 | J4: =(D4-C4)/C4 -> -0.0045
B5: =B4+7 -> 42953 | C5: =D4+G4-H4 -> 1485.286 | D5: =C5+(C5*-0.0326) -> 1436.8657 | E5: =C5/3250 -> 0.45701108 | F5: =(D5-C5)/E5 -> -105.95 | I5: =E5*50/C5 -> 0.015384615 | J5: =(D5-C4)/C4 -> -0.0369533
B6: =B5+7 -> 42960 | C6: =D5+G5-H5 -> 1436.8657 | D6: =C6+(C6*-0.02) -> 1408.1284 | E6: =C6/3250 -> 0.44211252 | F6: =(D6-C6)/E6 -> -65 | I6: =E6*50/C6 -> 0.015384615 | J6: =(D6-C4)/C4 -> -0.056214234
B7: =B6+7 -> 42967 | C7: =D6+G6-H6 -> 1408.1284 | D7: =C7+(C7*0.0596) -> 1492.0528 | E7: =C7/3250 -> 0.43327027 | F7: =(D7-C7)/E7 -> 193.7 | I7: =E7*50/C7 -> 0.015384615 | J7: =(D7-C4)/C4 -> 3.5397654e-05
A9: 2 | B9: =B7+7 -> 42974 | C9: =D7+G7-H7 -> 1492.0528 | D9: =C9+(C9*-0.0884) -> 1360.1553 | E9: =C9/3250 -> 0.45909317 | F9: =(D9-C9)/E9 -> -287.3 | I9: =E9*50/C9 -> 0.015384615 | J9: =(D9-C4)/C4 -> -0.088367731
B10: =B9+7 -> 42981 | C10: =D9+G9-H9 -> 1360.1553 | D10: =C10+(C10*-0.0583) -> 1280.8583 | E10: =C10/5500 -> 0.24730097 | F10: =(D10-C10)/E10 -> -320.65 | I10: =E10*50/C10 -> 0.0090909091 | J10: =(D10-C4)/C4 -> -0.14151589
B11: =B10+7 -> 42988 | C11: =D10+G10-H10 -> 1280.8583 | D11: =C11+(C11*0.1119) -> 1424.1863 | E11: =C11/5500 -> 0.23288333 | F11: =(D11-C11)/E11 -> 615.45 | I11: =E11*50/C11 -> 0.0090909091 | J11: =(D11-C4)/C4 -> -0.045451521
B12: =B11+7 -> 42995 | C12: =D11+G11-H11 -> 1424.1863 | D12: =C12+(C12*-0.073) -> 1320.2207 | E12: =C12/5500 -> 0.25894297 | F12: =(D12-C12)/E12 -> -401.5 | I12: =E12*50/C12 -> 0.0090909091 | J12: =(D12-C4)/C4 -> -0.11513356
A14: 3 | B14: =B12+7 -> 43002 | C14: =D12+G12-H12 -> 1320.2207 | D14: =C14+(C14*-0.0103) -> 1306.6225 | E14: =C14/5500 -> 0.24004013 | F14: =(D14-C14)/E14 -> -56.65 | I14: =E14*50/C14 -> 0.0090909091 | J14: =(D14-C4)/C4 -> -0.12424768
B15: =B14+7 -> 43009 | C15: =D14+G14-H14 -> 1306.6225 | D15: =C15+(C15*-0.0544) -> 1235.5422 | E15: =C15/5500 -> 0.23756772 | F15: =(D15-C15)/E15 -> -299.2 | I15: =E15*50/C15 -> 0.0090909091 | J15: =(D15-C4)/C4 -> -0.17188861
B16: =B15+7 -> 43016 | C16: =D15+G15-H15 -> 1235.5422 | D16: =C16+(C16*-0.0579) -> 1164.0043 | E16: =C16/3000 -> 0.4118474 | F16: =(D16-C16)/E16 -> -173.7 | I16: =E16*50/C16 -> 0.016666667 | J16: =(D16-C4)/C4 -> -0.21983626
B17: =B16+7 -> 43023 | C17: =D16+G16-H16 -> 1164.0043 | D17: =C17+(C17*0.0774) -> 1254.0982 | E17: =C17/3000 -> 0.38800143 | F17: =(D17-C17)/E17 -> 232.2 | H17: =(D17-C4)*0.3 -> -71.37053 | I17: =E17*50/C17 -> 0.016666667 | J17: =(C19-C4)/C4 -> -0.11161611 | K17: Alligator Fund Management gives or takes 30% of losses or winnings
A19: 4 | B19: =B17+7 -> 43030 | C19: =D17+G17-H17 -> 1325.4688 | D19: =C19+(C19*0.0717) -> 1420.5049 | E19: =C19/3000 -> 0.44182292 | F19: =(D19-C19)/E19 -> 215.1 | I19: =E19*50/C19 -> 0.016666667 | J19: =(D19-C4)/C4 -> -0.047918986
B20: =B19+7 -> 43037 | C20: =D19+G19-H19 -> 1420.5049 | D20: =C20+(C20*0.09) -> 1548.3503 | E20: =C20/3000 -> 0.47350162 | F20: =(D20-C20)/E20 -> 270 | I20: =E20*50/C20 -> 0.016666667 | J20: =(D20-C4)/C4 -> 0.037768306
B21: =B20+7 -> 43044 | C21: =D20+G20-H20 -> 1548.3503 | D21: =C21+(C21*-0.0353) -> 1493.6935 | E21: =C21/3000 -> 0.51611677 | F21: =(D21-C21)/E21 -> -105.9 | I21: =E21*50/C21 -> 0.016666667 | J21: =(D21-C4)/C4 -> 0.0011350845
B22: =B21+7 -> 43051 | C22: =D21+G21-H21 -> 1493.6935 | D22: =C22+(C22*-0.1562) -> 1260.3786 | E22: =C22/3000 -> 0.49789785 | F22: =(D22-C22)/E22 -> -468.6 | I22: =E22*50/C22 -> 0.016666667 | J22: =(D22-C4)/C4 -> -0.15524222
A24: 5 | B24: =B22+7 -> 43058 | C24: =D22+G22-H22 -> 1260.3786 | D24: =C24+(C24*0.081) -> 1362.4693 | E24: =C24/2500 -> 0.50415145 | F24: =(D24-C24)/E24 -> 202.5 | I24: =E24*50/C24 -> 0.02 | J24: =(D24-C4)/C4 -> -0.086816835
B25: =B24+7 -> 43065 | C25: =D24+G24-H24 -> 1362.4693 | D25: =C25+(C25*-0.0343) -> 1315.7366 | E25: =C25/2500 -> 0.54498771 | F25: =(D25-C25)/E25 -> -85.75 | I25: =E25*50/C25 -> 0.02 | J25: =(D25-C4)/C4 -> -0.11813902
B26: =B25+7 -> 43072 | C26: =D25+G25-H25 -> 1315.7366 | D26: =C26+(C26*0.10018) -> 1447.5471 | E26: =C26/3250 -> 0.40484203 | F26: =(D26-C26)/E26 -> 325.585 | I26: =E26*50/C26 -> 0.015384615 | J26: =(D26-C4)/C4 -> -0.029794184
B27: =B26+7 -> 43079 | C27: =D26+G26-H26 -> 1447.5471 | D27: =C27+(C27*0.0214) -> 1478.5246 | E27: =C27/3250 -> 0.4453991 | F27: =(D27-C27)/E27 -> 69.55 | I27: =E27*50/C27 -> 0.015384615 | J27: =(D27-C4)/C4 -> -0.00903178
A29: 6 | B29: =B27+7 -> 43086 | C29: =D27+G27-H27 -> 1478.5246 | D29: =C29+(C29*0.0087) -> 1491.3877 | E29: =C29/3250 -> 0.45493064 | F29: =(D29-C29)/E29 -> 28.275 | I29: =E29*50/C29 -> 0.015384615 | J29: =(D29-C4)/C4 -> -0.00041035653
B30: =B29+7 -> 43093 | C30: =D29+G29-H29 -> 1491.3877 | D30: =C30+(C30*0) -> 1491.3877 | E30: =C30/3250 -> 0.45888854 | F30: =(D30-C30)/E30 -> 0 | I30: =E30*50/C30 -> 0.015384615 | J30: =(D30-C4)/C4 -> -0.00041035653
B31: =B30+7 -> 43100 | C31: =D30+G30-H30 -> 1491.3877 | D31: =C31+(C31*0) -> 1491.3877 | E31: =C31/3250 -> 0.45888854 | F31: =(D31-C31)/E31 -> 0 | I31: =E31*50/C31 -> 0.015384615 | J31: =(D31-C4)/C4 -> -0.00041035653
B32: =B31+7 -> 43107 | C32: =D31+G31-H31 -> 1491.3877 | D32: =C32+(C32*-0.0579) -> 1405.0364 | E32: =C32/3250 -> 0.45888854 | F32: =(D32-C32)/E32 -> -188.175 | H32: =(D32-C19)*0.35 -> 27.848672 | I32: =E32*50/C32 -> 0.015384615 | J32: =(D32-C4)/C4 -> -0.058286597 | K32: Alligator Fund Management gives or takes 35% of losses or winnings
A34: 7 | B34: =B32+7 -> 43114 | C34: =D32+G32-H32 -> 1377.1877 | D34: =C34+(C34*-0.1565) -> 1161.6578 | E34: =C34/3250 -> 0.42375007 | F34: =(D34-C34)/E34 -> -508.625 | I34: =E34*50/C34 -> 0.015384615 | J34: =(D34-C4)/C4 -> -0.22140895
B35: =B34+7 -> 43121 | C35: =D34+G34-H34 -> 1161.6578 | D35: =C35+(C35*0.03) -> 1196.5076 | E35: =C35/3250 -> 0.35743318 | F35: =(D35-C35)/E35 -> 97.5 | I35: =E35*50/C35 -> 0.015384615
B36: =B35+7 -> 43128 | C36: =D35+G35-H35 -> 1196.5076 | D36: =C36+(C36*0.03) -> 1232.4028 | E36: =C36/3250 -> 0.36815618 | F36: =(D36-C36)/E36 -> 97.5 | I36: =E36*50/C36 -> 0.015384615
B37: =B36+7 -> 43135 | C37: =D36+G36-H36 -> 1232.4028 | D37: =C37+(C37*0.03) -> 1269.3749 | E37: =C37/3250 -> 0.37920086 | F37: =(D37-C37)/E37 -> 97.5 | I37: =E37*50/C37 -> 0.015384615
A39: 8 | B39: =B37+7 -> 43142 | C39: =D37+G37-H37 -> 1269.3749 | D39: =C39+(C39*0.03) -> 1307.4561 | E39: =C39/3250 -> 0.39057689 | F39: =(D39-C39)/E39 -> 97.5 | I39: =E39*50/C39 -> 0.015384615
B40: =B39+7 -> 43149 | C40: =D39+G39-H39 -> 1307.4561 | D40: =C40+(C40*0.03) -> 1346.6798 | E40: =C40/3250 -> 0.4022942 | F40: =(D40-C40)/E40 -> 97.5 | I40: =E40*50/C40 -> 0.015384615
B41: =B40+7 -> 43156 | C41: =D40+G40-H40 -> 1346.6798 | D41: =C41+(C41*0.03) -> 1387.0802 | E41: =C41/3250 -> 0.41436302 | F41: =(D41-C41)/E41 -> 97.5 | I41: =E41*50/C41 -> 0.015384615
B42: =B41+7 -> 43163 | C42: =D41+G41-H41 -> 1387.0802 | D42: =C42+(C42*0.03) -> 1428.6926 | E42: =C42/3250 -> 0.42679391 | F42: =(D42-C42)/E42 -> 97.5 | I42: =E42*50/C42 -> 0.015384615
A44: 9 | B44: =B42+7 -> 43170 | C44: =D42+G42-H42 -> 1428.6926 | D44: =C44+(C44*0.03) -> 1471.5534 | E44: =C44/3250 -> 0.43959773 | F44: =(D44-C44)/E44 -> 97.5 | I44: =E44*50/C44 -> 0.015384615
B45: =B44+7 -> 43177 | C45: =D44+G44-H44 -> 1471.5534 | D45: =C45+(C45*0.03) -> 1515.7 | E45: =C45/3250 -> 0.45278566 | F45: =(D45-C45)/E45 -> 97.5 | I45: =E45*50/C45 -> 0.015384615
B46: =B45+7 -> 43184 | C46: =D45+G45-H45 -> 1515.7 | D46: =C46+(C46*0.03) -> 1561.171 | E46: =C46/3250 -> 0.46636923 | F46: =(D46-C46)/E46 -> 97.5 | I46: =E46*50/C46 -> 0.015384615
B47: =B46+7 -> 43191 | C47: =D46+G46-H46 -> 1561.171 | D47: =C47+(C47*0.03) -> 1608.0061 | E47: =C47/3250 -> 0.48036031 | F47: =(D47-C47)/E47 -> 97.5 | H47: =(D47-C34)*0.35 -> 80.786444 | I47: =E47*50/C47 -> 0.015384615 | K47: Alligator Fund Management gives or takes 35% of losses or winnings
A49: 10 | B49: =B47+7 -> 43198 | C49: =D47+G47-H47 -> 1527.2197 | D49: =C49+(C49*0.03) -> 1573.0363 | E49: =C49/3250 -> 0.46991375 | F49: =(D49-C49)/E49 -> 97.5 | I49: =E49*50/C49 -> 0.015384615
B50: =B49+7 -> 43205 | C50: =D49+G49-H49 -> 1573.0363 | D50: =C50+(C50*0.03) -> 1620.2274 | E50: =C50/3250 -> 0.48401116 | F50: =(D50-C50)/E50 -> 97.5 | I50: =E50*50/C50 -> 0.015384615
B51: =B50+7 -> 43212 | C51: =D50+G50-H50 -> 1620.2274 | D51: =C51+(C51*0.03) -> 1668.8342 | E51: =C51/3250 -> 0.4985315 | F51: =(D51-C51)/E51 -> 97.5 | I51: =E51*50/C51 -> 0.015384615
B52: =B51+7 -> 43219 | C52: =D51+G51-H51 -> 1668.8342 | D52: =C52+(C52*0.03) -> 1718.8992 | E52: =C52/3250 -> 0.51348744 | F52: =(D52-C52)/E52 -> 97.5 | I52: =E52*50/C52 -> 0.015384615
A54: 11 | B54: =B52+7 -> 43226 | C54: =D52+G52-H52 -> 1718.8992 | D54: =C54+(C54*0.03) -> 1770.4662 | E54: =C54/3250 -> 0.52889207 | F54: =(D54-C54)/E54 -> 97.5 | I54: =E54*50/C54 -> 0.015384615
B55: =B54+7 -> 43233 | C55: =D54+G54-H54 -> 1770.4662 | D55: =C55+(C55*0.03) -> 1823.5802 | E55: =C55/3250 -> 0.54475883 | F55: =(D55-C55)/E55 -> 97.5 | I55: =E55*50/C55 -> 0.015384615
B56: =B55+7 -> 43240 | C56: =D55+G55-H55 -> 1823.5802 | D56: =C56+(C56*0.03) -> 1878.2876 | E56: =C56/3250 -> 0.56110159 | F56: =(D56-C56)/E56 -> 97.5 | I56: =E56*50/C56 -> 0.015384615
B57: =B56+7 -> 43247 | C57: =D56+G56-H56 -> 1878.2876 | D57: =C57+(C57*0.03) -> 1934.6362 | E57: =C57/3250 -> 0.57793464 | F57: =(D57-C57)/E57 -> 97.5 | I57: =E57*50/C57 -> 0.015384615
A59: 12 | B59: =B57+7 -> 43254 | C59: =D57+G57-H57 -> 1934.6362 | D59: =C59+(C59*0.03) -> 1992.6753 | E59: =C59/3250 -> 0.59527268 | F59: =(D59-C59)/E59 -> 97.5 | I59: =E59*50/C59 -> 0.015384615
B60: =B59+7 -> 43261 | C60: =D59+G59-H59 -> 1992.6753 | D60: =C60+(C60*0.03) -> 2052.4556 | E60: =C60/3250 -> 0.61313086 | F60: =(D60-C60)/E60 -> 97.5 | I60: =E60*50/C60 -> 0.015384615
B61: =B60+7 -> 43268 | C61: =D60+G60-H60 -> 2052.4556 | D61: =C61+(C61*0.03) -> 2114.0292 | E61: =C61/3250 -> 0.63152479 | F61: =(D61-C61)/E61 -> 97.5 | I61: =E61*50/C61 -> 0.015384615
B62: =B61+7 -> 43275 | C62: =D61+G61-H61 -> 2114.0292 | D62: =C62+(C62*0.03) -> 2177.4501 | E62: =C62/3250 -> 0.65047053 | F62: =(D62-C62)/E62 -> 97.5 | H62: =(D62-C49)*0.35 -> 227.58064 | I62: =E62*50/C62 -> 0.015384615 | K62: Alligator Fund Management gives or takes 35% of losses or winnings
A64: 13 | B64: =B62+7 -> 43282 | C64: =D62+G62-H62 -> 1949.8695 | D64: =C64+(C64*0.03) -> 2008.3655 | E64: =C64/3250 -> 0.59995983 | F64: =(D64-C64)/E64 -> 97.5 | I64: =E64*50/C64 -> 0.015384615
B65: =B64+7 -> 43289 | C65: =D64+G64-H64 -> 2008.3655 | D65: =C65+(C65*0.03) -> 2068.6165 | E65: =C65/3250 -> 0.61795863 | F65: =(D65-C65)/E65 -> 97.5 | I65: =E65*50/C65 -> 0.015384615
B66: =B65+7 -> 43296 | C66: =D65+G65-H65 -> 2068.6165 | D66: =C66+(C66*0.03) -> 2130.675 | E66: =C66/3250 -> 0.63649739 | F66: =(D66-C66)/E66 -> 97.5 | I66: =E66*50/C66 -> 0.015384615
B67: =B66+7 -> 43303 | C67: =D66+G66-H66 -> 2130.675 | D67: =C67+(C67*0.03) -> 2194.5953 | E67: =C67/3250 -> 0.65559231 | F67: =(D67-C67)/E67 -> 97.5 | I67: =E67*50/C67 -> 0.015384615
A69: 14 | B69: =B67+7 -> 43310 | C69: =D67+G67-H67 -> 2194.5953 | D69: =C69+(C69*0.03) -> 2260.4331 | E69: =C69/3250 -> 0.67526008 | F69: =(D69-C69)/E69 -> 97.5 | I69: =E69*50/C69 -> 0.015384615
B70: =B69+7 -> 43317 | C70: =D69+G69-H69 -> 2260.4331 | D70: =C70+(C70*0.03) -> 2328.2461 | E70: =C70/3250 -> 0.69551788 | F70: =(D70-C70)/E70 -> 97.5 | I70: =E70*50/C70 -> 0.015384615
B71: =B70+7 -> 43324 | C71: =D70+G70-H70 -> 2328.2461 | D71: =C71+(C71*0.03) -> 2398.0935 | E71: =C71/3250 -> 0.71638342 | F71: =(D71-C71)/E71 -> 97.5 | I71: =E71*50/C71 -> 0.015384615
B72: =B71+7 -> 43331 | C72: =D71+G71-H71 -> 2398.0935 | D72: =C72+(C72*0.03) -> 2470.0363 | E72: =C72/3250 -> 0.73787492 | F72: =(D72-C72)/E72 -> 97.5 | I72: =E72*50/C72 -> 0.015384615
A74: 15 | B74: =B72+7 -> 43338 | C74: =D72+G72-H72 -> 2470.0363 | D74: =C74+(C74*0.03) -> 2544.1374 | E74: =C74/3250 -> 0.76001117 | F74: =(D74-C74)/E74 -> 97.5 | I74: =E74*50/C74 -> 0.015384615
B75: =B74+7 -> 43345 | C75: =D74+G74-H74 -> 2544.1374 | D75: =C75+(C75*0.03) -> 2620.4615 | E75: =C75/3250 -> 0.7828115 | F75: =(D75-C75)/E75 -> 97.5 | I75: =E75*50/C75 -> 0.015384615
B76: =B75+7 -> 43352 | C76: =D75+G75-H75 -> 2620.4615 | D76: =C76+(C76*0.03) -> 2699.0754 | E76: =C76/3250 -> 0.80629585 | F76: =(D76-C76)/E76 -> 97.5 | I76: =E76*50/C76 -> 0.015384615
B77: =B76+7 -> 43359 | C77: =D76+G76-H76 -> 2699.0754 | D77: =C77+(C77*0.03) -> 2780.0476 | E77: =C77/3250 -> 0.83048472 | F77: =(D77-C77)/E77 -> 97.5 | H77: =(D77-C64)*0.35 -> 290.56235 | I77: =E77*50/C77 -> 0.015384615 | K77: Alligator Fund Management gives or takes 35% of losses or winnings
A79: 16 | B79: =B77+7 -> 43366 | C79: =D77+G77-H77 -> 2489.4853 | D79: =C79+(C79*0.03) -> 2564.1698 | E79: =C79/3250 -> 0.76599546 | F79: =(D79-C79)/E79 -> 97.5 | I79: =E79*50/C79 -> 0.015384615
B80: =B79+7 -> 43373 | C80: =D79+G79-H79 -> 2564.1698 | D80: =C80+(C80*0.03) -> 2641.0949 | E80: =C80/3250 -> 0.78897533 | F80: =(D80-C80)/E80 -> 97.5 | I80: =E80*50/C80 -> 0.015384615
B81: =B80+7 -> 43380 | C81: =D80+G80-H80 -> 2641.0949 | D81: =C81+(C81*0.03) -> 2720.3278 | E81: =C81/3250 -> 0.81264459 | F81: =(D81-C81)/E81 -> 97.5 | I81: =E81*50/C81 -> 0.015384615
B82: =B81+7 -> 43387 | C82: =D81+G81-H81 -> 2720.3278 | D82: =C82+(C82*0.03) -> 2801.9376 | E82: =C82/3250 -> 0.83702393 | F82: =(D82-C82)/E82 -> 97.5 | I82: =E82*50/C82 -> 0.015384615
A84: 17 | B84: =B82+7 -> 43394 | C84: =D82+G82-H82 -> 2801.9376 | D84: =C84+(C84*0.03) -> 2885.9957 | E84: =C84/3250 -> 0.86213464 | F84: =(D84-C84)/E84 -> 97.5 | I84: =E84*50/C84 -> 0.015384615
B85: =B84+7 -> 43401 | C85: =D84+G84-H84 -> 2885.9957 | D85: =C85+(C85*0.03) -> 2972.5756 | E85: =C85/3250 -> 0.88799868 | F85: =(D85-C85)/E85 -> 97.5 | I85: =E85*50/C85 -> 0.015384615
B86: =B85+7 -> 43408 | C86: =D85+G85-H85 -> 2972.5756 | D86: =C86+(C86*0.03) -> 3061.7529 | E86: =C86/3250 -> 0.91463864 | F86: =(D86-C86)/E86 -> 97.5 | I86: =E86*50/C86 -> 0.015384615
B87: =B86+7 -> 43415 | C87: =D86+G86-H86 -> 3061.7529 | D87: =C87+(C87*0.03) -> 3153.6054 | E87: =C87/3250 -> 0.9420778 | F87: =(D87-C87)/E87 -> 97.5 | I87: =E87*50/C87 -> 0.015384615
A89: 18 | B89: =B87+7 -> 43422 | C89: =D87+G87-H87 -> 3153.6054 | D89: =C89+(C89*0.03) -> 3248.2136 | E89: =C89/3250 -> 0.97034014 | F89: =(D89-C89)/E89 -> 97.5 | I89: =E89*50/C89 -> 0.015384615
B90: =B89+7 -> 43429 | C90: =D89+G89-H89 -> 3248.2136 | D90: =C90+(C90*0.03) -> 3345.66 | E90: =C90/3250 -> 0.99945034 | F90: =(D90-C90)/E90 -> 97.5 | I90: =E90*50/C90 -> 0.015384615
B91: =B90+7 -> 43436 | C91: =D90+G90-H90 -> 3345.66 | D91: =C91+(C91*0.03) -> 3446.0298 | E91: =C91/3250 -> 1.0294339 | F91: =(D91-C91)/E91 -> 97.5 | I91: =E91*50/C91 -> 0.015384615
B92: =B91+7 -> 43443 | C92: =D91+G91-H91 -> 3446.0298 | D92: =C92+(C92*0.03) -> 3549.4107 | E92: =C92/3250 -> 1.0603169 | F92: =(D92-C92)/E92 -> 97.5 | H92: =(D92-C79)*0.35 -> 370.97391 | I92: =E92*50/C92 -> 0.015384615 | K92: Alligator Fund Management gives or takes 35% of losses or winnings
A94: 19 | B94: =B92+7 -> 43450 | C94: =D92+G92-H92 -> 3178.4368 | D94: =C94+(C94*0.03) -> 3273.7899 | E94: =C94/3250 -> 0.97798055 | F94: =(D94-C94)/E94 -> 97.5 | I94: =E94*50/C94 -> 0.015384615
B95: =B94+7 -> 43457 | C95: =D94+G94-H94 -> 3273.7899 | D95: =C95+(C95*0.03) -> 3372.0036 | E95: =C95/3250 -> 1.00732 | F95: =(D95-C95)/E95 -> 97.5 | I95: =E95*50/C95 -> 0.015384615
B96: =B95+7 -> 43464 | C96: =D95+G95-H95 -> 3372.0036 | D96: =C96+(C96*0.03) -> 3473.1637 | E96: =C96/3250 -> 1.0375396 | F96: =(D96-C96)/E96 -> 97.5 | I96: =E96*50/C96 -> 0.015384615
B97: =B96+7 -> 43471 | C97: =D96+G96-H96 -> 3473.1637 | D97: =C97+(C97*0.03) -> 3577.3586 | E97: =C97/3250 -> 1.0686658 | F97: =(D97-C97)/E97 -> 97.5 | I97: =E97*50/C97 -> 0.015384615
A99: 20 | B99: =B97+7 -> 43478 | C99: =D97+G97-H97 -> 3577.3586 | D99: =C99+(C99*0.03) -> 3684.6794 | E99: =C99/3250 -> 1.1007257 | F99: =(D99-C99)/E99 -> 97.5 | I99: =E99*50/C99 -> 0.015384615
B100: =B99+7 -> 43485 | C100: =D99+G99-H99 -> 3684.6794 | D100: =C100+(C100*0.03) -> 3795.2198 | E100: =C100/3250 -> 1.1337475 | F100: =(D100-C100)/E100 -> 97.5 | I100: =E100*50/C100 -> 0.015384615
B101: =B100+7 -> 43492 | C101: =D100+G100-H100 -> 3795.2198 | D101: =C101+(C101*0.03) -> 3909.0764 | E101: =C101/3250 -> 1.1677599 | F101: =(D101-C101)/E101 -> 97.5 | I101: =E101*50/C101 -> 0.015384615
B102: =B101+7 -> 43499 | C102: =D101+G101-H101 -> 3909.0764 | D102: =C102+(C102*0.03) -> 4026.3486 | E102: =C102/3250 -> 1.2027927 | F102: =(D102-C102)/E102 -> 97.5 | I102: =E102*50/C102 -> 0.015384615
A104: 21 | B104: =B102+7 -> 43506 | C104: =D102+G102-H102 -> 4026.3486 | D104: =C104+(C104*0.03) -> 4147.1391 | E104: =C104/3250 -> 1.2388765 | F104: =(D104-C104)/E104 -> 97.5 | I104: =E104*50/C104 -> 0.015384615
B105: =B104+7 -> 43513 | C105: =D104+G104-H104 -> 4147.1391 | D105: =C105+(C105*0.03) -> 4271.5533 | E105: =C105/3250 -> 1.2760428 | F105: =(D105-C105)/E105 -> 97.5 | I105: =E105*50/C105 -> 0.015384615
B106: =B105+7 -> 43520 | C106: =D105+G105-H105 -> 4271.5533 | D106: =C106+(C106*0.03) -> 4399.6999 | E106: =C106/3250 -> 1.3143241 | F106: =(D106-C106)/E106 -> 97.5 | I106: =E106*50/C106 -> 0.015384615
B107: =B106+7 -> 43527 | C107: =D106+G106-H106 -> 4399.6999 | D107: =C107+(C107*0.03) -> 4531.6909 | E107: =C107/3250 -> 1.3537538 | F107: =(D107-C107)/E107 -> 97.5 | H107: =(D107-C94)*0.35 -> 473.63892 | I107: =E107*50/C107 -> 0.015384615 | K107: Alligator Fund Management gives or takes 35% of losses or winnings
A109: 22 | B109: =B107+7 -> 43534 | C109: =D107+G107-H107 -> 4058.0519 | D109: =C109+(C109*0.03) -> 4179.7935 | E109: =C109/3250 -> 1.2486314 | F109: =(D109-C109)/E109 -> 97.5 | I109: =E109*50/C109 -> 0.015384615
B110: =B109+7 -> 43541 | C110: =D109+G109-H109 -> 4179.7935 | D110: =C110+(C110*0.03) -> 4305.1873 | E110: =C110/3250 -> 1.2860903 | F110: =(D110-C110)/E110 -> 97.5 | I110: =E110*50/C110 -> 0.015384615
B111: =B110+7 -> 43548 | C111: =D110+G110-H110 -> 4305.1873 | D111: =C111+(C111*0.03) -> 4434.3429 | E111: =C111/3250 -> 1.324673 | F111: =(D111-C111)/E111 -> 97.5 | I111: =E111*50/C111 -> 0.015384615
B112: =B111+7 -> 43555 | C112: =D111+G111-H111 -> 4434.3429 | D112: =C112+(C112*0.03) -> 4567.3732 | E112: =C112/3250 -> 1.3644132 | F112: =(D112-C112)/E112 -> 97.5 | I112: =E112*50/C112 -> 0.015384615
A114: 23 | B114: =B112+7 -> 43562 | C114: =D112+G112-H112 -> 4567.3732 | D114: =C114+(C114*0.03) -> 4704.3944 | E114: =C114/3250 -> 1.4053456 | F114: =(D114-C114)/E114 -> 97.5 | I114: =E114*50/C114 -> 0.015384615
B115: =B114+7 -> 43569 | C115: =D114+G114-H114 -> 4704.3944 | D115: =C115+(C115*0.03) -> 4845.5262 | E115: =C115/3250 -> 1.447506 | F115: =(D115-C115)/E115 -> 97.5 | I115: =E115*50/C115 -> 0.015384615
B116: =B115+7 -> 43576 | C116: =D115+G115-H115 -> 4845.5262 | D116: =C116+(C116*0.03) -> 4990.892 | E116: =C116/3250 -> 1.4909312 | F116: =(D116-C116)/E116 -> 97.5 | I116: =E116*50/C116 -> 0.015384615
B117: =B116+7 -> 43583 | C117: =D116+G116-H116 -> 4990.892 | D117: =C117+(C117*0.03) -> 5140.6188 | E117: =C117/3250 -> 1.5356591 | F117: =(D117-C117)/E117 -> 97.5 | I117: =E117*50/C117 -> 0.015384615
A119: 24 | B119: =B117+7 -> 43590 | C119: =D117+G117-H117 -> 5140.6188 | D119: =C119+(C119*0.03) -> 5294.8374 | E119: =C119/3250 -> 1.5817289 | F119: =(D119-C119)/E119 -> 97.5 | I119: =E119*50/C119 -> 0.015384615
B120: =B119+7 -> 43597 | C120: =D119+G119-H119 -> 5294.8374 | D120: =C120+(C120*0.03) -> 5453.6825 | E120: =C120/3250 -> 1.6291807 | F120: =(D120-C120)/E120 -> 97.5 | I120: =E120*50/C120 -> 0.015384615
B121: =B120+7 -> 43604 | C121: =D120+G120-H120 -> 5453.6825 | D121: =C121+(C121*0.03) -> 5617.293 | E121: =C121/3250 -> 1.6780561 | F121: =(D121-C121)/E121 -> 97.5 | I121: =E121*50/C121 -> 0.015384615
B122: =B121+7 -> 43611 | C122: =D121+G121-H121 -> 5617.293 | D122: =C122+(C122*0.03) -> 5785.8117 | E122: =C122/3250 -> 1.7283978 | F122: =(D122-C122)/E122 -> 97.5 | H122: =(D122-C109)*0.35 -> 604.71593 | I122: =E122*50/C122 -> 0.015384615 | K122: Alligator Fund Management gives or takes 35% of losses or winnings
A124: 25 | B124: =B122+7 -> 43618 | C124: =D122+G122-H122 -> 5181.0958 | D124: =C124+(C124*0.03) -> 5336.5287 | E124: =C124/3250 -> 1.5941833 | F124: =(D124-C124)/E124 -> 97.5 | I124: =E124*50/C124 -> 0.015384615
B125: =B124+7 -> 43625 | C125: =D124+G124-H124 -> 5336.5287 | D125: =C125+(C125*0.03) -> 5496.6246 | E125: =C125/3250 -> 1.6420088 | F125: =(D125-C125)/E125 -> 97.5 | I125: =E125*50/C125 -> 0.015384615
...

Sheet Harm_Perfomance
A2: Month | B2: Week | C2: Account | D2: Projected Return | E2: £ | F2: No | G2: Account | H2: Account | I2: MAX Risk | J2: Actual
B3: Commencing | C3: Equity | D3: Equity | E3: Per Pip | F3: Of Pips | G3: Top UP | H3: W/drawal | I3: % Per Trade | J3: % ROI
A4: 1 | B4: 42904 | C4: 200 | D4: =C4+(C4*0) -> 200 | E4: =C4/3250 -> 0.061538462 | F4: =(D4-C4)/E4 -> 0 | I4: =E4*50/C4 -> 0.015384615 | J4: =(D4-C4)/C4 -> 0
B5: =B4+7 -> 42911 | C5: =D4+G4-H4 -> 200 | D5: =C5+(C5*0.015) -> 203 | E5: =C5/3250 -> 0.061538462 | F5: =(D5-C5)/E5 -> 48.75 | I5: =E5*50/C5 -> 0.015384615 | J5: =(D5-C4)/C4 -> 0.015
B6: =B5+7 -> 42918 | C6: =D5+G5-H5 -> 203 | D6: =C6+(C6*0.054) -> 213.962 | E6: =C6/3250 -> 0.062461538 | F6: =(D6-C6)/E6 -> 175.5 | I6: =E6*50/C6 -> 0.015384615 | J6: =(D6-$C4)/$C4 -> 0.06981
B7: =B6+7 -> 42925 | C7: =D6+G6-H6 -> 213.962 | D7: =C7+(C7*0.0483) -> 224.29636 | E7: =C7/3250 -> 0.065834462 | F7: =(D7-C7)/E7 -> 156.975 | I7: =E7*50/C7 -> 0.015384615 | J7: =(D7-$C4)/$C4 -> 0.12148182
A9: 2 | B9: =B7+7 -> 42932 | C9: =D7+G7-H7 -> 224.29636 | D9: =C9+(C9*-0.074) -> 207.69843 | E9: =C9/3250 -> 0.069014266 | F9: =(D9-C9)/E9 -> -240.5 | I9: =E9*50/C9 -> 0.015384615 | J9: =(D9-$C4)/$C4 -> 0.038492168
B10: =B9+7 -> 42939 | C10: =D9+G9-H9 -> 207.69843 | D10: =C10+(C10*0.0427) -> 216.56716 | E10: =C10/3250 -> 0.06390721 | F10: =(D10-C10)/E10 -> 138.775 | I10: =E10*50/C10 -> 0.015384615 | J10: =(D10-$C4)/$C4 -> 0.082835784
B11: =B10+7 -> 42946 | C11: =D10+G10-H10 -> 216.56716 | D11: =C11+(C11*-0.0045) -> 215.5926 | E11: =C11/3250 -> 0.066636048 | F11: =(D11-C11)/E11 -> -14.625 | I11: =E11*50/C11 -> 0.015384615 | J11: =(D11-$C4)/$C4 -> 0.077963023
B12: =B11+7 -> 42953 | C12: =D11+G11-H11 -> 215.5926 | D12: =C12+(C12*-0.0326) -> 208.56429 | E12: =C12/3250 -> 0.066336186 | F12: =(D12-C12)/E12 -> -105.95 | I12: =E12*50/C12 -> 0.015384615 | J12: =(D12-$C4)/$C4 -> 0.042821428
A14: 3 | B14: =B12+7 -> 42960 | C14: =D12+G12-H12 -> 208.56429 | D14: =C14+(C14*-0.02) -> 204.393 | E14: =C14/3250 -> 0.064173626 | F14: =(D14-C14)/E14 -> -65 | I14: =E14*50/C14 -> 0.015384615 | J14: =(D14-$C4)/$C4 -> 0.021965
B15: =B14+7 -> 42967 | C15: =D14+G14-H14 -> 204.393 | D15: =C15+(C15*0.0596) -> 216.57482 | E15: =C15/3250 -> 0.062890154 | F15: =(D15-C15)/E15 -> 193.7 | I15: =E15*50/C15 -> 0.015384615 | J15: =(D15-$C4)/$C4 -> 0.082874114
B16: =B15+7 -> 42974 | C16: =D15+G15-H15 -> 216.57482 | D16: =C16+(C16*-0.0884) -> 197.42961 | E16: =C16/3250 -> 0.066638407 | F16: =(D16-C16)/E16 -> -287.3 | I16: =E16*50/C16 -> 0.015384615 | J16: =(D16-$C4)/$C4 -> -0.012851958
B17: =B16+7 -> 42981 | C17: =D16+G16-H16 -> 197.42961 | D17: =C17+(C17*-0.0583) -> 185.91946 | E17: =C17/5500 -> 0.035896292 | F17: =(D17-C17)/E17 -> -320.65 | H17: =(D17-C4)*0.3 -> -4.2241613 | I17: =E17*50/C17 -> 0.0090909091 | J17: =(D17-C19)/$C4 -> -0.021120807 | K17: Alligator Fund Management gives or takes 30% of losses or winnings
A19: 4 | B19: =B17+7 -> 42988 | C19: =D17+G17-H17 -> 190.14362 | D19: =C19+(C19*0.1119) -> 211.4207 | E19: =C19/5500 -> 0.034571568 | F19: =(D19-C19)/E19 -> 615.45 | I19: =E19*50/C19 -> 0.0090909091 | J19: =(D19-$C4)/$C4 -> 0.057103475
B20: =B19+7 -> 42995 | C20: =D19+G19-H19 -> 211.4207 | D20: =C20+(C20*-0.073) -> 195.98698 | E20: =C20/5500 -> 0.038440126 | F20: =(D20-C20)/E20 -> -401.5 | I20: =E20*50/C20 -> 0.0090909091 | J20: =(D20-$C4)/$C4 -> -0.020065079
B21: =B20+7 -> 43002 | C21: =D20+G20-H20 -> 195.98698 | D21: =C21+(C21*-0.0103) -> 193.96832 | E21: =C21/5500 -> 0.035633997 | F21: =(D21-C21)/E21 -> -56.65 | I21: =E21*50/C21 -> 0.0090909091 | J21: =(D21-$C4)/$C4 -> -0.030158408
B22: =B21+7 -> 43009 | C22: =D21+G21-H21 -> 193.96832 | D22: =C22+(C22*-0.0544) -> 183.41644 | E22: =C22/5500 -> 0.035266967 | F22: =(D22-C22)/E22 -> -299.2 | I22: =E22*50/C22 -> 0.0090909091 | J22: =(D22-$C4)/$C4 -> -0.082917791
A24: 5 | B24: =B22+7 -> 43016 | C24: =D22+G22-H22 -> 183.41644 | D24: =C24+(C24*-0.0579) -> 172.79663 | E24: =C24/3000 -> 0.061138814 | F24: =(D24-C24)/E24 -> -173.7 | I24: =E24*50/C24 -> 0.016666667 | J24: =(D24-$C4)/$C4 -> -0.13601685
B25: =B24+7 -> 43023 | C25: =D24+G24-H24 -> 172.79663 | D25: =C25+(C25*0.0774) -> 186.17109 | E25: =C25/3000 -> 0.057598877 | F25: =(D25-C25)/E25 -> 232.2 | I25: =E25*50/C25 -> 0.016666667 | J25: =(D25-$C4)/$C4 -> -0.069144555
B26: =B25+7 -> 43030 | C26: =D25+G25-H25 -> 186.17109 | D26: =C26+(C26*0.0717) -> 199.51956 | E26: =C26/3000 -> 0.06205703 | F26: =(D26-C26)/E26 -> 215.1 | I26: =E26*50/C26 -> 0.016666667 | J26: =(D26-$C4)/$C4 -> -0.0024022196
B27: =B26+7 -> 43037 | C27: =D26+G26-H26 -> 199.51956 | D27: =C27+(C27*0.09) -> 217.47632 | E27: =C27/3000 -> 0.066506519 | F27: =(D27-C27)/E27 -> 270 | I27: =E27*50/C27 -> 0.016666667 | J27: =(D27-$C4)/$C4 -> 0.087381581
A29: 6 | B29: =B27+7 -> 43044 | C29: =D27+G27-H27 -> 217.47632 | D29: =C29+(C29*-0.0353) -> 209.7994 | E29: =C29/3000 -> 0.072492105 | F29: =(D29-C29)/E29 -> -105.9 | I29: =E29*50/C29 -> 0.016666667 | J29: =(D29-$C4)/$C4 -> 0.048997011
B30: =B29+7 -> 43051 | C30: =D29+G29-H29 -> 209.7994 | D30: =C30+(C30*-0.1562) -> 177.02874 | E30: =C30/3000 -> 0.069933134 | F30: =(D30-C30)/E30 -> -468.6 | I30: =E30*50/C30 -> 0.016666667 | J30: =(D30-$C4)/$C4 -> -0.11485632
B31: =B30+7 -> 43058 | C31: =D30+G30-H30 -> 177.02874 | D31: =C31+(C31*0.081) -> 191.36806 | E31: =C31/2500 -> 0.070811494 | F31: =(D31-C31)/E31 -> 202.5 | I31: =E31*50/C31 -> 0.02 | J31: =(D31-$C4)/$C4 -> -0.043159684
B32: =B31+7 -> 43065 | C32: =D31+G31-H31 -> 191.36806 | D32: =C32+(C32*-0.0343) -> 184.80414 | E32: =C32/2500 -> 0.076547225 | F32: =(D32-C32)/E32 -> -85.75 | H32: =(D32-C19)*0.35 -> -1.8688197 | I32: =E32*50/C32 -> 0.02 | J32: =(C34-$C4)/$C4 -> -0.066635208 | K32: Alligator Fund Management gives or takes 35% of losses or winnings
A34: 7 | B34: =B32+7 -> 43072 | C34: =D32+G32-H32 -> 186.67296 | D34: =C34+(C34*0.10018) -> 205.37386 | E34: =C34/3250 -> 0.057437833 | F34: =(D34-C34)/E34 -> 325.585 | I34: =E34*50/C34 -> 0.015384615 | J34: =(D34-$C4)/$C4 -> 0.026869276
B35: =B34+7 -> 43079 | C35: =D34+G34-H34 -> 205.37386 | D35: =C35+(C35*0.0214) -> 209.76886 | E35: =C35/3250 -> 0.063191955 | F35: =(D35-C35)/E35 -> 69.55 | I35: =E35*50/C35 -> 0.015384615 | J35: =(D35-$C4)/$C4 -> 0.048844279
B36: =B35+7 -> 43086 | C36: =D35+G35-H35 -> 209.76886 | D36: =C36+(C36*0.0087) -> 211.59384 | E36: =C36/3250 -> 0.064544263 | F36: =(D36-C36)/E36 -> 28.275 | I36: =E36*50/C36 -> 0.015384615 | J36: =(D36-$C4)/$C4 -> 0.057969224
B37: =B36+7 -> 43093 | C37: =D36+G36-H36 -> 211.59384 | D37: =C37+(C37*0) -> 211.59384 | E37: =C37/3250 -> 0.065105798 | F37: =(D37-C37)/E37 -> 0 | I37: =E37*50/C37 -> 0.015384615 | J37: =(D37-$C4)/$C4 -> 0.057969224
A39: 8 | B39: =B37+7 -> 43100 | C39: =D37+G37-H37 -> 211.59384 | D39: =C39+(C39*0) -> 211.59384 | E39: =C39/3250 -> 0.065105798 | F39: =(D39-C39)/E39 -> 0 | I39: =E39*50/C39 -> 0.015384615 | J39: =(D39-$C4)/$C4 -> 0.057969224
B40: =B39+7 -> 43107 | C40: =D39+G39-H39 -> 211.59384 | D40: =C40+(C40*-0.0579) -> 199.34256 | E40: =C40/3250 -> 0.065105798 | F40: =(D40-C40)/E40 -> -188.175 | I40: =E40*50/C40 -> 0.015384615 | J40: =(D40-$C4)/$C4 -> -0.003287194
B41: =B40+7 -> 43114 | C41: =D40+G40-H40 -> 199.34256 | D41: =C41+(C41*-0.1565) -> 168.14545 | E41: =C41/3250 -> 0.061336173 | F41: =(D41-C41)/E41 -> -508.625 | I41: =E41*50/C41 -> 0.015384615 | J41: =(D41-$C4)/$C4 -> -0.15927275
B42: =B41+7 -> 43121 | C42: =D41+G41-H41 -> 168.14545 | D42: =C42+(C42*0.03) -> 173.18981 | E42: =C42/3250 -> 0.051737062 | F42: =(D42-C42)/E42 -> 97.5 | I42: =E42*50/C42 -> 0.015384615
A44: 9 | B44: =B42+7 -> 43128 | C44: =D42+G42-H42 -> 173.18981 | D44: =C44+(C44*0.03) -> 178.38551 | E44: =C44/3250 -> 0.053289174 | F44: =(D44-C44)/E44 -> 97.5 | I44: =E44*50/C44 -> 0.015384615
B45: =B44+7 -> 43135 | C45: =D44+G44-H44 -> 178.38551 | D45: =C45+(C45*0.03) -> 183.73707 | E45: =C45/3250 -> 0.054887849 | F45: =(D45-C45)/E45 -> 97.5 | I45: =E45*50/C45 -> 0.015384615
B46: =B45+7 -> 43142 | C46: =D45+G45-H45 -> 183.73707 | D46: =C46+(C46*0.03) -> 189.24919 | E46: =C46/3250 -> 0.056534484 | F46: =(D46-C46)/E46 -> 97.5 | I46: =E46*50/C46 -> 0.015384615
B47: =B46+7 -> 43149 | C47: =D46+G46-H46 -> 189.24919 | D47: =C47+(C47*0.03) -> 194.92666 | E47: =C47/3250 -> 0.058230519 | F47: =(D47-C47)/E47 -> 97.5 | H47: =(D47-C34)*0.35 -> 2.8887961 | I47: =E47*50/C47 -> 0.015384615 | K47: Alligator Fund Management gives or takes 35% of losses or winnings
A49: 10 | B49: =B47+7 -> 43156 | C49: =D47+G47-H47 -> 192.03787 | D49: =C49+(C49*0.03) -> 197.799 | E49: =C49/3250 -> 0.059088574 | F49: =(D49-C49)/E49 -> 97.5 | I49: =E49*50/C49 -> 0.015384615
B50: =B49+7 -> 43163 | C50: =D49+G49-H49 -> 197.799 | D50: =C50+(C50*0.03) -> 203.73297 | E50: =C50/3250 -> 0.060861231 | F50: =(D50-C50)/E50 -> 97.5 | I50: =E50*50/C50 -> 0.015384615
B51: =B50+7 -> 43170 | C51: =D50+G50-H50 -> 203.73297 | D51: =C51+(C51*0.03) -> 209.84496 | E51: =C51/3250 -> 0.062687068 | F51: =(D51-C51)/E51 -> 97.5 | I51: =E51*50/C51 -> 0.015384615
B52: =B51+7 -> 43177 | C52: =D51+G51-H51 -> 209.84496 | D52: =C52+(C52*0.03) -> 216.14031 | E52: =C52/3250 -> 0.06456768 | F52: =(D52-C52)/E52 -> 97.5 | I52: =E52*50/C52 -> 0.015384615
A54: 11 | B54: =B52+7 -> 43184 | C54: =D52+G52-H52 -> 216.14031 | D54: =C54+(C54*0.03) -> 222.62452 | E54: =C54/3250 -> 0.066504711 | F54: =(D54-C54)/E54 -> 97.5 | I54: =E54*50/C54 -> 0.015384615
B55: =B54+7 -> 43191 | C55: =D54+G54-H54 -> 222.62452 | D55: =C55+(C55*0.03) -> 229.30325 | E55: =C55/3250 -> 0.068499852 | F55: =(D55-C55)/E55 -> 97.5 | I55: =E55*50/C55 -> 0.015384615
B56: =B55+7 -> 43198 | C56: =D55+G55-H55 -> 229.30325 | D56: =C56+(C56*0.03) -> 236.18235 | E56: =C56/3250 -> 0.070554847 | F56: =(D56-C56)/E56 -> 97.5 | I56: =E56*50/C56 -> 0.015384615
B57: =B56+7 -> 43205 | C57: =D56+G56-H56 -> 236.18235 | D57: =C57+(C57*0.03) -> 243.26782 | E57: =C57/3250 -> 0.072671493 | F57: =(D57-C57)/E57 -> 97.5 | I57: =E57*50/C57 -> 0.015384615
A59: 12 | B59: =B57+7 -> 43212 | C59: =D57+G57-H57 -> 243.26782 | D59: =C59+(C59*0.03) -> 250.56586 | E59: =C59/3250 -> 0.074851638 | F59: =(D59-C59)/E59 -> 97.5 | I59: =E59*50/C59 -> 0.015384615
B60: =B59+7 -> 43219 | C60: =D59+G59-H59 -> 250.56586 | D60: =C60+(C60*0.03) -> 258.08283 | E60: =C60/3250 -> 0.077097187 | F60: =(D60-C60)/E60 -> 97.5 | I60: =E60*50/C60 -> 0.015384615
B61: =B60+7 -> 43226 | C61: =D60+G60-H60 -> 258.08283 | D61: =C61+(C61*0.03) -> 265.82532 | E61: =C61/3250 -> 0.079410102 | F61: =(D61-C61)/E61 -> 97.5 | I61: =E61*50/C61 -> 0.015384615
B62: =B61+7 -> 43233 | C62: =D61+G61-H61 -> 265.82532 | D62: =C62+(C62*0.03) -> 273.80008 | E62: =C62/3250 -> 0.081792405 | F62: =(D62-C62)/E62 -> 97.5 | H62: =(D62-C49)*0.35 -> 28.616774 | I62: =E62*50/C62 -> 0.015384615 | K62: Alligator Fund Management gives or takes 35% of losses or winnings
A64: 13 | B64: =B62+7 -> 43240 | C64: =D62+G62-H62 -> 245.1833 | D64: =C64+(C64*0.03) -> 252.5388 | E64: =C64/3250 -> 0.075441016 | F64: =(D64-C64)/E64 -> 97.5 | I64: =E64*50/C64 -> 0.015384615
B65: =B64+7 -> 43247 | C65: =D64+G64-H64 -> 252.5388 | D65: =C65+(C65*0.03) -> 260.11497 | E65: =C65/3250 -> 0.077704247 | F65: =(D65-C65)/E65 -> 97.5 | I65: =E65*50/C65 -> 0.015384615
B66: =B65+7 -> 43254 | C66: =D65+G65-H65 -> 260.11497 | D66: =C66+(C66*0.03) -> 267.91842 | E66: =C66/3250 -> 0.080035374 | F66: =(D66-C66)/E66 -> 97.5 | I66: =E66*50/C66 -> 0.015384615
B67: =B66+7 -> 43261 | C67: =D66+G66-H66 -> 267.91842 | D67: =C67+(C67*0.03) -> 275.95597 | E67: =C67/3250 -> 0.082436435 | F67: =(D67-C67)/E67 -> 97.5 | I67: =E67*50/C67 -> 0.015384615
A69: 14 | B69: =B67+7 -> 43268 | C69: =D67+G67-H67 -> 275.95597 | D69: =C69+(C69*0.03) -> 284.23465 | E69: =C69/3250 -> 0.084909528 | F69: =(D69-C69)/E69 -> 97.5 | I69: =E69*50/C69 -> 0.015384615
B70: =B69+7 -> 43275 | C70: =D69+G69-H69 -> 284.23465 | D70: =C70+(C70*0.03) -> 292.76169 | E70: =C70/3250 -> 0.087456814 | F70: =(D70-C70)/E70 -> 97.5 | I70: =E70*50/C70 -> 0.015384615
B71: =B70+7 -> 43282 | C71: =D70+G70-H70 -> 292.76169 | D71: =C71+(C71*0.03) -> 301.54454 | E71: =C71/3250 -> 0.090080519 | F71: =(D71-C71)/E71 -> 97.5 | I71: =E71*50/C71 -> 0.015384615
B72: =B71+7 -> 43289 | C72: =D71+G71-H71 -> 301.54454 | D72: =C72+(C72*0.03) -> 310.59087 | E72: =C72/3250 -> 0.092782934 | F72: =(D72-C72)/E72 -> 97.5 | I72: =E72*50/C72 -> 0.015384615
A74: 15 | B74: =B72+7 -> 43296 | C74: =D72+G72-H72 -> 310.59087 | D74: =C74+(C74*0.03) -> 319.9086 | E74: =C74/3250 -> 0.095566422 | F74: =(D74-C74)/E74 -> 97.5 | I74: =E74*50/C74 -> 0.015384615
B75: =B74+7 -> 43303 | C75: =D74+G74-H74 -> 319.9086 | D75: =C75+(C75*0.03) -> 329.50586 | E75: =C75/3250 -> 0.098433415 | F75: =(D75-C75)/E75 -> 97.5 | I75: =E75*50/C75 -> 0.015384615
B76: =B75+7 -> 43310 | C76: =D75+G75-H75 -> 329.50586 | D76: =C76+(C76*0.03) -> 339.39103 | E76: =C76/3250 -> 0.10138642 | F76: =(D76-C76)/E76 -> 97.5 | I76: =E76*50/C76 -> 0.015384615
B77: =B76+7 -> 43317 | C77: =D76+G76-H76 -> 339.39103 | D77: =C77+(C77*0.03) -> 349.57276 | E77: =C77/3250 -> 0.10442801 | F77: =(D77-C77)/E77 -> 97.5 | H77: =(D77-C64)*0.35 -> 36.536311 | I77: =E77*50/C77 -> 0.015384615 | K77: Alligator Fund Management gives or takes 35% of losses or winnings
A79: 16 | B79: =B77+7 -> 43324 | C79: =D77+G77-H77 -> 313.03645 | D79: =C79+(C79*0.03) -> 322.42755 | E79: =C79/3250 -> 0.096318908 | F79: =(D79-C79)/E79 -> 97.5 | I79: =E79*50/C79 -> 0.015384615
B80: =B79+7 -> 43331 | C80: =D79+G79-H79 -> 322.42755 | D80: =C80+(C80*0.03) -> 332.10037 | E80: =C80/3250 -> 0.099208476 | F80: =(D80-C80)/E80 -> 97.5 | I80: =E80*50/C80 -> 0.015384615
B81: =B80+7 -> 43338 | C81: =D80+G80-H80 -> 332.10037 | D81: =C81+(C81*0.03) -> 342.06338 | E81: =C81/3250 -> 0.10218473 | F81: =(D81-C81)/E81 -> 97.5 | I81: =E81*50/C81 -> 0.015384615
B82: =B81+7 -> 43345 | C82: =D81+G81-H81 -> 342.06338 | D82: =C82+(C82*0.03) -> 352.32528 | E82: =C82/3250 -> 0.10525027 | F82: =(D82-C82)/E82 -> 97.5 | I82: =E82*50/C82 -> 0.015384615
A84: 17 | B84: =B82+7 -> 43352 | C84: =D82+G82-H82 -> 352.32528 | D84: =C84+(C84*0.03) -> 362.89504 | E84: =C84/3250 -> 0.10840778 | F84: =(D84-C84)/E84 -> 97.5 | I84: =E84*50/C84 -> 0.015384615
B85: =B84+7 -> 43359 | C85: =D84+G84-H84 -> 362.89504 | D85: =C85+(C85*0.03) -> 373.78189 | E85: =C85/3250 -> 0.11166001 | F85: =(D85-C85)/E85 -> 97.5 | I85: =E85*50/C85 -> 0.015384615
B86: =B85+7 -> 43366 | C86: =D85+G85-H85 -> 373.78189 | D86: =C86+(C86*0.03) -> 384.99535 | E86: =C86/3250 -> 0.11500981 | F86: =(D86-C86)/E86 -> 97.5 | I86: =E86*50/C86 -> 0.015384615
B87: =B86+7 -> 43373 | C87: =D86+G86-H86 -> 384.99535 | D87: =C87+(C87*0.03) -> 396.54521 | E87: =C87/3250 -> 0.11846011 | F87: =(D87-C87)/E87 -> 97.5 | I87: =E87*50/C87 -> 0.015384615
A89: 18 | B89: =B87+7 -> 43380 | C89: =D87+G87-H87 -> 396.54521 | D89: =C89+(C89*0.03) -> 408.44157 | E89: =C89/3250 -> 0.12201391 | F89: =(D89-C89)/E89 -> 97.5 | I89: =E89*50/C89 -> 0.015384615
B90: =B89+7 -> 43387 | C90: =D89+G89-H89 -> 408.44157 | D90: =C90+(C90*0.03) -> 420.69482 | E90: =C90/3250 -> 0.12567433 | F90: =(D90-C90)/E90 -> 97.5 | I90: =E90*50/C90 -> 0.015384615
B91: =B90+7 -> 43394 | C91: =D90+G90-H90 -> 420.69482 | D91: =C91+(C91*0.03) -> 433.31566 | E91: =C91/3250 -> 0.12944456 | F91: =(D91-C91)/E91 -> 97.5 | I91: =E91*50/C91 -> 0.015384615
B92: =B91+7 -> 43401 | C92: =D91+G91-H91 -> 433.31566 | D92: =C92+(C92*0.03) -> 446.31513 | E92: =C92/3250 -> 0.1333279 | F92: =(D92-C92)/E92 -> 97.5 | H92: =(D92-C79)*0.35 -> 46.647537 | I92: =E92*50/C92 -> 0.015384615 | K92: Alligator Fund Management gives or takes 35% of losses or winnings
A94: 19 | B94: =B92+7 -> 43408 | C94: =D92+G92-H92 -> 399.66759 | D94: =C94+(C94*0.03) -> 411.65762 | E94: =C94/3250 -> 0.12297464 | F94: =(D94-C94)/E94 -> 97.5 | I94: =E94*50/C94 -> 0.015384615
B95: =B94+7 -> 43415 | C95: =D94+G94-H94 -> 411.65762 | D95: =C95+(C95*0.03) -> 424.00735 | E95: =C95/3250 -> 0.12666388 | F95: =(D95-C95)/E95 -> 97.5 | I95: =E95*50/C95 -> 0.015384615
B96: =B95+7 -> 43422 | C96: =D95+G95-H95 -> 424.00735 | D96: =C96+(C96*0.03) -> 436.72757 | E96: =C96/3250 -> 0.1304638 | F96: =(D96-C96)/E96 -> 97.5 | I96: =E96*50/C96 -> 0.015384615
B97: =B96+7 -> 43429 | C97: =D96+G96-H96 -> 436.72757 | D97: =C97+(C97*0.03) -> 449.8294 | E97: =C97/3250 -> 0.13437771 | F97: =(D97-C97)/E97 -> 97.5 | I97: =E97*50/C97 -> 0.015384615
A99: 20 | B99: =B97+7 -> 43436 | C99: =D97+G97-H97 -> 449.8294 | D99: =C99+(C99*0.03) -> 463.32428 | E99: =C99/3250 -> 0.13840905 | F99: =(D99-C99)/E99 -> 97.5 | I99: =E99*50/C99 -> 0.015384615
B100: =B99+7 -> 43443 | C100: =D99+G99-H99 -> 463.32428 | D100: =C100+(C100*0.03) -> 477.22401 | E100: =C100/3250 -> 0.14256132 | F100: =(D100-C100)/E100 -> 97.5 | I100: =E100*50/C100 -> 0.015384615
B101: =B100+7 -> 43450 | C101: =D100+G100-H100 -> 477.22401 | D101: =C101+(C101*0.03) -> 491.54073 | E101: =C101/3250 -> 0.14683816 | F101: =(D101-C101)/E101 -> 97.5 | I101: =E101*50/C101 -> 0.015384615
B102: =B101+7 -> 43457 | C102: =D101+G101-H101 -> 491.54073 | D102: =C102+(C102*0.03) -> 506.28695 | E102: =C102/3250 -> 0.1512433 | F102: =(D102-C102)/E102 -> 97.5 | I102: =E102*50/C102 -> 0.015384615
A104: 21 | B104: =B102+7 -> 43464 | C104: =D102+G102-H102 -> 506.28695 | D104: =C104+(C104*0.03) -> 521.47556 | E104: =C104/3250 -> 0.1557806 | F104: =(D104-C104)/E104 -> 97.5 | I104: =E104*50/C104 -> 0.015384615
B105: =B104+7 -> 43471 | C105: =D104+G104-H104 -> 521.47556 | D105: =C105+(C105*0.03) -> 537.11982 | E105: =C105/3250 -> 0.16045402 | F105: =(D105-C105)/E105 -> 97.5 | I105: =E105*50/C105 -> 0.015384615
B106: =B105+7 -> 43478 | C106: =D105+G105-H105 -> 537.11982 | D106: =C106+(C106*0.03) -> 553.23342 | E106: =C106/3250 -> 0.16526764 | F106: =(D106-C106)/E106 -> 97.5 | I106: =E106*50/C106 -> 0.015384615
B107: =B106+7 -> 43485 | C107: =D106+G106-H106 -> 553.23342 | D107: =C107+(C107*0.03) -> 569.83042 | E107: =C107/3250 -> 0.17022567 | F107: =(D107-C107)/E107 -> 97.5 | H107: =(D107-C94)*0.35 -> 59.55699 | I107: =E107*50/C107 -> 0.015384615 | K107: Alligator Fund Management gives or takes 35% of losses or winnings
A109: 22 | B109: =B107+7 -> 43492 | C109: =D107+G107-H107 -> 510.27343 | D109: =C109+(C109*0.03) -> 525.58163 | E109: =C109/3250 -> 0.15700721 | F109: =(D109-C109)/E109 -> 97.5 | I109: =E109*50/C109 -> 0.015384615
B110: =B109+7 -> 43499 | C110: =D109+G109-H109 -> 525.58163 | D110: =C110+(C110*0.03) -> 541.34908 | E110: =C110/3250 -> 0.16171743 | F110: =(D110-C110)/E110 -> 97.5 | I110: =E110*50/C110 -> 0.015384615
B111: =B110+7 -> 43506 | C111: =D110+G110-H110 -> 541.34908 | D111: =C111+(C111*0.03) -> 557.58956 | E111: =C111/3250 -> 0.16656895 | F111: =(D111-C111)/E111 -> 97.5 | I111: =E111*50/C111 -> 0.015384615
B112: =B111+7 -> 43513 | C112: =D111+G111-H111 -> 557.58956 | D112: =C112+(C112*0.03) -> 574.31724 | E112: =C112/3250 -> 0.17156602 | F112: =(D112-C112)/E112 -> 97.5 | I112: =E112*50/C112 -> 0.015384615
A114: 23 | B114: =B112+7 -> 43520 | C114: =D112+G112-H112 -> 574.31724 | D114: =C114+(C114*0.03) -> 591.54676 | E114: =C114/3250 -> 0.176713 | F114: =(D114-C114)/E114 -> 97.5 | I114: =E114*50/C114 -> 0.015384615
B115: =B114+7 -> 43527 | C115: =D114+G114-H114 -> 591.54676 | D115: =C115+(C115*0.03) -> 609.29316 | E115: =C115/3250 -> 0.18201439 | F115: =(D115-C115)/E115 -> 97.5 | I115: =E115*50/C115 -> 0.015384615
B116: =B115+7 -> 43534 | C116: =D115+G115-H115 -> 609.29316 | D116: =C116+(C116*0.03) -> 627.57196 | E116: =C116/3250 -> 0.18747482 | F116: =(D116-C116)/E116 -> 97.5 | I116: =E116*50/C116 -> 0.015384615
B117: =B116+7 -> 43541 | C117: =D116+G116-H116 -> 627.57196 | D117: =C117+(C117*0.03) -> 646.39912 | E117: =C117/3250 -> 0.19309906 | F117: =(D117-C117)/E117 -> 97.5 | I117: =E117*50/C117 -> 0.015384615
A119: 24 | B119: =B117+7 -> 43548 | C119: =D117+G117-H117 -> 646.39912 | D119: =C119+(C119*0.03) -> 665.79109 | E119: =C119/3250 -> 0.19889204 | F119: =(D119-C119)/E119 -> 97.5 | I119: =E119*50/C119 -> 0.015384615
B120: =B119+7 -> 43555 | C120: =D119+G119-H119 -> 665.79109 | D120: =C120+(C120*0.03) -> 685.76482 | E120: =C120/3250 -> 0.2048588 | F120: =(D120-C120)/E120 -> 97.5 | I120: =E120*50/C120 -> 0.015384615
B121: =B120+7 -> 43562 | C121: =D120+G120-H120 -> 685.76482 | D121: =C121+(C121*0.03) -> 706.33777 | E121: =C121/3250 -> 0.21100456 | F121: =(D121-C121)/E121 -> 97.5 | I121: =E121*50/C121 -> 0.015384615
B122: =B121+7 -> 43569 | C122: =D121+G121-H121 -> 706.33777 | D122: =C122+(C122*0.03) -> 727.5279 | E122: =C122/3250 -> 0.2173347 | F122: =(D122-C122)/E122 -> 97.5 | H122: =(D122-C109)*0.35 -> 76.039064 | I122: =E122*50/C122 -> 0.015384615 | K122: Alligator Fund Management gives or takes 35% of losses or winnings
A124: 25 | B124: =B122+7 -> 43576 | C124: =D122+G122-H122 -> 651.48884 | D124: =C124+(C124*0.03) -> 671.0335 | E124: =C124/3250 -> 0.2004581 | F124: =(D124-C124)/E124 -> 97.5 | I124: =E124*50/C124 -> 0.015384615
B125: =B124+7 -> 43583 | C125: =D124+G124-H124 -> 671.0335 | D125: =C125+(C125*0.03) -> 691.16451 | E125: =C125/3250 -> 0.20647185 | F125: =(D125-C125)/E125 -> 97.5 | I125: =E125*50/C125 -> 0.015384615
...

Sheet Rud_Perfomance
A2: Month | B2: Week | C2: Account | D2: Projected Return | E2: £ | F2: No | G2: Account | H2: Account | I2: MAX Risk | J2: Actual
B3: Commencing | C3: Equity | D3: Equity | E3: Per Pip | F3: Of Pips | G3: Top UP | H3: W/drawal | I3: % Per Trade | J3: % ROI
A4: 1 | B4: 42883 | C4: 2000 | D4: =C4+(C4*0.035) -> 2070 | E4: =C4/3250 -> 0.61538462 | F4: =(D4-C4)/E4 -> 113.75 | I4: =E4*50/C4 -> 0.015384615 | J4: =(D4-C4)/C4 -> 0.035
B5: =B4+7 -> 42890 | C5: =D4+G4-H4 -> 2070 | D5: =C5+(C5*0.1312) -> 2341.584 | E5: =C5/3250 -> 0.63692308 | F5: =(D5-C5)/E5 -> 426.4 | I5: =E5*50/C5 -> 0.015384615 | J5: =(D5-C4)/C4 -> 0.170792
B6: =B5+7 -> 42897 | C6: =D5+G5-H5 -> 2341.584 | D6: =C6+(C6*0.014) -> 2374.3662 | E6: =C6/3250 -> 0.72048738 | F6: =(D6-C6)/E6 -> 45.5 | I6: =E6*50/C6 -> 0.015384615 | J6: =(D6-$C4)/$C4 -> 0.18718309
B7: =B6+7 -> 42904 | C7: =D6+G6-H6 -> 2374.3662 | D7: =C7+(C7*0) -> 2374.3662 | E7: =C7/3250 -> 0.73057421 | F7: =(D7-C7)/E7 -> 0 | I7: =E7*50/C7 -> 0.015384615 | J7: =(D7-$C4)/$C4 -> 0.18718309
A9: 2 | B9: =B7+7 -> 42911 | C9: =D7+G7-H7 -> 2374.3662 | D9: =C9+(C9*0.015) -> 2409.9817 | E9: =C9/3250 -> 0.73057421 | F9: =(D9-C9)/E9 -> 48.75 | I9: =E9*50/C9 -> 0.015384615 | J9: =(D9-$C4)/$C4 -> 0.20499083
B10: =B9+7 -> 42918 | C10: =D9+G9-H9 -> 2409.9817 | D10: =C10+(C10*0.054) -> 2540.1207 | E10: =C10/3250 -> 0.74153282 | F10: =(D10-C10)/E10 -> 175.5 | I10: =E10*50/C10 -> 0.015384615 | J10: =(D10-$C4)/$C4 -> 0.27006034
B11: =B10+7 -> 42925 | C11: =D10+G10-H10 -> 2540.1207 | D11: =C11+(C11*0.0483) -> 2662.8085 | E11: =C11/3250 -> 0.78157559 | F11: =(D11-C11)/E11 -> 156.975 | I11: =E11*50/C11 -> 0.015384615 | J11: =(D11-$C4)/$C4 -> 0.33140425
B12: =B11+7 -> 42932 | C12: =D11+G11-H11 -> 2662.8085 | D12: =C12+(C12*-0.074) -> 2465.7607 | E12: =C12/3250 -> 0.81932569 | F12: =(D12-C12)/E12 -> -240.5 | I12: =E12*50/C12 -> 0.015384615 | J12: =(D12-$C4)/$C4 -> 0.23288034
A14: 3 | B14: =B12+7 -> 42939 | C14: =D12+G12-H12 -> 2465.7607 | D14: =C14+(C14*0.0427) -> 2571.0487 | E14: =C14/3250 -> 0.75869559 | F14: =(D14-C14)/E14 -> 138.775 | I14: =E14*50/C14 -> 0.015384615 | J14: =(D14-$C4)/$C4 -> 0.28552433
B15: =B14+7 -> 42946 | C15: =D14+G14-H14 -> 2571.0487 | D15: =C15+(C15*-0.0045) -> 2559.4789 | E15: =C15/3250 -> 0.7910919 | F15: =(D15-C15)/E15 -> -14.625 | I15: =E15*50/C15 -> 0.015384615 | J15: =(D15-$C4)/$C4 -> 0.27973947
B16: =B15+7 -> 42953 | C16: =D15+G15-H15 -> 2559.4789 | D16: =C16+(C16*-0.0326) -> 2476.0399 | E16: =C16/3250 -> 0.78753198 | F16: =(D16-C16)/E16 -> -105.95 | I16: =E16*50/C16 -> 0.015384615 | J16: =(D16-$C4)/$C4 -> 0.23801996
B17: =B16+7 -> 42960 | C17: =D16+G16-H16 -> 2476.0399 | D17: =C17+(C17*-0.02) -> 2426.5191 | E17: =C17/3250 -> 0.76185844 | F17: =(D17-C17)/E17 -> -65 | H17: =(D17-C4)*0.3 -> 127.95574 | I17: =E17*50/C17 -> 0.015384615 | J17: =(D17-C19)/$C4 -> 0.063977869 | K17: Alligator Fund Management gives or takes 30% of losses or winnings
A19: 4 | B19: =B17+7 -> 42967 | C19: =D17+G17-H17 -> 2298.5634 | D19: =C19+(C19*0.0596) -> 2435.5578 | E19: =C19/3250 -> 0.70725027 | F19: =(D19-C19)/E19 -> 193.7 | I19: =E19*50/C19 -> 0.015384615 | J19: =(D19-$C4)/$C4 -> 0.21777888
B20: =B19+7 -> 42974 | C20: =D19+G19-H19 -> 2435.5578 | D20: =C20+(C20*-0.0884) -> 2220.2545 | E20: =C20/3250 -> 0.74940239 | F20: =(D20-C20)/E20 -> -287.3 | I20: =E20*50/C20 -> 0.015384615 | J20: =(D20-$C4)/$C4 -> 0.11012723
B21: =B20+7 -> 42981 | C21: =D20+G20-H20 -> 2220.2545 | D21: =C21+(C21*-0.0583) -> 2090.8136 | E21: =C21/5500 -> 0.40368263 | F21: =(D21-C21)/E21 -> -320.65 | I21: =E21*50/C21 -> 0.0090909091 | J21: =(D21-$C4)/$C4 -> 0.045406813
B22: =B21+7 -> 42988 | C22: =D21+G21-H21 -> 2090.8136 | D22: =C22+(C22*0.1119) -> 2324.7757 | E22: =C22/5500 -> 0.38014793 | F22: =(D22-C22)/E22 -> 615.45 | I22: =E22*50/C22 -> 0.0090909091 | J22: =(D22-$C4)/$C4 -> 0.16238784
A24: 5 | B24: =B22+7 -> 42995 | C24: =D22+G22-H22 -> 2324.7757 | D24: =C24+(C24*-0.073) -> 2155.067 | E24: =C24/5500 -> 0.42268649 | F24: =(D24-C24)/E24 -> -401.5 | I24: =E24*50/C24 -> 0.0090909091 | J24: =(D24-$C4)/$C4 -> 0.077533523
B25: =B24+7 -> 43002 | C25: =D24+G24-H24 -> 2155.067 | D25: =C25+(C25*-0.0103) -> 2132.8699 | E25: =C25/5500 -> 0.39183037 | F25: =(D25-C25)/E25 -> -56.65 | I25: =E25*50/C25 -> 0.0090909091 | J25: =(D25-$C4)/$C4 -> 0.066434928
B26: =B25+7 -> 43009 | C26: =D25+G25-H25 -> 2132.8699 | D26: =C26+(C26*-0.0544) -> 2016.8417 | E26: =C26/5500 -> 0.38779452 | F26: =(D26-C26)/E26 -> -299.2 | I26: =E26*50/C26 -> 0.0090909091 | J26: =(D26-$C4)/$C4 -> 0.008420868
B27: =B26+7 -> 43016 | C27: =D26+G26-H26 -> 2016.8417 | D27: =C27+(C27*-0.0579) -> 1900.0666 | E27: =C27/3000 -> 0.67228058 | F27: =(D27-C27)/E27 -> -173.7 | I27: =E27*50/C27 -> 0.016666667 | J27: =(D27-$C4)/$C4 -> -0.0499667
A29: 6 | B29: =B27+7 -> 43023 | C29: =D27+G27-H27 -> 1900.0666 | D29: =C29+(C29*0.0774) -> 2047.1318 | E29: =C29/3000 -> 0.63335553 | F29: =(D29-C29)/E29 -> 232.2 | I29: =E29*50/C29 -> 0.016666667 | J29: =(D29-$C4)/$C4 -> 0.023565877
B30: =B29+7 -> 43030 | C30: =D29+G29-H29 -> 2047.1318 | D30: =C30+(C30*0.0717) -> 2193.9111 | E30: =C30/3000 -> 0.68237725 | F30: =(D30-C30)/E30 -> 215.1 | I30: =E30*50/C30 -> 0.016666667 | J30: =(D30-$C4)/$C4 -> 0.09695555
B31: =B30+7 -> 43037 | C31: =D30+G30-H30 -> 2193.9111 | D31: =C31+(C31*0.09) -> 2391.3631 | E31: =C31/3000 -> 0.7313037 | F31: =(D31-C31)/E31 -> 270 | I31: =E31*50/C31 -> 0.016666667 | J31: =(D31-$C4)/$C4 -> 0.19568155
B32: =B31+7 -> 43044 | C32: =D31+G31-H31 -> 2391.3631 | D32: =C32+(C32*-0.0353) -> 2306.948 | E32: =C32/3000 -> 0.79712103 | F32: =(D32-C32)/E32 -> -105.9 | H32: =(D32-C19)*0.35 -> 2.9346076 | I32: =E32*50/C32 -> 0.016666667 | J32: =(D32-$C4)/$C4 -> 0.15347399 | K32: Alligator Fund Management gives or takes 35% of losses or winnings
A34: 7 | B34: =B32+7 -> 43051 | C34: =D32+G32-H32 -> 2304.0134 | D34: =C34+(C34*-0.1562) -> 1944.1265 | E34: =C34/3000 -> 0.76800446 | F34: =(D34-C34)/E34 -> -468.6 | I34: =E34*50/C34 -> 0.016666667 | J34: =(D34-$C4)/$C4 -> -0.027936757
B35: =B34+7 -> 43058 | C35: =D34+G34-H34 -> 1944.1265 | D35: =C35+(C35*0.081) -> 2101.6007 | E35: =C35/2500 -> 0.77765059 | F35: =(D35-C35)/E35 -> 202.5 | I35: =E35*50/C35 -> 0.02 | J35: =(D35-$C4)/$C4 -> 0.050800366
B36: =B35+7 -> 43065 | C36: =D35+G35-H35 -> 2101.6007 | D36: =C36+(C36*-0.0343) -> 2029.5158 | E36: =C36/2500 -> 0.84064029 | F36: =(D36-C36)/E36 -> -85.75 | I36: =E36*50/C36 -> 0.02 | J36: =(D36-$C4)/$C4 -> 0.014757913
B37: =B36+7 -> 43072 | C37: =D36+G36-H36 -> 2029.5158 | D37: =C37+(C37*0.10018) -> 2232.8327 | E37: =C37/3250 -> 0.62446641 | F37: =(D37-C37)/E37 -> 325.585 | I37: =E37*50/C37 -> 0.015384615 | J37: =(D37-$C4)/$C4 -> 0.11641636
A39: 8 | B39: =B37+7 -> 43079 | C39: =D37+G37-H37 -> 2232.8327 | D39: =C39+(C39*0.0214) -> 2280.6153 | E39: =C39/3250 -> 0.68702545 | F39: =(D39-C39)/E39 -> 69.55 | I39: =E39*50/C39 -> 0.015384615 | J39: =(D39-$C4)/$C4 -> 0.14030767
B40: =B39+7 -> 43086 | C40: =D39+G39-H39 -> 2280.6153 | D40: =C40+(C40*0.0087) -> 2300.4567 | E40: =C40/3250 -> 0.7017278 | F40: =(D40-C40)/E40 -> 28.275 | I40: =E40*50/C40 -> 0.015384615 | J40: =(D40-$C4)/$C4 -> 0.15022835
B41: =B40+7 -> 43093 | C41: =D40+G40-H40 -> 2300.4567 | D41: =C41+(C41*0) -> 2300.4567 | E41: =C41/3250 -> 0.70783283 | F41: =(D41-C41)/E41 -> 0 | I41: =E41*50/C41 -> 0.015384615 | J41: =(D41-$C4)/$C4 -> 0.15022835
B42: =B41+7 -> 43100 | C42: =D41+G41-H41 -> 2300.4567 | D42: =C42+(C42*0) -> 2300.4567 | E42: =C42/3250 -> 0.70783283 | F42: =(D42-C42)/E42 -> 0 | I42: =E42*50/C42 -> 0.015384615 | J42: =(D42-$C4)/$C4 -> 0.15022835
A44: 9 | B44: =B42+7 -> 43107 | C44: =D42+G42-H42 -> 2300.4567 | D44: =C44+(C44*-0.0579) -> 2167.2603 | E44: =C44/3250 -> 0.70783283 | F44: =(D44-C44)/E44 -> -188.175 | I44: =E44*50/C44 -> 0.015384615 | J44: =(D44-$C4)/$C4 -> 0.083630126
B45: =B44+7 -> 43114 | C45: =D44+G44-H44 -> 2167.2603 | D45: =C45+(C45*-0.1565) -> 1828.084 | E45: =C45/3250 -> 0.66684931 | F45: =(D45-C45)/E45 -> -508.625 | I45: =E45*50/C45 -> 0.015384615 | J45: =(D45-$C4)/$C4 -> -0.085957988
B46: =B45+7 -> 43121 | C46: =D45+G45-H45 -> 1828.084 | D46: =C46+(C46*0.03) -> 1882.9265 | E46: =C46/3250 -> 0.56248739 | F46: =(D46-C46)/E46 -> 97.5 | I46: =E46*50/C46 -> 0.015384615
B47: =B46+7 -> 43128 | C47: =D46+G46-H46 -> 1882.9265 | D47: =C47+(C47*0.03) -> 1939.4143 | E47: =C47/3250 -> 0.57936201 | F47: =(D47-C47)/E47 -> 97.5 | H47: =(D47-C34)*0.35 -> -127.60966 | I47: =E47*50/C47 -> 0.015384615 | K47: Alligator Fund Management gives or takes 35% of losses or winnings
A49: 10 | B49: =B47+7 -> 43135 | C49: =D47+G47-H47 -> 2067.024 | D49: =C49+(C49*0.03) -> 2129.0347 | E49: =C49/3250 -> 0.63600739 | F49: =(D49-C49)/E49 -> 97.5 | I49: =E49*50/C49 -> 0.015384615
B50: =B49+7 -> 43142 | C50: =D49+G49-H49 -> 2129.0347 | D50: =C50+(C50*0.03) -> 2192.9058 | E50: =C50/3250 -> 0.65508761 | F50: =(D50-C50)/E50 -> 97.5 | I50: =E50*50/C50 -> 0.015384615
B51: =B50+7 -> 43149 | C51: =D50+G50-H50 -> 2192.9058 | D51: =C51+(C51*0.03) -> 2258.6929 | E51: =C51/3250 -> 0.67474024 | F51: =(D51-C51)/E51 -> 97.5 | I51: =E51*50/C51 -> 0.015384615
B52: =B51+7 -> 43156 | C52: =D51+G51-H51 -> 2258.6929 | D52: =C52+(C52*0.03) -> 2326.4537 | E52: =C52/3250 -> 0.69498244 | F52: =(D52-C52)/E52 -> 97.5 | I52: =E52*50/C52 -> 0.015384615
A54: 11 | B54: =B52+7 -> 43163 | C54: =D52+G52-H52 -> 2326.4537 | D54: =C54+(C54*0.03) -> 2396.2473 | E54: =C54/3250 -> 0.71583192 | F54: =(D54-C54)/E54 -> 97.5 | I54: =E54*50/C54 -> 0.015384615
B55: =B54+7 -> 43170 | C55: =D54+G54-H54 -> 2396.2473 | D55: =C55+(C55*0.03) -> 2468.1348 | E55: =C55/3250 -> 0.73730687 | F55: =(D55-C55)/E55 -> 97.5 | I55: =E55*50/C55 -> 0.015384615
B56: =B55+7 -> 43177 | C56: =D55+G55-H55 -> 2468.1348 | D56: =C56+(C56*0.03) -> 2542.1788 | E56: =C56/3250 -> 0.75942608 | F56: =(D56-C56)/E56 -> 97.5 | I56: =E56*50/C56 -> 0.015384615
B57: =B56+7 -> 43184 | C57: =D56+G56-H56 -> 2542.1788 | D57: =C57+(C57*0.03) -> 2618.4442 | E57: =C57/3250 -> 0.78220886 | F57: =(D57-C57)/E57 -> 97.5 | I57: =E57*50/C57 -> 0.015384615
A59: 12 | B59: =B57+7 -> 43191 | C59: =D57+G57-H57 -> 2618.4442 | D59: =C59+(C59*0.03) -> 2696.9975 | E59: =C59/3250 -> 0.80567513 | F59: =(D59-C59)/E59 -> 97.5 | I59: =E59*50/C59 -> 0.015384615
B60: =B59+7 -> 43198 | C60: =D59+G59-H59 -> 2696.9975 | D60: =C60+(C60*0.03) -> 2777.9074 | E60: =C60/3250 -> 0.82984538 | F60: =(D60-C60)/E60 -> 97.5 | I60: =E60*50/C60 -> 0.015384615
B61: =B60+7 -> 43205 | C61: =D60+G60-H60 -> 2777.9074 | D61: =C61+(C61*0.03) -> 2861.2446 | E61: =C61/3250 -> 0.85474074 | F61: =(D61-C61)/E61 -> 97.5 | I61: =E61*50/C61 -> 0.015384615
B62: =B61+7 -> 43212 | C62: =D61+G61-H61 -> 2861.2446 | D62: =C62+(C62*0.03) -> 2947.082 | E62: =C62/3250 -> 0.88038296 | F62: =(D62-C62)/E62 -> 97.5 | H62: =(D62-C49)*0.35 -> 308.02029 | I62: =E62*50/C62 -> 0.015384615 | K62: Alligator Fund Management gives or takes 35% of losses or winnings
A64: 13 | B64: =B62+7 -> 43219 | C64: =D62+G62-H62 -> 2639.0617 | D64: =C64+(C64*0.03) -> 2718.2335 | E64: =C64/3250 -> 0.81201898 | F64: =(D64-C64)/E64 -> 97.5 | I64: =E64*50/C64 -> 0.015384615
B65: =B64+7 -> 43226 | C65: =D64+G64-H64 -> 2718.2335 | D65: =C65+(C65*0.03) -> 2799.7805 | E65: =C65/3250 -> 0.83637955 | F65: =(D65-C65)/E65 -> 97.5 | I65: =E65*50/C65 -> 0.015384615
B66: =B65+7 -> 43233 | C66: =D65+G65-H65 -> 2799.7805 | D66: =C66+(C66*0.03) -> 2883.774 | E66: =C66/3250 -> 0.86147094 | F66: =(D66-C66)/E66 -> 97.5 | I66: =E66*50/C66 -> 0.015384615
B67: =B66+7 -> 43240 | C67: =D66+G66-H66 -> 2883.774 | D67: =C67+(C67*0.03) -> 2970.2872 | E67: =C67/3250 -> 0.88731506 | F67: =(D67-C67)/E67 -> 97.5 | I67: =E67*50/C67 -> 0.015384615
A69: 14 | B69: =B67+7 -> 43247 | C69: =D67+G67-H67 -> 2970.2872 | D69: =C69+(C69*0.03) -> 3059.3958 | E69: =C69/3250 -> 0.91393452 | F69: =(D69-C69)/E69 -> 97.5 | I69: =E69*50/C69 -> 0.015384615
B70: =B69+7 -> 43254 | C70: =D69+G69-H69 -> 3059.3958 | D70: =C70+(C70*0.03) -> 3151.1777 | E70: =C70/3250 -> 0.94135255 | F70: =(D70-C70)/E70 -> 97.5 | I70: =E70*50/C70 -> 0.015384615
B71: =B70+7 -> 43261 | C71: =D70+G70-H70 -> 3151.1777 | D71: =C71+(C71*0.03) -> 3245.713 | E71: =C71/3250 -> 0.96959313 | F71: =(D71-C71)/E71 -> 97.5 | I71: =E71*50/C71 -> 0.015384615
B72: =B71+7 -> 43268 | C72: =D71+G71-H71 -> 3245.713 | D72: =C72+(C72*0.03) -> 3343.0844 | E72: =C72/3250 -> 0.99868092 | F72: =(D72-C72)/E72 -> 97.5 | I72: =E72*50/C72 -> 0.015384615
A74: 15 | B74: =B72+7 -> 43275 | C74: =D72+G72-H72 -> 3343.0844 | D74: =C74+(C74*0.03) -> 3443.3769 | E74: =C74/3250 -> 1.0286413 | F74: =(D74-C74)/E74 -> 97.5 | I74: =E74*50/C74 -> 0.015384615
B75: =B74+7 -> 43282 | C75: =D74+G74-H74 -> 3443.3769 | D75: =C75+(C75*0.03) -> 3546.6782 | E75: =C75/3250 -> 1.0595006 | F75: =(D75-C75)/E75 -> 97.5 | I75: =E75*50/C75 -> 0.015384615
B76: =B75+7 -> 43289 | C76: =D75+G75-H75 -> 3546.6782 | D76: =C76+(C76*0.03) -> 3653.0786 | E76: =C76/3250 -> 1.0912856 | F76: =(D76-C76)/E76 -> 97.5 | I76: =E76*50/C76 -> 0.015384615
B77: =B76+7 -> 43296 | C77: =D76+G76-H76 -> 3653.0786 | D77: =C77+(C77*0.03) -> 3762.6709 | E77: =C77/3250 -> 1.1240242 | F77: =(D77-C77)/E77 -> 97.5 | H77: =(D77-C64)*0.35 -> 393.26324 | I77: =E77*50/C77 -> 0.015384615 | K77: Alligator Fund Management gives or takes 35% of losses or winnings
A79: 16 | B79: =B77+7 -> 43303 | C79: =D77+G77-H77 -> 3369.4077 | D79: =C79+(C79*0.03) -> 3470.4899 | E79: =C79/3250 -> 1.0367408 | F79: =(D79-C79)/E79 -> 97.5 | I79: =E79*50/C79 -> 0.015384615
B80: =B79+7 -> 43310 | C80: =D79+G79-H79 -> 3470.4899 | D80: =C80+(C80*0.03) -> 3574.6046 | E80: =C80/3250 -> 1.0678431 | F80: =(D80-C80)/E80 -> 97.5 | I80: =E80*50/C80 -> 0.015384615
B81: =B80+7 -> 43317 | C81: =D80+G80-H80 -> 3574.6046 | D81: =C81+(C81*0.03) -> 3681.8428 | E81: =C81/3250 -> 1.0998783 | F81: =(D81-C81)/E81 -> 97.5 | I81: =E81*50/C81 -> 0.015384615
B82: =B81+7 -> 43324 | C82: =D81+G81-H81 -> 3681.8428 | D82: =C82+(C82*0.03) -> 3792.298 | E82: =C82/3250 -> 1.1328747 | F82: =(D82-C82)/E82 -> 97.5 | I82: =E82*50/C82 -> 0.015384615
A84: 17 | B84: =B82+7 -> 43331 | C84: =D82+G82-H82 -> 3792.298 | D84: =C84+(C84*0.03) -> 3906.067 | E84: =C84/3250 -> 1.1668609 | F84: =(D84-C84)/E84 -> 97.5 | I84: =E84*50/C84 -> 0.015384615
B85: =B84+7 -> 43338 | C85: =D84+G84-H84 -> 3906.067 | D85: =C85+(C85*0.03) -> 4023.249 | E85: =C85/3250 -> 1.2018668 | F85: =(D85-C85)/E85 -> 97.5 | I85: =E85*50/C85 -> 0.015384615
B86: =B85+7 -> 43345 | C86: =D85+G85-H85 -> 4023.249 | D86: =C86+(C86*0.03) -> 4143.9465 | E86: =C86/3250 -> 1.2379228 | F86: =(D86-C86)/E86 -> 97.5 | I86: =E86*50/C86 -> 0.015384615
B87: =B86+7 -> 43352 | C87: =D86+G86-H86 -> 4143.9465 | D87: =C87+(C87*0.03) -> 4268.2649 | E87: =C87/3250 -> 1.2750605 | F87: =(D87-C87)/E87 -> 97.5 | I87: =E87*50/C87 -> 0.015384615
A89: 18 | B89: =B87+7 -> 43359 | C89: =D87+G87-H87 -> 4268.2649 | D89: =C89+(C89*0.03) -> 4396.3128 | E89: =C89/3250 -> 1.3133123 | F89: =(D89-C89)/E89 -> 97.5 | I89: =E89*50/C89 -> 0.015384615
B90: =B89+7 -> 43366 | C90: =D89+G89-H89 -> 4396.3128 | D90: =C90+(C90*0.03) -> 4528.2022 | E90: =C90/3250 -> 1.3527116 | F90: =(D90-C90)/E90 -> 97.5 | I90: =E90*50/C90 -> 0.015384615
B91: =B90+7 -> 43373 | C91: =D90+G90-H90 -> 4528.2022 | D91: =C91+(C91*0.03) -> 4664.0483 | E91: =C91/3250 -> 1.393293 | F91: =(D91-C91)/E91 -> 97.5 | I91: =E91*50/C91 -> 0.015384615
B92: =B91+7 -> 43380 | C92: =D91+G91-H91 -> 4664.0483 | D92: =C92+(C92*0.03) -> 4803.9697 | E92: =C92/3250 -> 1.4350918 | F92: =(D92-C92)/E92 -> 97.5 | H92: =(D92-C79)*0.35 -> 502.0967 | I92: =E92*50/C92 -> 0.015384615 | K92: Alligator Fund Management gives or takes 35% of losses or winnings
A94: 19 | B94: =B92+7 -> 43387 | C94: =D92+G92-H92 -> 4301.873 | D94: =C94+(C94*0.03) -> 4430.9292 | E94: =C94/3250 -> 1.3236532 | F94: =(D94-C94)/E94 -> 97.5 | I94: =E94*50/C94 -> 0.015384615
B95: =B94+7 -> 43394 | C95: =D94+G94-H94 -> 4430.9292 | D95: =C95+(C95*0.03) -> 4563.8571 | E95: =C95/3250 -> 1.3633628 | F95: =(D95-C95)/E95 -> 97.5 | I95: =E95*50/C95 -> 0.015384615
B96: =B95+7 -> 43401 | C96: =D95+G95-H95 -> 4563.8571 | D96: =C96+(C96*0.03) -> 4700.7728 | E96: =C96/3250 -> 1.4042637 | F96: =(D96-C96)/E96 -> 97.5 | I96: =E96*50/C96 -> 0.015384615
B97: =B96+7 -> 43408 | C97: =D96+G96-H96 -> 4700.7728 | D97: =C97+(C97*0.03) -> 4841.796 | E97: =C97/3250 -> 1.4463916 | F97: =(D97-C97)/E97 -> 97.5 | I97: =E97*50/C97 -> 0.015384615
A99: 20 | B99: =B97+7 -> 43415 | C99: =D97+G97-H97 -> 4841.796 | D99: =C99+(C99*0.03) -> 4987.0498 | E99: =C99/3250 -> 1.4897834 | F99: =(D99-C99)/E99 -> 97.5 | I99: =E99*50/C99 -> 0.015384615
B100: =B99+7 -> 43422 | C100: =D99+G99-H99 -> 4987.0498 | D100: =C100+(C100*0.03) -> 5136.6613 | E100: =C100/3250 -> 1.5344769 | F100: =(D100-C100)/E100 -> 97.5 | I100: =E100*50/C100 -> 0.015384615
B101: =B100+7 -> 43429 | C101: =D100+G100-H100 -> 5136.6613 | D101: =C101+(C101*0.03) -> 5290.7612 | E101: =C101/3250 -> 1.5805112 | F101: =(D101-C101)/E101 -> 97.5 | I101: =E101*50/C101 -> 0.015384615
B102: =B101+7 -> 43436 | C102: =D101+G101-H101 -> 5290.7612 | D102: =C102+(C102*0.03) -> 5449.484 | E102: =C102/3250 -> 1.6279265 | F102: =(D102-C102)/E102 -> 97.5 | I102: =E102*50/C102 -> 0.015384615
A104: 21 | B104: =B102+7 -> 43443 | C104: =D102+G102-H102 -> 5449.484 | D104: =C104+(C104*0.03) -> 5612.9685 | E104: =C104/3250 -> 1.6767643 | F104: =(D104-C104)/E104 -> 97.5 | I104: =E104*50/C104 -> 0.015384615
B105: =B104+7 -> 43450 | C105: =D104+G104-H104 -> 5612.9685 | D105: =C105+(C105*0.03) -> 5781.3576 | E105: =C105/3250 -> 1.7270672 | F105: =(D105-C105)/E105 -> 97.5 | I105: =E105*50/C105 -> 0.015384615
B106: =B105+7 -> 43457 | C106: =D105+G105-H105 -> 5781.3576 | D106: =C106+(C106*0.03) -> 5954.7983 | E106: =C106/3250 -> 1.7788793 | F106: =(D106-C106)/E106 -> 97.5 | I106: =E106*50/C106 -> 0.015384615
B107: =B106+7 -> 43464 | C107: =D106+G106-H106 -> 5954.7983 | D107: =C107+(C107*0.03) -> 6133.4423 | E107: =C107/3250 -> 1.8322456 | F107: =(D107-C107)/E107 -> 97.5 | H107: =(D107-C94)*0.35 -> 641.04924 | I107: =E107*50/C107 -> 0.015384615 | K107: Alligator Fund Management gives or takes 35% of losses or winnings
A109: 22 | B109: =B107+7 -> 43471 | C109: =D107+G107-H107 -> 5492.393 | D109: =C109+(C109*0.03) -> 5657.1648 | E109: =C109/3250 -> 1.6899671 | F109: =(D109-C109)/E109 -> 97.5 | I109: =E109*50/C109 -> 0.015384615
B110: =B109+7 -> 43478 | C110: =D109+G109-H109 -> 5657.1648 | D110: =C110+(C110*0.03) -> 5826.8798 | E110: =C110/3250 -> 1.7406661 | F110: =(D110-C110)/E110 -> 97.5 | I110: =E110*50/C110 -> 0.015384615
B111: =B110+7 -> 43485 | C111: =D110+G110-H110 -> 5826.8798 | D111: =C111+(C111*0.03) -> 6001.6861 | E111: =C111/3250 -> 1.7928861 | F111: =(D111-C111)/E111 -> 97.5 | I111: =E111*50/C111 -> 0.015384615
B112: =B111+7 -> 43492 | C112: =D111+G111-H111 -> 6001.6861 | D112: =C112+(C112*0.03) -> 6181.7367 | E112: =C112/3250 -> 1.8466727 | F112: =(D112-C112)/E112 -> 97.5 | I112: =E112*50/C112 -> 0.015384615
A114: 23 | B114: =B112+7 -> 43499 | C114: =D112+G112-H112 -> 6181.7367 | D114: =C114+(C114*0.03) -> 6367.1888 | E114: =C114/3250 -> 1.9020728 | F114: =(D114-C114)/E114 -> 97.5 | I114: =E114*50/C114 -> 0.015384615
B115: =B114+7 -> 43506 | C115: =D114+G114-H114 -> 6367.1888 | D115: =C115+(C115*0.03) -> 6558.2045 | E115: =C115/3250 -> 1.959135 | F115: =(D115-C115)/E115 -> 97.5 | I115: =E115*50/C115 -> 0.015384615
B116: =B115+7 -> 43513 | C116: =D115+G115-H115 -> 6558.2045 | D116: =C116+(C116*0.03) -> 6754.9506 | E116: =C116/3250 -> 2.0179091 | F116: =(D116-C116)/E116 -> 97.5 | I116: =E116*50/C116 -> 0.015384615
B117: =B116+7 -> 43520 | C117: =D116+G116-H116 -> 6754.9506 | D117: =C117+(C117*0.03) -> 6957.5992 | E117: =C117/3250 -> 2.0784463 | F117: =(D117-C117)/E117 -> 97.5 | I117: =E117*50/C117 -> 0.015384615
A119: 24 | B119: =B117+7 -> 43527 | C119: =D117+G117-H117 -> 6957.5992 | D119: =C119+(C119*0.03) -> 7166.3271 | E119: =C119/3250 -> 2.1407997 | F119: =(D119-C119)/E119 -> 97.5 | I119: =E119*50/C119 -> 0.015384615
B120: =B119+7 -> 43534 | C120: =D119+G119-H119 -> 7166.3271 | D120: =C120+(C120*0.03) -> 7381.3169 | E120: =C120/3250 -> 2.2050237 | F120: =(D120-C120)/E120 -> 97.5 | I120: =E120*50/C120 -> 0.015384615
B121: =B120+7 -> 43541 | C121: =D120+G120-H120 -> 7381.3169 | D121: =C121+(C121*0.03) -> 7602.7564 | E121: =C121/3250 -> 2.2711744 | F121: =(D121-C121)/E121 -> 97.5 | I121: =E121*50/C121 -> 0.015384615
B122: =B121+7 -> 43548 | C122: =D121+G121-H121 -> 7602.7564 | D122: =C122+(C122*0.03) -> 7830.8391 | E122: =C122/3250 -> 2.3393097 | F122: =(D122-C122)/E122 -> 97.5 | H122: =(D122-C109)*0.35 -> 818.45614 | I122: =E122*50/C122 -> 0.015384615 | K122: Alligator Fund Management gives or takes 35% of losses or winnings
A124: 25 | B124: =B122+7 -> 43555 | C124: =D122+G122-H122 -> 7012.383 | D124: =C124+(C124*0.03) -> 7222.7545 | E124: =C124/3250 -> 2.1576563 | F124: =(D124-C124)/E124 -> 97.5 | I124: =E124*50/C124 -> 0.015384615
B125: =B124+7 -> 43562 | C125: =D124+G124-H124 -> 7222.7545 | D125: =C125+(C125*0.03) -> 7439.4371 | E125: =C125/3250 -> 2.222386 | F125: =(D125-C125)/E125 -> 97.5 | I125: =E125*50/C125 -> 0.015384615
...

Sheet Dam_Perfomance
A2: Month | B2: Week | C2: Account | D2: Projected Return | E2: £ | F2: No | G2: Account | H2: Account | I2: MAX Risk | J2: Actual
B3: Commencing | C3: Equity | D3: Equity | E3: Per Pip | F3: Of Pips | G3: Top UP | H3: W/drawal | I3: % Per Trade | J3: % ROI
A4: 1 | B4: 42883 | C4: 2000 | D4: =C4+(C4*0.035) -> 2070 | E4: =C4/3250 -> 0.61538462 | F4: =(D4-C4)/E4 -> 113.75 | I4: =E4*50/C4 -> 0.015384615 | J4: =(D4-C4)/C4 -> 0.035
B5: =B4+7 -> 42890 | C5: =D4+G4-H4 -> 2070 | D5: =C5+(C5*0.1312) -> 2341.584 | E5: =C5/3250 -> 0.63692308 | F5: =(D5-C5)/E5 -> 426.4 | I5: =E5*50/C5 -> 0.015384615 | J5: =(D5-C4)/C4 -> 0.170792
B6: =B5+7 -> 42897 | C6: =D5+G5-H5 -> 2341.584 | D6: =C6+(C6*0.014) -> 2374.3662 | E6: =C6/3250 -> 0.72048738 | F6: =(D6-C6)/E6 -> 45.5 | I6: =E6*50/C6 -> 0.015384615 | J6: =(D6-$C4)/$C4 -> 0.18718309
B7: =B6+7 -> 42904 | C7: =D6+G6-H6 -> 2374.3662 | D7: =C7+(C7*0) -> 2374.3662 | E7: =C7/3250 -> 0.73057421 | F7: =(D7-C7)/E7 -> 0 | I7: =E7*50/C7 -> 0.015384615 | J7: =(D7-$C4)/$C4 -> 0.18718309
A9: 2 | B9: =B7+7 -> 42911 | C9: =D7+G7-H7 -> 2374.3662 | D9: =C9+(C9*0.015) -> 2409.9817 | E9: =C9/3250 -> 0.73057421 | F9: =(D9-C9)/E9 -> 48.75 | I9: =E9*50/C9 -> 0.015384615 | J9: =(D9-$C4)/$C4 -> 0.20499083
B10: =B9+7 -> 42918 | C10: =D9+G9-H9 -> 2409.9817 | D10: =C10+(C10*0.054) -> 2540.1207 | E10: =C10/3250 -> 0.74153282 | F10: =(D10-C10)/E10 -> 175.5 | I10: =E10*50/C10 -> 0.015384615 | J10: =(D10-$C4)/$C4 -> 0.27006034
B11: =B10+7 -> 42925 | C11: =D10+G10-H10 -> 2540.1207 | D11: =C11+(C11*0.0483) -> 2662.8085 | E11: =C11/3250 -> 0.78157559 | F11: =(D11-C11)/E11 -> 156.975 | I11: =E11*50/C11 -> 0.015384615 | J11: =(D11-$C4)/$C4 -> 0.33140425
B12: =B11+7 -> 42932 | C12: =D11+G11-H11 -> 2662.8085 | D12: =C12+(C12*-0.074) -> 2465.7607 | E12: =C12/3250 -> 0.81932569 | F12: =(D12-C12)/E12 -> -240.5 | I12: =E12*50/C12 -> 0.015384615 | J12: =(D12-$C4)/$C4 -> 0.23288034
A14: 3 | B14: =B12+7 -> 42939 | C14: =D12+G12-H12 -> 2465.7607 | D14: =C14+(C14*0.0427) -> 2571.0487 | E14: =C14/3250 -> 0.75869559 | F14: =(D14-C14)/E14 -> 138.775 | I14: =E14*50/C14 -> 0.015384615 | J14: =(D14-$C4)/$C4 -> 0.28552433
B15: =B14+7 -> 42946 | C15: =D14+G14-H14 -> 2571.0487 | D15: =C15+(C15*-0.0045) -> 2559.4789 | E15: =C15/3250 -> 0.7910919 | F15: =(D15-C15)/E15 -> -14.625 | I15: =E15*50/C15 -> 0.015384615 | J15: =(D15-$C4)/$C4 -> 0.27973947
B16: =B15+7 -> 42953 | C16: =D15+G15-H15 -> 2559.4789 | D16: =C16+(C16*-0.0326) -> 2476.0399 | E16: =C16/3250 -> 0.78753198 | F16: =(D16-C16)/E16 -> -105.95 | I16: =E16*50/C16 -> 0.015384615 | J16: =(D16-$C4)/$C4 -> 0.23801996
B17: =B16+7 -> 42960 | C17: =D16+G16-H16 -> 2476.0399 | D17: =C17+(C17*-0.02) -> 2426.5191 | E17: =C17/3250 -> 0.76185844 | F17: =(D17-C17)/E17 -> -65 | H17: =(D17-C4)*0.3 -> 127.95574 | I17: =E17*50/C17 -> 0.015384615 | J17: =(D17-C19)/$C4 -> 0.063977869 | K17: Alligator Fund Management gives or takes 30% of losses or winnings
A19: 4 | B19: =B17+7 -> 42967 | C19: =D17+G17-H17 -> 2298.5634 | D19: =C19+(C19*0.0596) -> 2435.5578 | E19: =C19/3250 -> 0.70725027 | F19: =(D19-C19)/E19 -> 193.7 | I19: =E19*50/C19 -> 0.015384615 | J19: =(D19-$C4)/$C4 -> 0.21777888
B20: =B19+7 -> 42974 | C20: =D19+G19-H19 -> 2435.5578 | D20: =C20+(C20*-0.0884) -> 2220.2545 | E20: =C20/3250 -> 0.74940239 | F20: =(D20-C20)/E20 -> -287.3 | I20: =E20*50/C20 -> 0.015384615 | J20: =(D20-$C4)/$C4 -> 0.11012723
B21: =B20+7 -> 42981 | C21: =D20+G20-H20 -> 2220.2545 | D21: =C21+(C21*-0.0583) -> 2090.8136 | E21: =C21/5500 -> 0.40368263 | F21: =(D21-C21)/E21 -> -320.65 | I21: =E21*50/C21 -> 0.0090909091 | J21: =(D21-$C4)/$C4 -> 0.045406813
B22: =B21+7 -> 42988 | C22: =D21+G21-H21 -> 2090.8136 | D22: =C22+(C22*0.1119) -> 2324.7757 | E22: =C22/5500 -> 0.38014793 | F22: =(D22-C22)/E22 -> 615.45 | I22: =E22*50/C22 -> 0.0090909091 | J22: =(D22-$C4)/$C4 -> 0.16238784
A24: 5 | B24: =B22+7 -> 42995 | C24: =D22+G22-H22 -> 2324.7757 | D24: =C24+(C24*-0.073) -> 2155.067 | E24: =C24/5500 -> 0.42268649 | F24: =(D24-C24)/E24 -> -401.5 | I24: =E24*50/C24 -> 0.0090909091 | J24: =(D24-$C4)/$C4 -> 0.077533523
B25: =B24+7 -> 43002 | C25: =D24+G24-H24 -> 2155.067 | D25: =C25+(C25*-0.0103) -> 2132.8699 | E25: =C25/5500 -> 0.39183037 | F25: =(D25-C25)/E25 -> -56.65 | I25: =E25*50/C25 -> 0.0090909091 | J25: =(D25-$C4)/$C4 -> 0.066434928
B26: =B25+7 -> 43009 | C26: =D25+G25-H25 -> 2132.8699 | D26: =C26+(C26*-0.0544) -> 2016.8417 | E26: =C26/5500 -> 0.38779452 | F26: =(D26-C26)/E26 -> -299.2 | I26: =E26*50/C26 -> 0.0090909091 | J26: =(D26-$C4)/$C4 -> 0.008420868
B27: =B26+7 -> 43016 | C27: =D26+G26-H26 -> 2016.8417 | D27: =C27+(C27*-0.0579) -> 1900.0666 | E27: =C27/3000 -> 0.67228058 | F27: =(D27-C27)/E27 -> -173.7 | I27: =E27*50/C27 -> 0.016666667 | J27: =(D27-$C4)/$C4 -> -0.0499667
A29: 6 | B29: =B27+7 -> 43023 | C29: =D27+G27-H27 -> 1900.0666 | D29: =C29+(C29*0.0774) -> 2047.1318 | E29: =C29/3000 -> 0.63335553 | F29: =(D29-C29)/E29 -> 232.2 | I29: =E29*50/C29 -> 0.016666667 | J29: =(D29-$C4)/$C4 -> 0.023565877
B30: =B29+7 -> 43030 | C30: =D29+G29-H29 -> 2047.1318 | D30: =C30+(C30*0.0717) -> 2193.9111 | E30: =C30/3000 -> 0.68237725 | F30: =(D30-C30)/E30 -> 215.1 | I30: =E30*50/C30 -> 0.016666667 | J30: =(D30-$C4)/$C4 -> 0.09695555
B31: =B30+7 -> 43037 | C31: =D30+G30-H30 -> 2193.9111 | D31: =C31+(C31*0.09) -> 2391.3631 | E31: =C31/3000 -> 0.7313037 | F31: =(D31-C31)/E31 -> 270 | I31: =E31*50/C31 -> 0.016666667 | J31: =(D31-$C4)/$C4 -> 0.19568155
B32: =B31+7 -> 43044 | C32: =D31+G31-H31 -> 2391.3631 | D32: =C32+(C32*-0.0353) -> 2306.948 | E32: =C32/3000 -> 0.79712103 | F32: =(D32-C32)/E32 -> -105.9 | H32: =(D32-C19)*0.35 -> 2.9346076 | I32: =E32*50/C32 -> 0.016666667 | J32: =(D32-$C4)/$C4 -> 0.15347399 | K32: Alligator Fund Management gives or takes 35% of losses or winnings
A34: 7 | B34: =B32+7 -> 43051 | C34: =D32+G32-H32 -> 2304.0134 | D34: =C34+(C34*-0.1562) -> 1944.1265 | E34: =C34/3000 -> 0.76800446 | F34: =(D34-C34)/E34 -> -468.6 | I34: =E34*50/C34 -> 0.016666667 | J34: =(D34-$C4)/$C4 -> -0.027936757
B35: =B34+7 -> 43058 | C35: =D34+G34-H34 -> 1944.1265 | D35: =C35+(C35*0.081) -> 2101.6007 | E35: =C35/2500 -> 0.77765059 | F35: =(D35-C35)/E35 -> 202.5 | I35: =E35*50/C35 -> 0.02 | J35: =(D35-$C4)/$C4 -> 0.050800366
B36: =B35+7 -> 43065 | C36: =D35+G35-H35 -> 2101.6007 | D36: =C36+(C36*-0.0343) -> 2029.5158 | E36: =C36/2500 -> 0.84064029 | F36: =(D36-C36)/E36 -> -85.75 | I36: =E36*50/C36 -> 0.02 | J36: =(D36-$C4)/$C4 -> 0.014757913
B37: =B36+7 -> 43072 | C37: =D36+G36-H36 -> 2029.5158 | D37: =C37+(C37*0.10018) -> 2232.8327 | E37: =C37/3250 -> 0.62446641 | F37: =(D37-C37)/E37 -> 325.585 | I37: =E37*50/C37 -> 0.015384615 | J37: =(D37-$C4)/$C4 -> 0.11641636
A39: 8 | B39: =B37+7 -> 43079 | C39: =D37+G37-H37 -> 2232.8327 | D39: =C39+(C39*0.0214) -> 2280.6153 | E39: =C39/3250 -> 0.68702545 | F39: =(D39-C39)/E39 -> 69.55 | I39: =E39*50/C39 -> 0.015384615 | J39: =(D39-$C4)/$C4 -> 0.14030767
B40: =B39+7 -> 43086 | C40: =D39+G39-H39 -> 2280.6153 | D40: =C40+(C40*0.0087) -> 2300.4567 | E40: =C40/3250 -> 0.7017278 | F40: =(D40-C40)/E40 -> 28.275 | I40: =E40*50/C40 -> 0.015384615 | J40: =(D40-$C4)/$C4 -> 0.15022835
B41: =B40+7 -> 43093 | C41: =D40+G40-H40 -> 2300.4567 | D41: =C41+(C41*0) -> 2300.4567 | E41: =C41/3250 -> 0.70783283 | F41: =(D41-C41)/E41 -> 0 | I41: =E41*50/C41 -> 0.015384615 | J41: =(D41-$C4)/$C4 -> 0.15022835
B42: =B41+7 -> 43100 | C42: =D41+G41-H41 -> 2300.4567 | D42: =C42+(C42*0) -> 2300.4567 | E42: =C42/3250 -> 0.70783283 | F42: =(D42-C42)/E42 -> 0 | I42: =E42*50/C42 -> 0.015384615 | J42: =(D42-$C4)/$C4 -> 0.15022835
A44: 9 | B44: =B42+7 -> 43107 | C44: =D42+G42-H42 -> 2300.4567 | D44: =C44+(C44*-0.0579) -> 2167.2603 | E44: =C44/3250 -> 0.70783283 | F44: =(D44-C44)/E44 -> -188.175 | I44: =E44*50/C44 -> 0.015384615 | J44: =(D44-$C4)/$C4 -> 0.083630126
B45: =B44+7 -> 43114 | C45: =D44+G44-H44 -> 2167.2603 | D45: =C45+(C45*-0.1565) -> 1828.084 | E45: =C45/3250 -> 0.66684931 | F45: =(D45-C45)/E45 -> -508.625 | I45: =E45*50/C45 -> 0.015384615 | J45: =(D45-$C4)/$C4 -> -0.085957988
B46: =B45+7 -> 43121 | C46: =D45+G45-H45 -> 1828.084 | D46: =C46+(C46*0.03) -> 1882.9265 | E46: =C46/3250 -> 0.56248739 | F46: =(D46-C46)/E46 -> 97.5 | I46: =E46*50/C46 -> 0.015384615
B47: =B46+7 -> 43128 | C47: =D46+G46-H46 -> 1882.9265 | D47: =C47+(C47*0.03) -> 1939.4143 | E47: =C47/3250 -> 0.57936201 | F47: =(D47-C47)/E47 -> 97.5 | H47: =(D47-C34)*0.35 -> -127.60966 | I47: =E47*50/C47 -> 0.015384615 | K47: Alligator Fund Management gives or takes 35% of losses or winnings
A49: 10 | B49: =B47+7 -> 43135 | C49: =D47+G47-H47 -> 2067.024 | D49: =C49+(C49*0.03) -> 2129.0347 | E49: =C49/3250 -> 0.63600739 | F49: =(D49-C49)/E49 -> 97.5 | I49: =E49*50/C49 -> 0.015384615
B50: =B49+7 -> 43142 | C50: =D49+G49-H49 -> 2129.0347 | D50: =C50+(C50*0.03) -> 2192.9058 | E50: =C50/3250 -> 0.65508761 | F50: =(D50-C50)/E50 -> 97.5 | I50: =E50*50/C50 -> 0.015384615
B51: =B50+7 -> 43149 | C51: =D50+G50-H50 -> 2192.9058 | D51: =C51+(C51*0.03) -> 2258.6929 | E51: =C51/3250 -> 0.67474024 | F51: =(D51-C51)/E51 -> 97.5 | I51: =E51*50/C51 -> 0.015384615
B52: =B51+7 -> 43156 | C52: =D51+G51-H51 -> 2258.6929 | D52: =C52+(C52*0.03) -> 2326.4537 | E52: =C52/3250 -> 0.69498244 | F52: =(D52-C52)/E52 -> 97.5 | I52: =E52*50/C52 -> 0.015384615
A54: 11 | B54: =B52+7 -> 43163 | C54: =D52+G52-H52 -> 2326.4537 | D54: =C54+(C54*0.03) -> 2396.2473 | E54: =C54/3250 -> 0.71583192 | F54: =(D54-C54)/E54 -> 97.5 | I54: =E54*50/C54 -> 0.015384615
B55: =B54+7 -> 43170 | C55: =D54+G54-H54 -> 2396.2473 | D55: =C55+(C55*0.03) -> 2468.1348 | E55: =C55/3250 -> 0.73730687 | F55: =(D55-C55)/E55 -> 97.5 | I55: =E55*50/C55 -> 0.015384615
B56: =B55+7 -> 43177 | C56: =D55+G55-H55 -> 2468.1348 | D56: =C56+(C56*0.03) -> 2542.1788 | E56: =C56/3250 -> 0.75942608 | F56: =(D56-C56)/E56 -> 97.5 | I56: =E56*50/C56 -> 0.015384615
B57: =B56+7 -> 43184 | C57: =D56+G56-H56 -> 2542.1788 | D57: =C57+(C57*0.03) -> 2618.4442 | E57: =C57/3250 -> 0.78220886 | F57: =(D57-C57)/E57 -> 97.5 | I57: =E57*50/C57 -> 0.015384615
A59: 12 | B59: =B57+7 -> 43191 | C59: =D57+G57-H57 -> 2618.4442 | D59: =C59+(C59*0.03) -> 2696.9975 | E59: =C59/3250 -> 0.80567513 | F59: =(D59-C59)/E59 -> 97.5 | I59: =E59*50/C59 -> 0.015384615
B60: =B59+7 -> 43198 | C60: =D59+G59-H59 -> 2696.9975 | D60: =C60+(C60*0.03) -> 2777.9074 | E60: =C60/3250 -> 0.82984538 | F60: =(D60-C60)/E60 -> 97.5 | I60: =E60*50/C60 -> 0.015384615
B61: =B60+7 -> 43205 | C61: =D60+G60-H60 -> 2777.9074 | D61: =C61+(C61*0.03) -> 2861.2446 | E61: =C61/3250 -> 0.85474074 | F61: =(D61-C61)/E61 -> 97.5 | I61: =E61*50/C61 -> 0.015384615
B62: =B61+7 -> 43212 | C62: =D61+G61-H61 -> 2861.2446 | D62: =C62+(C62*0.03) -> 2947.082 | E62: =C62/3250 -> 0.88038296 | F62: =(D62-C62)/E62 -> 97.5 | H62: =(D62-C49)*0.35 -> 308.02029 | I62: =E62*50/C62 -> 0.015384615 | K62: Alligator Fund Management gives or takes 35% of losses or winnings
A64: 13 | B64: =B62+7 -> 43219 | C64: =D62+G62-H62 -> 2639.0617 | D64: =C64+(C64*0.03) -> 2718.2335 | E64: =C64/3250 -> 0.81201898 | F64: =(D64-C64)/E64 -> 97.5 | I64: =E64*50/C64 -> 0.015384615
B65: =B64+7 -> 43226 | C65: =D64+G64-H64 -> 2718.2335 | D65: =C65+(C65*0.03) -> 2799.7805 | E65: =C65/3250 -> 0.83637955 | F65: =(D65-C65)/E65 -> 97.5 | I65: =E65*50/C65 -> 0.015384615
B66: =B65+7 -> 43233 | C66: =D65+G65-H65 -> 2799.7805 | D66: =C66+(C66*0.03) -> 2883.774 | E66: =C66/3250 -> 0.86147094 | F66: =(D66-C66)/E66 -> 97.5 | I66: =E66*50/C66 -> 0.015384615
B67: =B66+7 -> 43240 | C67: =D66+G66-H66 -> 2883.774 | D67: =C67+(C67*0.03) -> 2970.2872 | E67: =C67/3250 -> 0.88731506 | F67: =(D67-C67)/E67 -> 97.5 | I67: =E67*50/C67 -> 0.015384615
A69: 14 | B69: =B67+7 -> 43247 | C69: =D67+G67-H67 -> 2970.2872 | D69: =C69+(C69*0.03) -> 3059.3958 | E69: =C69/3250 -> 0.91393452 | F69: =(D69-C69)/E69 -> 97.5 | I69: =E69*50/C69 -> 0.015384615
B70: =B69+7 -> 43254 | C70: =D69+G69-H69 -> 3059.3958 | D70: =C70+(C70*0.03) -> 3151.1777 | E70: =C70/3250 -> 0.94135255 | F70: =(D70-C70)/E70 -> 97.5 | I70: =E70*50/C70 -> 0.015384615
B71: =B70+7 -> 43261 | C71: =D70+G70-H70 -> 3151.1777 | D71: =C71+(C71*0.03) -> 3245.713 | E71: =C71/3250 -> 0.96959313 | F71: =(D71-C71)/E71 -> 97.5 | I71: =E71*50/C71 -> 0.015384615
B72: =B71+7 -> 43268 | C72: =D71+G71-H71 -> 3245.713 | D72: =C72+(C72*0.03) -> 3343.0844 | E72: =C72/3250 -> 0.99868092 | F72: =(D72-C72)/E72 -> 97.5 | I72: =E72*50/C72 -> 0.015384615
A74: 15 | B74: =B72+7 -> 43275 | C74: =D72+G72-H72 -> 3343.0844 | D74: =C74+(C74*0.03) -> 3443.3769 | E74: =C74/3250 -> 1.0286413 | F74: =(D74-C74)/E74 -> 97.5 | I74: =E74*50/C74 -> 0.015384615
B75: =B74+7 -> 43282 | C75: =D74+G74-H74 -> 3443.3769 | D75: =C75+(C75*0.03) -> 3546.6782 | E75: =C75/3250 -> 1.0595006 | F75: =(D75-C75)/E75 -> 97.5 | I75: =E75*50/C75 -> 0.015384615
B76: =B75+7 -> 43289 | C76: =D75+G75-H75 -> 3546.6782 | D76: =C76+(C76*0.03) -> 3653.0786 | E76: =C76/3250 -> 1.0912856 | F76: =(D76-C76)/E76 -> 97.5 | I76: =E76*50/C76 -> 0.015384615
B77: =B76+7 -> 43296 | C77: =D76+G76-H76 -> 3653.0786 | D77: =C77+(C77*0.03) -> 3762.6709 | E77: =C77/3250 -> 1.1240242 | F77: =(D77-C77)/E77 -> 97.5 | H77: =(D77-C64)*0.35 -> 393.26324 | I77: =E77*50/C77 -> 0.015384615 | K77: Alligator Fund Management gives or takes 35% of losses or winnings
A79: 16 | B79: =B77+7 -> 43303 | C79: =D77+G77-H77 -> 3369.4077 | D79: =C79+(C79*0.03) -> 3470.4899 | E79: =C79/3250 -> 1.0367408 | F79: =(D79-C79)/E79 -> 97.5 | I79: =E79*50/C79 -> 0.015384615
B80: =B79+7 -> 43310 | C80: =D79+G79-H79 -> 3470.4899 | D80: =C80+(C80*0.03) -> 3574.6046 | E80: =C80/3250 -> 1.0678431 | F80: =(D80-C80)/E80 -> 97.5 | I80: =E80*50/C80 -> 0.015384615
B81: =B80+7 -> 43317 | C81: =D80+G80-H80 -> 3574.6046 | D81: =C81+(C81*0.03) -> 3681.8428 | E81: =C81/3250 -> 1.0998783 | F81: =(D81-C81)/E81 -> 97.5 | I81: =E81*50/C81 -> 0.015384615
B82: =B81+7 -> 43324 | C82: =D81+G81-H81 -> 3681.8428 | D82: =C82+(C82*0.03) -> 3792.298 | E82: =C82/3250 -> 1.1328747 | F82: =(D82-C82)/E82 -> 97.5 | I82: =E82*50/C82 -> 0.015384615
A84: 17 | B84: =B82+7 -> 43331 | C84: =D82+G82-H82 -> 3792.298 | D84: =C84+(C84*0.03) -> 3906.067 | E84: =C84/3250 -> 1.1668609 | F84: =(D84-C84)/E84 -> 97.5 | I84: =E84*50/C84 -> 0.015384615
B85: =B84+7 -> 43338 | C85: =D84+G84-H84 -> 3906.067 | D85: =C85+(C85*0.03) -> 4023.249 | E85: =C85/3250 -> 1.2018668 | F85: =(D85-C85)/E85 -> 97.5 | I85: =E85*50/C85 -> 0.015384615
B86: =B85+7 -> 43345 | C86: =D85+G85-H85 -> 4023.249 | D86: =C86+(C86*0.03) -> 4143.9465 | E86: =C86/3250 -> 1.2379228 | F86: =(D86-C86)/E86 -> 97.5 | I86: =E86*50/C86 -> 0.015384615
B87: =B86+7 -> 43352 | C87: =D86+G86-H86 -> 4143.9465 | D87: =C87+(C87*0.03) -> 4268.2649 | E87: =C87/3250 -> 1.2750605 | F87: =(D87-C87)/E87 -> 97.5 | I87: =E87*50/C87 -> 0.015384615
A89: 18 | B89: =B87+7 -> 43359 | C89: =D87+G87-H87 -> 4268.2649 | D89: =C89+(C89*0.03) -> 4396.3128 | E89: =C89/3250 -> 1.3133123 | F89: =(D89-C89)/E89 -> 97.5 | I89: =E89*50/C89 -> 0.015384615
B90: =B89+7 -> 43366 | C90: =D89+G89-H89 -> 4396.3128 | D90: =C90+(C90*0.03) -> 4528.2022 | E90: =C90/3250 -> 1.3527116 | F90: =(D90-C90)/E90 -> 97.5 | I90: =E90*50/C90 -> 0.015384615
B91: =B90+7 -> 43373 | C91: =D90+G90-H90 -> 4528.2022 | D91: =C91+(C91*0.03) -> 4664.0483 | E91: =C91/3250 -> 1.393293 | F91: =(D91-C91)/E91 -> 97.5 | I91: =E91*50/C91 -> 0.015384615
B92: =B91+7 -> 43380 | C92: =D91+G91-H91 -> 4664.0483 | D92: =C92+(C92*0.03) -> 4803.9697 | E92: =C92/3250 -> 1.4350918 | F92: =(D92-C92)/E92 -> 97.5 | H92: =(D92-C79)*0.35 -> 502.0967 | I92: =E92*50/C92 -> 0.015384615 | K92: Alligator Fund Management gives or takes 35% of losses or winnings
A94: 19 | B94: =B92+7 -> 43387 | C94: =D92+G92-H92 -> 4301.873 | D94: =C94+(C94*0.03) -> 4430.9292 | E94: =C94/3250 -> 1.3236532 | F94: =(D94-C94)/E94 -> 97.5 | I94: =E94*50/C94 -> 0.015384615
B95: =B94+7 -> 43394 | C95: =D94+G94-H94 -> 4430.9292 | D95: =C95+(C95*0.03) -> 4563.8571 | E95: =C95/3250 -> 1.3633628 | F95: =(D95-C95)/E95 -> 97.5 | I95: =E95*50/C95 -> 0.015384615
B96: =B95+7 -> 43401 | C96: =D95+G95-H95 -> 4563.8571 | D96: =C96+(C96*0.03) -> 4700.7728 | E96: =C96/3250 -> 1.4042637 | F96: =(D96-C96)/E96 -> 97.5 | I96: =E96*50/C96 -> 0.015384615
B97: =B96+7 -> 43408 | C97: =D96+G96-H96 -> 4700.7728 | D97: =C97+(C97*0.03) -> 4841.796 | E97: =C97/3250 -> 1.4463916 | F97: =(D97-C97)/E97 -> 97.5 | I97: =E97*50/C97 -> 0.015384615
A99: 20 | B99: =B97+7 -> 43415 | C99: =D97+G97-H97 -> 4841.796 | D99: =C99+(C99*0.03) -> 4987.0498 | E99: =C99/3250 -> 1.4897834 | F99: =(D99-C99)/E99 -> 97.5 | I99: =E99*50/C99 -> 0.015384615
B100: =B99+7 -> 43422 | C100: =D99+G99-H99 -> 4987.0498 | D100: =C100+(C100*0.03) -> 5136.6613 | E100: =C100/3250 -> 1.5344769 | F100: =(D100-C100)/E100 -> 97.5 | I100: =E100*50/C100 -> 0.015384615
B101: =B100+7 -> 43429 | C101: =D100+G100-H100 -> 5136.6613 | D101: =C101+(C101*0.03) -> 5290.7612 | E101: =C101/3250 -> 1.5805112 | F101: =(D101-C101)/E101 -> 97.5 | I101: =E101*50/C101 -> 0.015384615
B102: =B101+7 -> 43436 | C102: =D101+G101-H101 -> 5290.7612 | D102: =C102+(C102*0.03) -> 5449.484 | E102: =C102/3250 -> 1.6279265 | F102: =(D102-C102)/E102 -> 97.5 | I102: =E102*50/C102 -> 0.015384615
A104: 21 | B104: =B102+7 -> 43443 | C104: =D102+G102-H102 -> 5449.484 | D104: =C104+(C104*0.03) -> 5612.9685 | E104: =C104/3250 -> 1.6767643 | F104: =(D104-C104)/E104 -> 97.5 | I104: =E104*50/C104 -> 0.015384615
B105: =B104+7 -> 43450 | C105: =D104+G104-H104 -> 5612.9685 | D105: =C105+(C105*0.03) -> 5781.3576 | E105: =C105/3250 -> 1.7270672 | F105: =(D105-C105)/E105 -> 97.5 | I105: =E105*50/C105 -> 0.015384615
B106: =B105+7 -> 43457 | C106: =D105+G105-H105 -> 5781.3576 | D106: =C106+(C106*0.03) -> 5954.7983 | E106: =C106/3250 -> 1.7788793 | F106: =(D106-C106)/E106 -> 97.5 | I106: =E106*50/C106 -> 0.015384615
B107: =B106+7 -> 43464 | C107: =D106+G106-H106 -> 5954.7983 | D107: =C107+(C107*0.03) -> 6133.4423 | E107: =C107/3250 -> 1.8322456 | F107: =(D107-C107)/E107 -> 97.5 | H107: =(D107-C94)*0.35 -> 641.04924 | I107: =E107*50/C107 -> 0.015384615 | K107: Alligator Fund Management gives or takes 35% of losses or winnings
A109: 22 | B109: =B107+7 -> 43471 | C109: =D107+G107-H107 -> 5492.393 | D109: =C109+(C109*0.03) -> 5657.1648 | E109: =C109/3250 -> 1.6899671 | F109: =(D109-C109)/E109 -> 97.5 | I109: =E109*50/C109 -> 0.015384615
B110: =B109+7 -> 43478 | C110: =D109+G109-H109 -> 5657.1648 | D110: =C110+(C110*0.03) -> 5826.8798 | E110: =C110/3250 -> 1.7406661 | F110: =(D110-C110)/E110 -> 97.5 | I110: =E110*50/C110 -> 0.015384615
B111: =B110+7 -> 43485 | C111: =D110+G110-H110 -> 5826.8798 | D111: =C111+(C111*0.03) -> 6001.6861 | E111: =C111/3250 -> 1.7928861 | F111: =(D111-C111)/E111 -> 97.5 | I111: =E111*50/C111 -> 0.015384615
B112: =B111+7 -> 43492 | C112: =D111+G111-H111 -> 6001.6861 | D112: =C112+(C112*0.03) -> 6181.7367 | E112: =C112/3250 -> 1.8466727 | F112: =(D112-C112)/E112 -> 97.5 | I112: =E112*50/C112 -> 0.015384615
A114: 23 | B114: =B112+7 -> 43499 | C114: =D112+G112-H112 -> 6181.7367 | D114: =C114+(C114*0.03) -> 6367.1888 | E114: =C114/3250 -> 1.9020728 | F114: =(D114-C114)/E114 -> 97.5 | I114: =E114*50/C114 -> 0.015384615
B115: =B114+7 -> 43506 | C115: =D114+G114-H114 -> 6367.1888 | D115: =C115+(C115*0.03) -> 6558.2045 | E115: =C115/3250 -> 1.959135 | F115: =(D115-C115)/E115 -> 97.5 | I115: =E115*50/C115 -> 0.015384615
B116: =B115+7 -> 43513 | C116: =D115+G115-H115 -> 6558.2045 | D116: =C116+(C116*0.03) -> 6754.9506 | E116: =C116/3250 -> 2.0179091 | F116: =(D116-C116)/E116 -> 97.5 | I116: =E116*50/C116 -> 0.015384615
B117: =B116+7 -> 43520 | C117: =D116+G116-H116 -> 6754.9506 | D117: =C117+(C117*0.03) -> 6957.5992 | E117: =C117/3250 -> 2.0784463 | F117: =(D117-C117)/E117 -> 97.5 | I117: =E117*50/C117 -> 0.015384615
A119: 24 | B119: =B117+7 -> 43527 | C119: =D117+G117-H117 -> 6957.5992 | D119: =C119+(C119*0.03) -> 7166.3271 | E119: =C119/3250 -> 2.1407997 | F119: =(D119-C119)/E119 -> 97.5 | I119: =E119*50/C119 -> 0.015384615
B120: =B119+7 -> 43534 | C120: =D119+G119-H119 -> 7166.3271 | D120: =C120+(C120*0.03) -> 7381.3169 | E120: =C120/3250 -> 2.2050237 | F120: =(D120-C120)/E120 -> 97.5 | I120: =E120*50/C120 -> 0.015384615
B121: =B120+7 -> 43541 | C121: =D120+G120-H120 -> 7381.3169 | D121: =C121+(C121*0.03) -> 7602.7564 | E121: =C121/3250 -> 2.2711744 | F121: =(D121-C121)/E121 -> 97.5 | I121: =E121*50/C121 -> 0.015384615
B122: =B121+7 -> 43548 | C122: =D121+G121-H121 -> 7602.7564 | D122: =C122+(C122*0.03) -> 7830.8391 | E122: =C122/3250 -> 2.3393097 | F122: =(D122-C122)/E122 -> 97.5 | H122: =(D122-C109)*0.35 -> 818.45614 | I122: =E122*50/C122 -> 0.015384615 | K122: Alligator Fund Management gives or takes 35% of losses or winnings
A124: 25 | B124: =B122+7 -> 43555 | C124: =D122+G122-H122 -> 7012.383 | D124: =C124+(C124*0.03) -> 7222.7545 | E124: =C124/3250 -> 2.1576563 | F124: =(D124-C124)/E124 -> 97.5 | I124: =E124*50/C124 -> 0.015384615
B125: =B124+7 -> 43562 | C125: =D124+G124-H124 -> 7222.7545 | D125: =C125+(C125*0.03) -> 7439.4371 | E125: =C125/3250 -> 2.222386 | F125: =(D125-C125)/E125 -> 97.5 | I125: =E125*50/C125 -> 0.015384615
...

Sheet Taf_Perfomance
A1: 3.5% Per Week Target Alligator Fund Management Account (With) Intervention -- Expert Advisor
A2: Week | B2: EA Account | C2: EA Return | D2: EA £ | E2: EA No | F2: Account | G2: Account | H2: Ave Risk | I2: Max % | J2: Max % | K2: Actual | L2: Business
A3: Commencing | B3: Equity | C3: Equity | D3: Per Pip | E3: Of Pips | F3: Top UP | G3: W/drawal | H3: % Per Trade | I3: Flag | J3: Day | K3: % Profit | L3: Account
A4: 42386 | B4: 300 | C4: =B4+(B4*0.55) -> 465 | D4: =B4/2000 -> 0.15 | E4: =(C4-B4)/D4 -> 1100 | H4: =D4*50/B4 -> 0.025
A5: =A4+7 -> 42393 | B5: =C4+F4-G4 -> 465 | C5: =B5+(B5*0.51) -> 702.15 | D5: =B5/2000 -> 0.2325 | E5: =(C5-B5)/D5 -> 1020 | F5: 200 | H5: =D5*50/B5 -> 0.025
A6: =A5+7 -> 42400 | B6: =C5+F5-G5 -> 902.15 | C6: =B6+(B6*0.325) -> 1195.3488 | D6: =B6/2000 -> 0.451075 | E6: =(C6-B6)/D6 -> 650 | H6: =D6*50/B6 -> 0.025
A7: =A6+7 -> 42407 | B7: =C6+F6-G6 -> 1195.3488 | C7: =B7+(B7*0.25) -> 1494.1859 | D7: =B7/2000 -> 0.59767438 | E7: =(C7-B7)/D7 -> 500 | H7: =D7*50/B7 -> 0.025
E8: 3270
A9: =A7+7 -> 42414 | B9: =C7-G7 -> 1494.1859 | C9: =B9+(B9*-0.3) -> 1045.9302 | D9: =B9/2000 -> 0.74709297 | E9: =(C9-B9)/D9 -> -600 | H9: =D9*50/B9 -> 0.025 | M9: Discipline
A10: =A9+7 -> 42421 | B10: =C9+F9-G9 -> 1045.9302 | C10: =B10+(B10*-0.3) -> 732.15111 | D10: =B10/2000 -> 0.52296508 | E10: =(C10-B10)/D10 -> -600 | H10: =D10*50/B10 -> 0.025 | M10: Discipline
A11: =A10+7 -> 42428 | B11: =C10+F10-G10 -> 732.15111 | C11: =B11+(B11*-0.14) -> 629.64995 | D11: =B11/2000 -> 0.36607555 | E11: =(C11-B11)/D11 -> -280 | F11: 470 | H11: =D11*50/B11 -> 0.025 | M11: Discipline
A12: =A11+7 -> 42435 | B12: =C11+F11-G11 -> 1099.65 | C12: =B12+(B12*0.7) -> 1869.4049 | D12: =B12/2000 -> 0.54982498 | E12: =(C12-B12)/D12 -> 1400 | H12: =D12*50/B12 -> 0.025
E13: -80
A14: =A12+7 -> 42442 | B14: =C12+F12-G12 -> 1869.4049 | C14: =B14+(B14*-0.015) -> 1841.3638 | D14: =B14/2000 -> 0.93470246 | E14: =(C14-B14)/D14 -> -30 | H14: =D14*50/B14 -> 0.025
A15: =A14+7 -> 42449 | B15: =C14+F14-G14 -> 1841.3638 | C15: =B15+(B15*0.05) -> 1933.432 | D15: =B15/2000 -> 0.92068192 | E15: =(C15-B15)/D15 -> 100 | H15: =D15*50/B15 -> 0.025 | M15: Running Trades
A16: =A15+7 -> 42456 | B16: =C15+F15-G15 -> 1933.432 | C16: =B16+(B16*0.459) -> 2820.8773 | D16: =B16/2000 -> 0.96671602 | E16: =(C16-B16)/D16 -> 918 | H16: =D16*50/B16 -> 0.025 | M16: Running Trades
A17: =A16+7 -> 42463 | B17: =C16+F16-G16 -> 2820.8773 | C17: =B17+(B17*0.3) -> 3667.1406 | D17: =B17/2000 -> 1.4104387 | E17: =(C17-B17)/D17 -> 600 | H17: =D17*50/B17 -> 0.025 | M17: Running Trades
E18: 1588
A19: =A17+7 -> 42470 | B19: =C17+F17-G17 -> 3667.1406 | C19: =B19+(B19*0.474) -> 5405.3652 | D19: =B19/2000 -> 1.8335703 | E19: =(C19-B19)/D19 -> 948 | H19: =D19*50/B19 -> 0.025 | M19: Running Trades | N19: Transition To Live01
A20: =A19+7 -> 42477 | B20: =C19+F19-G19 -> 5405.3652 | C20: =B20+(B20*0.07) -> 5783.7407 | D20: =B20/4000 -> 1.3513413 | E20: =(C20-B20)/D20 -> 280 | H20: =D20*50/B20 -> 0.0125 | M20: Running Trades
A21: =A20+7 -> 42484 | B21: =C20+F20-G20 -> 5783.7407 | C21: =B21+(B21*-0.184) -> 4719.5324 | D21: =B21/4000 -> 1.4459352 | E21: =(C21-B21)/D21 -> -736 | H21: =D21*50/B21 -> 0.0125 | I21: 0.1 | J21: Mon | K21: -0.18 | M21: Running Trades
A22: =A21+7 -> 42491 | B22: =C21+F21-G21 -> 4719.5324 | C22: =B22+(B22*0.179) -> 5564.3287 | D22: =B22/4500 -> 1.048785 | E22: =(C22-B22)/D22 -> 805.5 | H22: =D22*50/B22 -> 0.011111111 | I22: 0.17 | J22: Fri | K22: 0.17
E23: 1298
A24: =A22+7 -> 42498 | B24: =C22+F22-G22 -> 5564.3287 | C24: =B24+(B24*-0.12975) -> 4842.3571 | D24: =B24/4500 -> 1.2365175 | E24: =(C24-B24)/D24 -> -583.875 | H24: =D24*50/B24 -> 0.011111111 | I24: -0.12 | J24: Lost | K24: -0.12
A25: =A24+7 -> 42505 | B25: =C24+F24-G24 -> 4842.3571 | C25: =B25+(B25*0.014) -> 4910.1501 | D25: =B25/4500 -> 1.0760794 | E25: =(C25-B25)/D25 -> 63 | G25: 1500 | H25: =D25*50/B25 -> 0.011111111 | I25: 0.1 | J25: Wed | K25: 0.01
A26: =A25+7 -> 42512 | B26: =C25+F25-G25 -> 3410.1501 | C26: =B26+(B26*0.017) -> 3468.1226 | D26: =B26/4500 -> 0.75781113 | E26: =(C26-B26)/D26 -> 76.5 | H26: =D26*50/B26 -> 0.011111111 | I26: 0.06 | J26: Wed | K26: 0.01 | M26: Running Trades
A27: =A26+7 -> 42519 | B27: =C26+F26-G26 -> 3468.1226 | C27: =B27+(B27*-0.193) -> 2798.775 | D27: =B27/4500 -> 0.77069392 | E27: =(C27-B27)/D27 -> -868.5 | F27: 1500 | H27: =D27*50/B27 -> 0.011111111 | I27: 0.06 | J27: Thur | K27: -0.12
E28: -1313
A29: =A27+7 -> 42526 | B29: =C27+F27-G27 -> 4298.775 | C29: =B29+(B29*-0.0986) -> 3874.9158 | D29: =B29/4500 -> 0.95528333 | E29: =(C29-B29)/D29 -> -443.7 | H29: =D29*50/B29 -> 0.011111111 | I29: -0.09 | J29: Lost | K29: -0.09
A30: =A29+7 -> 42533 | B30: =C29+F29-G29 -> 3874.9158 | C30: =B30+(B30*-0.05) -> 3681.17 | D30: =B30/15000 -> 0.25832772 | E30: =(C30-B30)/D30 -> -750 | H30: =D30*50/B30 -> 0.0033333333 | M30: BREXIT TRADING
A31: =A30+7 -> 42540 | B31: =C30+F30-G30 -> 3681.17 | C31: =B31+(B31*0.1) -> 4049.287 | D31: =B31/15000 -> 0.24541133 | E31: =(C31-B31)/D31 -> 1500 | H31: =D31*50/B31 -> 0.0033333333 | M31: BREXIT TRADING
A32: =A31+7 -> 42547 | B32: =C31+F31-G31 -> 4049.287 | C32: =B32+(B32*-0.117) -> 3575.5204 | D32: =B32/10000 -> 0.4049287 | E32: =(C32-B32)/D32 -> -1170 | G32: 2000 | H32: =D32*50/B32 -> 0.005 | M32: Normal Trading Resumes
E33: -864
A34: =A32+7 -> 42554 | B34: =C32+F32-G32 -> 1575.5204 | C34: =B34+(B34*-0.047) -> 1501.4709 | D34: =B34/10000 -> 0.15755204 | E34: =(C34-B34)/D34 -> -470 | F34: 615 | G34: 200 | H34: =D34*50/B34 -> 0.005 | M34: Trading Suspended due to Post Brexit Volatility
A35: =A34+7 -> 42561 | B35: =C34+F34-G34 -> 1916.4709 | C35: =B35+(B35*0.226) -> 2349.5934 | D35: =B35/10000 -> 0.19164709 | E35: =(C35-B35)/D35 -> 2260 | F35: 1350 | H35: =D35*50/B35 -> 0.005 | M35: Normal Trading Resumes
A36: =A35+7 -> 42568 | B36: =C35+F35-G35 -> 3699.5934 | C36: =B36+(B36*-0.207277) -> 2932.7528 | D36: =B36/10000 -> 0.36995934 | E36: =(C36-B36)/D36 -> -2072.77 | H36: =D36*50/B36 -> 0.005
A37: =A36+7 -> 42575 | B37: =C36+F36-G36 -> 2932.7528 | C37: =B37+(B37*-0.1674) -> 2441.8099 | D37: =B37/10000 -> 0.29327528 | E37: =(C37-B37)/D37 -> -1674 | H37: =D37*50/B37 -> 0.005
E38: -1957
A39: =A37+7 -> 42582 | B39: =C37+F37-G37 -> 2441.8099 | C39: =B39+(B39*-0.0021) -> 2436.6821 | D39: =B39/7000 -> 0.34882999 | E39: =(C39-B39)/D39 -> -14.7 | H39: =D39*50/B39 -> 0.0071428571
A40: =A39+7 -> 42589 | B40: =C39+F39-G39 -> 2436.6821 | C40: =B40+(B40*-0.05) -> 2314.848 | D40: =B40/7000 -> 0.34809745 | E40: =(C40-B40)/D40 -> -350 | H40: =D40*50/B40 -> 0.0071428571
A41: =A40+7 -> 42596 | B41: =C40+F40-G40 -> 2314.848 | C41: =B41+(B41*-0.039) -> 2224.569 | D41: =B41/7000 -> 0.33069258 | E41: =(C41-B41)/D41 -> -273 | H41: =D41*50/B41 -> 0.0071428571
A42: =A41+7 -> 42603 | B42: =C41+F41-G41 -> 2224.569 | C42: =B42+(B42*-0.035) -> 2146.709 | D42: =B42/7000 -> 0.31779557 | E42: =(C42-B42)/D42 -> -245 | H42: =D42*50/B42 -> 0.0071428571
E43: -883
A44: =A42+7 -> 42610 | B44: =C42+F42-G42 -> 2146.709 | C44: =B44+(B44*0.16) -> 2490.1825 | D44: =B44/7000 -> 0.30667272 | E44: =(C44-B44)/D44 -> 1120 | F44: 3400 | H44: =D44*50/B44 -> 0.0071428571
A45: =A44+7 -> 42617 | B45: =C44+F44-G44 -> 5890.1825 | C45: =B45+(B45*0.128) -> 6644.1259 | D45: =B45/7000 -> 0.84145464 | E45: =(C45-B45)/D45 -> 896 | H45: =D45*50/B45 -> 0.0071428571 | M45: Start of the 100% Working EA
A46: =A45+7 -> 42624 | B46: =C45+F45-G45 -> 6644.1259 | C46: =B46+(B46*0.0724) -> 7125.1606 | D46: =B46/7000 -> 0.94916084 | E46: =(C46-B46)/D46 -> 506.8 | H46: =D46*50/B46 -> 0.0071428571
A47: =A46+7 -> 42631 | B47: =C46+F46-G46 -> 7125.1606 | C47: =B47+(B47*-0.17) -> 5913.8833 | D47: =B47/5000 -> 1.4250321 | E47: =(C47-B47)/D47 -> -850 | G47: 500 | H47: =D47*50/B47 -> 0.01
E48: 1673
A49: =A47+7 -> 42638 | B49: =C47+F47-G47 -> 5413.8833 | C49: =B49+(B49*-0.26) -> 4006.2736 | D49: =B49/5000 -> 1.0827767 | E49: =(C49-B49)/D49 -> -1300 | H49: =D49*50/B49 -> 0.01
A50: =A49+7 -> 42645 | B50: =C49+F49-G49 -> 4006.2736 | C50: =B50+(B50*0.17835) -> 4720.7925 | D50: =B50/4000 -> 1.0015684 | E50: =(C50-B50)/D50 -> 713.4 | H50: =D50*50/B50 -> 0.0125 | I50: 0.2 | J50: Tue | K50: 0.17
A51: =A50+7 -> 42652 | B51: =C50+F50-G50 -> 4720.7925 | C51: =B51+(B51*0.19) -> 5617.7431 | D51: =B51/4000 -> 1.1801981 | E51: =(C51-B51)/D51 -> 760 | H51: =D51*50/B51 -> 0.0125 | I51: 0.22 | J51: Thur | K51: 0.19
A52: =A51+7 -> 42659 | B52: =C51+F51-G51 -> 5617.7431 | C52: =B52+(B52*0.085) -> 6095.2513 | D52: =B52/4000 -> 1.4044358 | E52: =(C52-B52)/D52 -> 340 | H52: =D52*50/B52 -> 0.0125 | I52: 0.1 | J52: Tue | K52: 0.08
E53: 513
A54: =A52+7 -> 42666 | B54: =C52+F52-G52 -> 6095.2513 | C54: =B54+(B54*-0.053) -> 5772.2029 | D54: =B54/4000 -> 1.5238128 | E54: =(C54-B54)/D54 -> -212 | G54: 350 | H54: =D54*50/B54 -> 0.0125 | I54: 0.1 | J54: Mon | K54: -0.05
A55: =A54+7 -> 42673 | B55: =C54+F54-G54 -> 5422.2029 | C55: =B55+(B55*0.255) -> 6804.8647 | D55: =B55/4000 -> 1.3555507 | E55: =(C55-B55)/D55 -> 1020 | G55: 108 | H55: =D55*50/B55 -> 0.0125 | I55: 0.3 | J55: Thur | K55: 0.25
A56: =A55+7 -> 42680 | B56: =C55+F55-G55 -> 6696.8647 | C56: =B56+(B56*0.043) -> 6984.8299 | D56: =B56/3250 -> 2.0605738 | E56: =(C56-B56)/D56 -> 139.75 | G56: =D56*50 -> 103.02869 | H56: =D56*50/B56 -> 0.015384615 | I56: 0.15 | J56: Thur | K56: 0.04
A57: =A56+7 -> 42687 | B57: =C56+F56-G56 -> 6881.8012 | C57: =B57+(B57*0.14) -> 7845.2534 | D57: =B57/3250 -> 2.1174773 | E57: =(C57-B57)/D57 -> 455 | G57: 103 | H57: =D57*50/B57 -> 0.015384615 | I57: 0.14 | J57: Thur | K57: 0.14
E58: 1403
A59: =A57+7 -> 42694 | B59: =C57+F57-G57 -> 7742.2534 | C59: =B59+(B59*0.075) -> 8322.9224 | D59: =B59/3250 -> 2.3822318 | E59: =(C59-B59)/D59 -> 243.75 | G59: 112 | H59: =D59*50/B59 -> 0.015384615 | I59: 0.07 | J59: Fri | K59: 0.07
A60: =A59+7 -> 42701 | B60: =C59+F59-G59 -> 8210.9224 | C60: =B60+(B60*-0.1780035) -> 6749.3494 | D60: =B60/3250 -> 2.5264376 | E60: =(C60-B60)/D60 -> -578.51137 | H60: =D60*50/B60 -> 0.015384615 | I60: -0.17 | J60: Fri | K60: -0.17
A61: =A60+7 -> 42708 | B61: =C60+F60-G60 -> 6749.3494 | C61: =B61+(B61*0.0164) -> 6860.0388 | D61: =B61/3250 -> 2.0767229 | E61: =(C61-B61)/D61 -> 53.3 | G61: 100 | H61: =D61*50/B61 -> 0.015384615 | I61: 0.07 | J61: Tue | K61: 0.01
A62: =A61+7 -> 42715 | B62: =C61+F61-G61 -> 6760.0388 | C62: =B62+(B62*-0.17985) -> 5544.2458 | D62: =B62/3250 -> 2.0800119 | E62: =(C62-B62)/D62 -> -584.5125 | H62: =D62*50/B62 -> 0.015384615 | I62: 0.1 | J62: Mon | K62: -0.18
E63: -866
A64: =A62+7 -> 42722 | B64: =C62+F62-G62 -> 5544.2458 | C64: =B64+(B64*0.07) -> 5932.343 | D64: =B64/3250 -> 1.7059218 | E64: =(C64-B64)/D64 -> 227.5 | H64: =D64*50/B64 -> 0.015384615 | I64: 0.07 | J64: Fri | K64: 0.07
A65: =A64+7 -> 42729 | B65: =C64+F64-G64 -> 5932.343 | C65: =B65+(B65*-0.0815) -> 5448.857 | D65: =B65/3250 -> 1.8253363 | E65: =(C65-B65)/D65 -> -264.875 | H65: =D65*50/B65 -> 0.015384615 | I65: 0.04 | J65: Tue | K65: -0.08
A66: =A65+7 -> 42736 | B66: =C65+F65-G65 -> 5448.857 | C66: =B66+(B66*-0.096) -> 4925.7668 | D66: =B66/3250 -> 1.6765714 | E66: =(C66-B66)/D66 -> -312 | H66: =D66*50/B66 -> 0.015384615 | I66: 0.03 | J66: Fri | K66: -0.09
A67: =A66+7 -> 42743 | B67: =C66+F66-G66 -> 4925.7668 | C67: =B67+(B67*-0.0311) -> 4772.5754 | D67: =B67/3250 -> 1.5156205 | E67: =(C67-B67)/D67 -> -101.075 | H67: =D67*50/B67 -> 0.015384615 | I67: 0.07 | J67: Wed | K67: -0.03
E68: -450
A69: =A67+7 -> 42750 | B69: =C67+F67-G67 -> 4772.5754 | C69: =B69+(B69*-0.02) -> 4677.1239 | D69: =B69/3000 -> 1.5908585 | E69: =(C69-B69)/D69 -> -60 | G69: 3820 | H69: =D69*50/B69 -> 0.016666667 | I69: -0.02 | J69: Mon | K69: -0.02 | M69: Transfered to Martingale and Lost
A70: =A69+7 -> 42757 | B70: =C69+F69-G69 -> 857.12392 | C70: =B70+(B70*0.036) -> 887.98038 | D70: =B70/3000 -> 0.28570797 | E70: =(C70-B70)/D70 -> 108 | H70: =D70*50/B70 -> 0.016666667 | I70: 0.11 | J70: Wed | K70: 0.05
A71: =A70+7 -> 42764 | B71: =C70+F70-G70 -> 887.98038 | C71: =B71+(B71*-0.0015) -> 886.64841 | D71: =B71/3000 -> 0.29599346 | E71: =(C71-B71)/D71 -> -4.5 | H71: =D71*50/B71 -> 0.016666667 | I71: 0.04 | J71: Thur | K71: -0.01
A72: =A71+7 -> 42771 | B72: =C71+F71-G71 -> 886.64841 | C72: =B72+(B72*-0.053) -> 839.65604 | D72: =B72/3000 -> 0.29554947 | E72: =(C72-B72)/D72 -> -159 | H72: =D72*50/B72 -> 0.016666667 | I72: 0.1 | J72: Fri | K72: -0.05
A74: =A72+7 -> 42778 | B74: =C72+F72-G72 -> 839.65604 | C74: =B74+(B74*0.05) -> 881.63884 | D74: =B74/3000 -> 0.27988535 | E74: =(C74-B74)/D74 -> 150 | F74: 700 | H74: =D74*50/B74 -> 0.016666667 | J74: Thur | K74: 0.05 | M74: 5% Weekly Target
A75: =A74+7 -> 42785 | B75: =C74+F74-G74 -> 1581.6388 | C75: =B75+(B75*0.05) -> 1660.7208 | D75: =B75/3000 -> 0.52721295 | E75: =(C75-B75)/D75 -> 150 | H75: =D75*50/B75 -> 0.016666667 | J75: Mon | K75: 0.05
A76: =A75+7 -> 42792 | B76: =C75+F75-G75 -> 1660.7208 | C76: =B76+(B76*-0.31) -> 1145.8973 | D76: =B76/3000 -> 0.5535736 | E76: =(C76-B76)/D76 -> -930 | H76: =D76*50/B76 -> 0.016666667 | J76: Fri | K76: -0.31
A77: =A76+7 -> 42799 | B77: =C76+F76-G76 -> 1145.8973 | C77: =B77+(B77*-0.05) -> 1088.6025 | D77: =B77/2500 -> 0.45835894 | E77: =(C77-B77)/D77 -> -125 | F77: 250 | H77: =D77*50/B77 -> 0.02 | J77: Fri | K77: -0.05
A79: =A77+7 -> 42806 | B79: =C77+F77-G77 -> 1338.6025 | C79: =B79+(B79*0.108) -> 1483.1715 | D79: =B79/2500 -> 0.53544099 | E79: =(C79-B79)/D79 -> 270 | F79: 250 | H79: =D79*50/B79 -> 0.02 | M79: 5% Per Week Portifolio Target
A80: =A79+7 -> 42813 | B80: =C79+F79-G79 -> 1733.1715 | C80: =B80+(B80*0.05) -> 1819.8301 | D80: =B80/2500 -> 0.69326862 | E80: =(C80-B80)/D80 -> 125 | H80: =D80*50/B80 -> 0.02
A81: =A80+7 -> 42820 | B81: =C80+F80-G80 -> 1819.8301 | C81: =B81+(B81*0.01) -> 1838.0284 | D81: =B81/2500 -> 0.72793205 | E81: =(C81-B81)/D81 -> 25 | H81: =D81*50/B81 -> 0.02
A82: =A81+7 -> 42827 | B82: =C81+F81-G81 -> 1838.0284 | C82: =B82+(B82*-0.17042) -> 1524.7916 | D82: =B82/2500 -> 0.73521137 | E82: =(C82-B82)/D82 -> -426.05 | H82: =D82*50/B82 -> 0.02
A83: The Birth of Alligator Fund Management_TakeProfit Trading Strategy
A84: =A82+7 -> 42834 | B84: =C82+F82-G82 -> 1524.7916 | C84: =B84+(B84*0.115) -> 1700.1427 | D84: =B84/2500 -> 0.60991665 | E84: =(C84-B84)/D84 -> 287.5 | H84: =D84*50/B84 -> 0.02
A85: =A84+7 -> 42841 | B85: =C84+F84-G84 -> 1700.1427 | C85: =B85+(B85*0.025) -> 1742.6462 | D85: =B85/2500 -> 0.68005706 | E85: =(C85-B85)/D85 -> 62.5 | H85: =D85*50/B85 -> 0.02
A86: =A85+7 -> 42848 | B86: =C85+F85-G85 -> 1742.6462 | C86: =B86+(B86*0.07251) -> 1869.0055 | D86: =B86/2500 -> 0.69705849 | E86: =(C86-B86)/D86 -> 181.275 | H86: =D86*50/B86 -> 0.02
A87: =A86+7 -> 42855 | B87: =C86+F86-G86 -> 1869.0055 | C87: =B87+(B87*0) -> 1869.0055 | D87: =B87/2500 -> 0.7476022 | E87: =(C87-B87)/D87 -> 0 | H87: =D87*50/B87 -> 0.02
A89: =A87+7 -> 42862 | B89: =C87+F87-G87 -> 1869.0055 | C89: =B89+(B89*0.034) -> 1932.5517 | D89: =B89/2500 -> 0.7476022 | E89: =(C89-B89)/D89 -> 85 | H89: =D89*50/B89 -> 0.02
A90: =A89+7 -> 42869 | B90: =C89+F89-G89 -> 1932.5517 | C90: =B90+(B90*0.024) -> 1978.9329 | D90: =B90/2500 -> 0.77302067 | E90: =(C90-B90)/D90 -> 60 | H90: =D90*50/B90 -> 0.02
A91: =A90+7 -> 42876 | B91: =C90+F90-G90 -> 1978.9329 | C91: =B91+(B91*0.054) -> 2085.7953 | D91: =B91/2500 -> 0.79157317 | E91: =(C91-B91)/D91 -> 135 | G91: 785 | H91: =D91*50/B91 -> 0.02
A93: =A91+7 -> 42883 | B93: =C91+F91-G91 -> 1300.7953 | C93: =B93+(B93*0.035) -> 1346.3231 | D93: =B93/3250 -> 0.40024471 | E93: =(C93-B93)/D93 -> 113.75 | H93: =D93*50/B93 -> 0.015384615
A94: =A93+7 -> 42890 | B94: =C93+F93-G93 -> 1346.3231 | C94: =B94+(B94*0.1312) -> 1522.9607 | D94: =B94/3250 -> 0.41425327 | E94: =(C94-B94)/D94 -> 426.4 | H94: =D94*50/B94 -> 0.015384615
A95: =A94+7 -> 42897 | B95: =C94+F94-G94 -> 1522.9607 | C95: =B95+(B95*0.014) -> 1544.2822 | D95: =B95/3250 -> 0.4686033 | E95: =(C95-B95)/D95 -> 45.5 | H95: =D95*50/B95 -> 0.015384615
A96: =A95+7 -> 42904 | B96: =C95+F95-G95 -> 1544.2822 | C96: =B96+(B96*0) -> 1544.2822 | D96: =B96/3250 -> 0.47516375 | E96: =(C96-B96)/D96 -> 0 | H96: =D96*50/B96 -> 0.015384615
A98: =A96+7 -> 42911 | B98: =C96+F96-G96 -> 1544.2822 | C98: =B98+(B98*0.015) -> 1567.4464 | D98: =B98/3250 -> 0.47516375 | E98: =(C98-B98)/D98 -> 48.75 | H98: =D98*50/B98 -> 0.015384615
A99: =A98+7 -> 42918 | B99: =C98+F98-G98 -> 1567.4464 | C99: =B99+(B99*0.054) -> 1652.0885 | D99: =B99/3250 -> 0.48229121 | E99: =(C99-B99)/D99 -> 175.5 | H99: =D99*50/B99 -> 0.015384615
A100: =A99+7 -> 42925 | B100: =C99+F99-G99 -> 1652.0885 | C100: =B100+(B100*0.0483) -> 1731.8844 | D100: =B100/3250 -> 0.50833493 | E100: =(C100-B100)/D100 -> 156.975 | H100: =D100*50/B100 -> 0.015384615
A101: =A100+7 -> 42932 | B101: =C100+F100-G100 -> 1731.8844 | C101: =B101+(B101*-0.074) -> 1603.725 | D101: =B101/3250 -> 0.53288751 | E101: =(C101-B101)/D101 -> -240.5 | H101: =D101*50/B101 -> 0.015384615
A103: =A101+7 -> 42939 | B103: =C101+F101-G101 -> 1603.725 | C103: =B103+(B103*0.0427) -> 1672.204 | D103: =B103/3250 -> 0.49345383 | E103: =(C103-B103)/D103 -> 138.775 | H103: =D103*50/B103 -> 0.015384615
A104: =A103+7 -> 42946 | B104: =C103+F103-G103 -> 1672.204 | C104: =B104+(B104*-0.0045) -> 1664.6791 | D104: =B104/3250 -> 0.51452431 | E104: =(C104-B104)/D104 -> -14.625 | H104: =D104*50/B104 -> 0.015384615
A105: =A104+7 -> 42953 | B105: =C104+F104-G104 -> 1664.6791 | C105: =B105+(B105*-0.0326) -> 1610.4106 | D105: =B105/3250 -> 0.51220895 | E105: =(C105-B105)/D105 -> -105.95 | H105: =D105*50/B105 -> 0.015384615
A106: =A105+7 -> 42960 | B106: =C105+F105-G105 -> 1610.4106 | C106: =B106+(B106*-0.02) -> 1578.2023 | D106: =B106/3250 -> 0.49551094 | E106: =(C106-B106)/D106 -> -65 | H106: =D106*50/B106 -> 0.015384615
...

Sheet Account_Perfomance
A2: Week | B2: EA Account | C2: EA Return | D2: EA £ | E2: EA No | F2: Account | G2: Account | H2: Ave Risk
A3: Commencing | B3: Equity | C3: Equity | D3: Per Pip | E3: Of Pips | F3: Top UP | G3: W/drawal | H3: % Per Trade
A4: 42883 | B4: 5300.8 | C4: =B4+(B4*0.035) -> 5486.328 | D4: =B4/3250 -> 1.6310154 | E4: =(C4-B4)/D4 -> 113.75 | H4: =D4*50/B4 -> 0.015384615
A5: =A4+7 -> 42890 | B5: =C4 -> 5486.328 | C5: =B5+(B5*0.1312) -> 6206.1342 | D5: =B5/3250 -> 1.6881009 | E5: =(C5-B5)/D5 -> 426.4 | H5: =D5*50/B5 -> 0.015384615
A6: =A5+7 -> 42897 | B6: =C5+F5-G5 -> 6206.1342 | C6: =B6+(B6*0.014) -> 6293.0201 | D6: =B6/3250 -> 1.9095798 | E6: =(C6-B6)/D6 -> 45.5 | F6: 200 | H6: =D6*50/B6 -> 0.015384615
A7: =A6+7 -> 42904 | B7: =C6+F6-G6 -> 6493.0201 | C7: =B7+(B7*0) -> 6493.0201 | D7: =B7/3250 -> 1.9978523 | E7: =(C7-B7)/D7 -> 0 | H7: =D7*50/B7 -> 0.015384615
A9: =A7+7 -> 42911 | B9: =C7+F7-G7 -> 6493.0201 | C9: =B9+(B9*0.015) -> 6590.4154 | D9: =B9/3250 -> 1.9978523 | E9: =(C9-B9)/D9 -> 48.75 | H9: =D9*50/B9 -> 0.015384615
A10: =A9+7 -> 42918 | B10: =C9+F9-G9 -> 6590.4154 | C10: =B10+(B10*0.054) -> 6946.2978 | D10: =B10/3250 -> 2.0278201 | E10: =(C10-B10)/D10 -> 175.5 | H10: =D10*50/B10 -> 0.015384615
A11: =A10+7 -> 42925 | B11: =C10+F10-G10 -> 6946.2978 | C11: =B11+(B11*0.0483) -> 7281.804 | D11: =B11/3250 -> 2.1373224 | E11: =(C11-B11)/D11 -> 156.975 | H11: =D11*50/B11 -> 0.015384615
A12: =A11+7 -> 42932 | B12: =C11+F11-G11 -> 7281.804 | C12: =B12+(B12*-0.074) -> 6742.9505 | D12: =B12/3250 -> 2.2405551 | E12: =(C12-B12)/D12 -> -240.5 | H12: =D12*50/B12 -> 0.015384615
A14: =A12+7 -> 42939 | B14: =C12+F12-G12 -> 6742.9505 | C14: =B14+(B14*0.0427) -> 7030.8745 | D14: =B14/3250 -> 2.074754 | E14: =(C14-B14)/D14 -> 138.775 | F14: 1492 | H14: =D14*50/B14 -> 0.015384615
A15: =A14+7 -> 42946 | B15: =C14+F14-G14 -> 8522.8745 | C15: =B15+(B15*-0.0045) -> 8484.5216 | D15: =B15/3250 -> 2.6224229 | E15: =(C15-B15)/D15 -> -14.625 | H15: =D15*50/B15 -> 0.015384615
A16: =A15+7 -> 42953 | B16: =C15+F15-G15 -> 8484.5216 | C16: =B16+(B16*-0.0326) -> 8207.9262 | D16: =B16/3250 -> 2.610622 | E16: =(C16-B16)/D16 -> -105.95 | F16: 1000 | H16: =D16*50/B16 -> 0.015384615
A17: =A16+7 -> 42960 | B17: =C16+F16-G16 -> 9207.9262 | C17: =B17+(B17*-0.02) -> 9023.7677 | D17: =B17/3250 -> 2.8332081 | E17: =(C17-B17)/D17 -> -65 | H17: =D17*50/B17 -> 0.015384615
A19: =A17+7 -> 42967 | B19: =C17+F17-G17 -> 9023.7677 | C19: =B19+(B19*0.0596) -> 9561.5842 | D19: =B19/3250 -> 2.7765439 | E19: =(C19-B19)/D19 -> 193.7 | H19: =D19*50/B19 -> 0.015384615
A20: =A19+7 -> 42974 | B20: =C19+F19-G19 -> 9561.5842 | C20: =B20+(B20*-0.0884) -> 8716.3402 | D20: =B20/3250 -> 2.9420259 | E20: =(C20-B20)/D20 -> -287.3 | H20: =D20*50/B20 -> 0.015384615
A21: =A20+7 -> 42981 | B21: =C20+F20-G20 -> 8716.3402 | C21: =B21+(B21*-0.0583) -> 8208.1775 | D21: =B21/5500 -> 1.5847891 | E21: =(C21-B21)/D21 -> -320.65 | H21: =D21*50/B21 -> 0.0090909091
A22: =A21+7 -> 42988 | B22: =C21+F21-G21 -> 8208.1775 | C22: =B22+(B22*0.1119) -> 9126.6726 | D22: =B22/5500 -> 1.4923959 | E22: =(C22-B22)/D22 -> 615.45 | H22: =D22*50/B22 -> 0.0090909091
A24: =A22+7 -> 42995 | B24: =C22+F22-G22 -> 9126.6726 | C24: =B24+(B24*-0.073) -> 8460.4255 | D24: =B24/5500 -> 1.659395 | E24: =(C24-B24)/D24 -> -401.5 | H24: =D24*50/B24 -> 0.0090909091
A25: =A24+7 -> 43002 | B25: =C24+F24-G24 -> 8460.4255 | C25: =B25+(B25*-0.0103) -> 8373.2831 | D25: =B25/5500 -> 1.5382592 | E25: =(C25-B25)/D25 -> -56.65 | F25: 800 | H25: =D25*50/B25 -> 0.0090909091
A26: =A25+7 -> 43009 | B26: =C25+F25-G25 -> 9173.2831 | C26: =B26+(B26*-0.0544) -> 8674.2565 | D26: =B26/5500 -> 1.6678697 | E26: =(C26-B26)/D26 -> -299.2 | F26: 1350 | H26: =D26*50/B26 -> 0.0090909091
A27: =A26+7 -> 43016 | B27: =C26+F26-G26 -> 10024.257 | C27: =B27+(B27*-0.0579) -> 9443.8521 | D27: =B27/3000 -> 3.3414188 | E27: =(C27-B27)/D27 -> -173.7 | H27: =D27*50/B27 -> 0.016666667
A29: =A27+7 -> 43023 | B29: =C27+F27-G27 -> 9443.8521 | C29: =B29+(B29*0.0774) -> 10174.806 | D29: =B29/3000 -> 3.1479507 | E29: =(C29-B29)/D29 -> 232.2 | H29: =D29*50/B29 -> 0.016666667
A30: =A29+7 -> 43030 | B30: =C29+F29-G29 -> 10174.806 | C30: =B30+(B30*0.0717) -> 10904.34 | D30: =B30/3000 -> 3.3916021 | E30: =(C30-B30)/D30 -> 215.1 | H30: =D30*50/B30 -> 0.016666667
A31: =A30+7 -> 43037 | B31: =C30+F30-G30 -> 10904.34 | C31: =B31+(B31*0.09) -> 11885.73 | D31: =B31/3000 -> 3.6347799 | E31: =(C31-B31)/D31 -> 270 | F31: =SharonN_Perfomance!C4 -> 500 | H31: =D31*50/B31 -> 0.016666667
A32: =A31+7 -> 43044 | B32: =C31+F31-G31 -> 12385.73 | C32: =B32+(B32*-0.0353) -> 11948.514 | D32: =B32/3000 -> 4.1285768 | E32: =(C32-B32)/D32 -> -105.9 | H32: =D32*50/B32 -> 0.016666667
A34: =A32+7 -> 43051 | B34: =C32+F32-G32 -> 11948.514 | C34: =B34+(B34*-0.1562) -> 10082.156 | D34: =B34/3000 -> 3.982838 | E34: =(C34-B34)/D34 -> -468.6 | H34: =D34*50/B34 -> 0.016666667
A35: =A34+7 -> 43058 | B35: =C34+F34-G34 -> 10082.156 | C35: =B35+(B35*0.081) -> 10898.811 | D35: =B35/2500 -> 4.0328625 | E35: =(C35-B35)/D35 -> 202.5 | H35: =D35*50/B35 -> 0.02
A36: =A35+7 -> 43065 | B36: =C35+F35-G35 -> 10898.811 | C36: =B36+(B36*-0.0343) -> 10524.982 | D36: =B36/2500 -> 4.3595243 | E36: =(C36-B36)/D36 -> -85.75 | H36: =D36*50/B36 -> 0.02
A37: =A36+7 -> 43072 | B37: =C36+F36-G36 -> 10524.982 | C37: =B37+(B37*0.10018) -> 11579.374 | D37: =B37/3250 -> 3.2384559 | E37: =(C37-B37)/D37 -> 325.585 | H37: =D37*50/B37 -> 0.015384615
A39: =A37+7 -> 43079 | B39: =C37+F37-G37 -> 11579.374 | C39: =B39+(B39*0.0214) -> 11827.173 | D39: =B39/3250 -> 3.5628844 | E39: =(C39-B39)/D39 -> 69.55 | F39: =Taf_Perfomance!$F$128 -> 700 | H39: =D39*50/B39 -> 0.015384615
A40: =A39+7 -> 43086 | B40: =C39+F39-G39 -> 12527.173 | C40: =B40+(B40*0.0087) -> 12636.159 | D40: =B40/3250 -> 3.8545147 | E40: =(C40-B40)/D40 -> 28.275 | H40: =D40*50/B40 -> 0.015384615
A41: =A40+7 -> 43093 | B41: =C40+F40-G40 -> 12636.159 | C41: =B41+(B41*0) -> 12636.159 | D41: =B41/3250 -> 3.888049 | E41: =(C41-B41)/D41 -> 0 | H41: =D41*50/B41 -> 0.015384615
A42: =A41+7 -> 43100 | B42: =C41+F41-G41 -> 12636.159 | C42: =B42+(B42*0) -> 12636.159 | D42: =B42/3250 -> 3.888049 | E42: =(C42-B42)/D42 -> 0 | H42: =D42*50/B42 -> 0.015384615
A44: =A42+7 -> 43107 | B44: =C42+F42-G42 -> 12636.159 | C44: =B44+(B44*-0.0579) -> 11904.526 | D44: =B44/3250 -> 3.888049 | E44: =(C44-B44)/D44 -> -188.175 | F44: 1500 | H44: =D44*50/B44 -> 0.015384615
A45: =A44+7 -> 43114 | B45: =C44+F44-G44 -> 13404.526 | C45: =B45+(B45*-0.1565) -> 11306.717 | D45: =B45/3250 -> 4.1244694 | E45: =(C45-B45)/D45 -> -508.625 | H45: =D45*50/B45 -> 0.015384615
A46: =A45+7 -> 43121 | B46: =C45+F45-G45 -> 11306.717 | C46: =B46+(B46*0.03) -> 11645.919 | D46: =B46/3250 -> 3.47899 | E46: =(C46-B46)/D46 -> 97.5 | H46: =D46*50/B46 -> 0.015384615
A47: =A46+7 -> 43128 | B47: =C46+F46-G46 -> 11645.919 | C47: =B47+(B47*0.03) -> 11995.297 | D47: =B47/3250 -> 3.5833597 | E47: =(C47-B47)/D47 -> 97.5 | H47: =D47*50/B47 -> 0.015384615
A49: =A47+7 -> 43135 | B49: =C47+F47-G47 -> 11995.297 | C49: =B49+(B49*0.03) -> 12355.155 | D49: =B49/3250 -> 3.6908605 | E49: =(C49-B49)/D49 -> 97.5 | H49: =D49*50/B49 -> 0.015384615
A50: =A49+7 -> 43142 | B50: =C49+F49-G49 -> 12355.155 | C50: =B50+(B50*0.03) -> 12725.81 | D50: =B50/3250 -> 3.8015863 | E50: =(C50-B50)/D50 -> 97.5 | H50: =D50*50/B50 -> 0.015384615
A51: =A50+7 -> 43149 | B51: =C50+F50-G50 -> 12725.81 | C51: =B51+(B51*0.03) -> 13107.584 | D51: =B51/3250 -> 3.9156339 | E51: =(C51-B51)/D51 -> 97.5 | H51: =D51*50/B51 -> 0.015384615
A52: =A51+7 -> 43156 | B52: =C51+F51-G51 -> 13107.584 | C52: =B52+(B52*0.03) -> 13500.812 | D52: =B52/3250 -> 4.0331029 | E52: =(C52-B52)/D52 -> 97.5 | H52: =D52*50/B52 -> 0.015384615
A54: =A52+7 -> 43163 | B54: =C52+F52-G52 -> 13500.812 | C54: =B54+(B54*0.03) -> 13905.836 | D54: =B54/3250 -> 4.154096 | E54: =(C54-B54)/D54 -> 97.5 | H54: =D54*50/B54 -> 0.015384615
A55: =A54+7 -> 43170 | B55: =C54+F54-G54 -> 13905.836 | C55: =B55+(B55*0.03) -> 14323.011 | D55: =B55/3250 -> 4.2787189 | E55: =(C55-B55)/D55 -> 97.5 | H55: =D55*50/B55 -> 0.015384615
A56: =A55+7 -> 43177 | B56: =C55+F55-G55 -> 14323.011 | C56: =B56+(B56*0.03) -> 14752.702 | D56: =B56/3250 -> 4.4070804 | E56: =(C56-B56)/D56 -> 97.5 | H56: =D56*50/B56 -> 0.015384615
A57: =A56+7 -> 43184 | B57: =C56+F56-G56 -> 14752.702 | C57: =B57+(B57*0.03) -> 15195.283 | D57: =B57/3250 -> 4.5392928 | E57: =(C57-B57)/D57 -> 97.5 | H57: =D57*50/B57 -> 0.015384615
A59: =A57+7 -> 43191 | B59: =C57+F57-G57 -> 15195.283 | C59: =B59+(B59*0.03) -> 15651.141 | D59: =B59/3250 -> 4.6754716 | E59: =(C59-B59)/D59 -> 97.5 | H59: =D59*50/B59 -> 0.015384615
A60: =A59+7 -> 43198 | B60: =C59+F59-G59 -> 15651.141 | C60: =B60+(B60*0.03) -> 16120.675 | D60: =B60/3250 -> 4.8157358 | E60: =(C60-B60)/D60 -> 97.5 | H60: =D60*50/B60 -> 0.015384615
A61: =A60+7 -> 43205 | B61: =C60+F60-G60 -> 16120.675 | C61: =B61+(B61*0.03) -> 16604.296 | D61: =B61/3250 -> 4.9602078 | E61: =(C61-B61)/D61 -> 97.5 | H61: =D61*50/B61 -> 0.015384615
A62: =A61+7 -> 43212 | B62: =C61+F61-G61 -> 16604.296 | C62: =B62+(B62*0.03) -> 17102.425 | D62: =B62/3250 -> 5.1090141 | E62: =(C62-B62)/D62 -> 97.5 | H62: =D62*50/B62 -> 0.015384615
A64: =A62+7 -> 43219 | B64: =C62+F62-G62 -> 17102.425 | C64: =B64+(B64*0.03) -> 17615.497 | D64: =B64/3250 -> 5.2622845 | E64: =(C64-B64)/D64 -> 97.5 | H64: =D64*50/B64 -> 0.015384615
A65: =A64+7 -> 43226 | B65: =C64+F64-G64 -> 17615.497 | C65: =B65+(B65*0.03) -> 18143.962 | D65: =B65/3250 -> 5.420153 | E65: =(C65-B65)/D65 -> 97.5 | H65: =D65*50/B65 -> 0.015384615
A66: =A65+7 -> 43233 | B66: =C65+F65-G65 -> 18143.962 | C66: =B66+(B66*0.03) -> 18688.281 | D66: =B66/3250 -> 5.5827576 | E66: =(C66-B66)/D66 -> 97.5 | H66: =D66*50/B66 -> 0.015384615
A67: =A66+7 -> 43240 | B67: =C66+F66-G66 -> 18688.281 | C67: =B67+(B67*0.03) -> 19248.93 | D67: =B67/3250 -> 5.7502404 | E67: =(C67-B67)/D67 -> 97.5 | H67: =D67*50/B67 -> 0.015384615
A69: =A67+7 -> 43247 | B69: =C67+F67-G67 -> 19248.93 | C69: =B69+(B69*0.03) -> 19826.397 | D69: =B69/3250 -> 5.9227476 | E69: =(C69-B69)/D69 -> 97.5 | H69: =D69*50/B69 -> 0.015384615
A70: =A69+7 -> 43254 | B70: =C69+F69-G69 -> 19826.397 | C70: =B70+(B70*0.03) -> 20421.189 | D70: =B70/3250 -> 6.10043 | E70: =(C70-B70)/D70 -> 97.5 | H70: =D70*50/B70 -> 0.015384615
A71: =A70+7 -> 43261 | B71: =C70+F70-G70 -> 20421.189 | C71: =B71+(B71*0.03) -> 21033.825 | D71: =B71/3250 -> 6.2834429 | E71: =(C71-B71)/D71 -> 97.5 | H71: =D71*50/B71 -> 0.015384615
A72: =A71+7 -> 43268 | B72: =C71+F71-G71 -> 21033.825 | C72: =B72+(B72*0.03) -> 21664.84 | D72: =B72/3250 -> 6.4719462 | E72: =(C72-B72)/D72 -> 97.5 | H72: =D72*50/B72 -> 0.015384615
A74: =A72+7 -> 43275 | B74: =C72+F72-G72 -> 21664.84 | C74: =B74+(B74*0.03) -> 22314.785 | D74: =B74/3250 -> 6.6661046 | E74: =(C74-B74)/D74 -> 97.5 | H74: =D74*50/B74 -> 0.015384615
A75: =A74+7 -> 43282 | B75: =C74+F74-G74 -> 22314.785 | C75: =B75+(B75*0.03) -> 22984.229 | D75: =B75/3250 -> 6.8660877 | E75: =(C75-B75)/D75 -> 97.5 | H75: =D75*50/B75 -> 0.015384615
A76: =A75+7 -> 43289 | B76: =C75+F75-G75 -> 22984.229 | C76: =B76+(B76*0.03) -> 23673.755 | D76: =B76/3250 -> 7.0720703 | E76: =(C76-B76)/D76 -> 97.5 | H76: =D76*50/B76 -> 0.015384615
A77: =A76+7 -> 43296 | B77: =C76+F76-G76 -> 23673.755 | C77: =B77+(B77*0.03) -> 24383.968 | D77: =B77/3250 -> 7.2842324 | E77: =(C77-B77)/D77 -> 97.5 | H77: =D77*50/B77 -> 0.015384615
A79: =A77+7 -> 43303 | B79: =C77+F77-G77 -> 24383.968 | C79: =B79+(B79*0.03) -> 25115.487 | D79: =B79/3250 -> 7.5027594 | E79: =(C79-B79)/D79 -> 97.5 | H79: =D79*50/B79 -> 0.015384615
A80: =A79+7 -> 43310 | B80: =C79+F79-G79 -> 25115.487 | C80: =B80+(B80*0.03) -> 25868.952 | D80: =B80/3250 -> 7.7278422 | E80: =(C80-B80)/D80 -> 97.5 | H80: =D80*50/B80 -> 0.015384615
A81: =A80+7 -> 43317 | B81: =C80+F80-G80 -> 25868.952 | C81: =B81+(B81*0.03) -> 26645.02 | D81: =B81/3250 -> 7.9596775 | E81: =(C81-B81)/D81 -> 97.5 | H81: =D81*50/B81 -> 0.015384615
A82: =A81+7 -> 43324 | B82: =C81+F81-G81 -> 26645.02 | C82: =B82+(B82*0.03) -> 27444.371 | D82: =B82/3250 -> 8.1984678 | E82: =(C82-B82)/D82 -> 97.5 | H82: =D82*50/B82 -> 0.015384615
A84: =A82+7 -> 43331 | B84: =C82+F82-G82 -> 27444.371 | C84: =B84+(B84*0.03) -> 28267.702 | D84: =B84/3250 -> 8.4444218 | E84: =(C84-B84)/D84 -> 97.5 | H84: =D84*50/B84 -> 0.015384615
A85: =A84+7 -> 43338 | B85: =C84+F84-G84 -> 28267.702 | C85: =B85+(B85*0.03) -> 29115.733 | D85: =B85/3250 -> 8.6977545 | E85: =(C85-B85)/D85 -> 97.5 | H85: =D85*50/B85 -> 0.015384615
A86: =A85+7 -> 43345 | B86: =C85+F85-G85 -> 29115.733 | C86: =B86+(B86*0.03) -> 29989.205 | D86: =B86/3250 -> 8.9586871 | E86: =(C86-B86)/D86 -> 97.5 | H86: =D86*50/B86 -> 0.015384615
A87: =A86+7 -> 43352 | B87: =C86+F86-G86 -> 29989.205 | C87: =B87+(B87*0.03) -> 30888.881 | D87: =B87/3250 -> 9.2274477 | E87: =(C87-B87)/D87 -> 97.5 | H87: =D87*50/B87 -> 0.015384615
A89: =A87+7 -> 43359 | B89: =C87+F87-G87 -> 30888.881 | C89: =B89+(B89*0.03) -> 31815.548 | D89: =B89/3250 -> 9.5042711 | E89: =(C89-B89)/D89 -> 97.5 | H89: =D89*50/B89 -> 0.015384615
A90: =A89+7 -> 43366 | B90: =C89+F89-G89 -> 31815.548 | C90: =B90+(B90*0.03) -> 32770.014 | D90: =B90/3250 -> 9.7893993 | E90: =(C90-B90)/D90 -> 97.5 | H90: =D90*50/B90 -> 0.015384615
A91: =A90+7 -> 43373 | B91: =C90+F90-G90 -> 32770.014 | C91: =B91+(B91*0.03) -> 33753.115 | D91: =B91/3250 -> 10.083081 | E91: =(C91-B91)/D91 -> 97.5 | H91: =D91*50/B91 -> 0.015384615
A92: =A91+7 -> 43380 | B92: =C91+F91-G91 -> 33753.115 | C92: =B92+(B92*0.03) -> 34765.708 | D92: =B92/3250 -> 10.385574 | E92: =(C92-B92)/D92 -> 97.5 | H92: =D92*50/B92 -> 0.015384615
A94: =A92+7 -> 43387 | B94: =C92+F92-G92 -> 34765.708 | C94: =B94+(B94*0.03) -> 35808.679 | D94: =B94/3250 -> 10.697141 | E94: =(C94-B94)/D94 -> 97.5 | H94: =D94*50/B94 -> 0.015384615
A95: =A94+7 -> 43394 | B95: =C94+F94-G94 -> 35808.679 | C95: =B95+(B95*0.03) -> 36882.94 | D95: =B95/3250 -> 11.018055 | E95: =(C95-B95)/D95 -> 97.5 | H95: =D95*50/B95 -> 0.015384615
A96: =A95+7 -> 43401 | B96: =C95+F95-G95 -> 36882.94 | C96: =B96+(B96*0.03) -> 37989.428 | D96: =B96/3250 -> 11.348597 | E96: =(C96-B96)/D96 -> 97.5 | H96: =D96*50/B96 -> 0.015384615
A97: =A96+7 -> 43408 | B97: =C96+F96-G96 -> 37989.428 | C97: =B97+(B97*0.03) -> 39129.111 | D97: =B97/3250 -> 11.689055 | E97: =(C97-B97)/D97 -> 97.5 | H97: =D97*50/B97 -> 0.015384615
A99: =A97+7 -> 43415 | B99: =C97+F97-G97 -> 39129.111 | C99: =B99+(B99*0.03) -> 40302.984 | D99: =B99/3250 -> 12.039726 | E99: =(C99-B99)/D99 -> 97.5 | H99: =D99*50/B99 -> 0.015384615
A100: =A99+7 -> 43422 | B100: =C99+F99-G99 -> 40302.984 | C100: =B100+(B100*0.03) -> 41512.073 | D100: =B100/3250 -> 12.400918 | E100: =(C100-B100)/D100 -> 97.5 | H100: =D100*50/B100 -> 0.015384615
A101: =A100+7 -> 43429 | B101: =C100+F100-G100 -> 41512.073 | C101: =B101+(B101*0.03) -> 42757.436 | D101: =B101/3250 -> 12.772946 | E101: =(C101-B101)/D101 -> 97.5 | H101: =D101*50/B101 -> 0.015384615
A102: =A101+7 -> 43436 | B102: =C101+F101-G101 -> 42757.436 | C102: =B102+(B102*0.03) -> 44040.159 | D102: =B102/3250 -> 13.156134 | E102: =(C102-B102)/D102 -> 97.5 | H102: =D102*50/B102 -> 0.015384615
A104: =A102+7 -> 43443 | B104: =C102+F102-G102 -> 44040.159 | C104: =B104+(B104*0.03) -> 45361.363 | D104: =B104/3250 -> 13.550818 | E104: =(C104-B104)/D104 -> 97.5 | H104: =D104*50/B104 -> 0.015384615
A105: =A104+7 -> 43450 | B105: =C104+F104-G104 -> 45361.363 | C105: =B105+(B105*0.03) -> 46722.204 | D105: =B105/3250 -> 13.957343 | E105: =(C105-B105)/D105 -> 97.5 | H105: =D105*50/B105 -> 0.015384615
A106: =A105+7 -> 43457 | B106: =C105+F105-G105 -> 46722.204 | C106: =B106+(B106*0.03) -> 48123.871 | D106: =B106/3250 -> 14.376063 | E106: =(C106-B106)/D106 -> 97.5 | H106: =D106*50/B106 -> 0.015384615
A107: =A106+7 -> 43464 | B107: =C106+F106-G106 -> 48123.871 | C107: =B107+(B107*0.03) -> 49567.587 | D107: =B107/3250 -> 14.807345 | E107: =(C107-B107)/D107 -> 97.5 | H107: =D107*50/B107 -> 0.015384615
A109: =A107+7 -> 43471 | B109: =C107+F107-G107 -> 49567.587 | C109: =B109+(B109*0.03) -> 51054.614 | D109: =B109/3250 -> 15.251565 | E109: =(C109-B109)/D109 -> 97.5 | H109: =D109*50/B109 -> 0.015384615
A110: =A109+7 -> 43478 | B110: =C109+F109-G109 -> 51054.614 | C110: =B110+(B110*0.03) -> 52586.253 | D110: =B110/3250 -> 15.709112 | E110: =(C110-B110)/D110 -> 97.5 | H110: =D110*50/B110 -> 0.015384615
A111: =A110+7 -> 43485 | B111: =C110+F110-G110 -> 52586.253 | C111: =B111+(B111*0.03) -> 54163.84 | D111: =B111/3250 -> 16.180385 | E111: =(C111-B111)/D111 -> 97.5 | H111: =D111*50/B111 -> 0.015384615
A112: =A111+7 -> 43492 | B112: =C111+F111-G111 -> 54163.84 | C112: =B112+(B112*0.03) -> 55788.755 | D112: =B112/3250 -> 16.665797 | E112: =(C112-B112)/D112 -> 97.5 | H112: =D112*50/B112 -> 0.015384615
A114: =A112+7 -> 43499 | B114: =C112+F112-G112 -> 55788.755 | C114: =B114+(B114*0.03) -> 57462.418 | D114: =B114/3250 -> 17.165771 | E114: =(C114-B114)/D114 -> 97.5 | H114: =D114*50/B114 -> 0.015384615
A115: =A114+7 -> 43506 | B115: =C114+F114-G114 -> 57462.418 | C115: =B115+(B115*0.03) -> 59186.291 | D115: =B115/3250 -> 17.680744 | E115: =(C115-B115)/D115 -> 97.5 | H115: =D115*50/B115 -> 0.015384615
A116: =A115+7 -> 43513 | B116: =C115+F115-G115 -> 59186.291 | C116: =B116+(B116*0.03) -> 60961.879 | D116: =B116/3250 -> 18.211166 | E116: =(C116-B116)/D116 -> 97.5 | H116: =D116*50/B116 -> 0.015384615
A117: =A116+7 -> 43520 | B117: =C116+F116-G116 -> 60961.879 | C117: =B117+(B117*0.03) -> 62790.736 | D117: =B117/3250 -> 18.757501 | E117: =(C117-B117)/D117 -> 97.5 | H117: =D117*50/B117 -> 0.015384615
A119: =A117+7 -> 43527 | B119: =C117+F117-G117 -> 62790.736 | C119: =B119+(B119*0.03) -> 64674.458 | D119: =B119/3250 -> 19.320226 | E119: =(C119-B119)/D119 -> 97.5 | H119: =D119*50/B119 -> 0.015384615
A120: =A119+7 -> 43534 | B120: =C119+F119-G119 -> 64674.458 | C120: =B120+(B120*0.03) -> 66614.692 | D120: =B120/3250 -> 19.899833 | E120: =(C120-B120)/D120 -> 97.5 | H120: =D120*50/B120 -> 0.015384615
A121: =A120+7 -> 43541 | B121: =C120+F120-G120 -> 66614.692 | C121: =B121+(B121*0.03) -> 68613.132 | D121: =B121/3250 -> 20.496828 | E121: =(C121-B121)/D121 -> 97.5 | H121: =D121*50/B121 -> 0.015384615
A122: =A121+7 -> 43548 | B122: =C121+F121-G121 -> 68613.132 | C122: =B122+(B122*0.03) -> 70671.526 | D122: =B122/3250 -> 21.111733 | E122: =(C122-B122)/D122 -> 97.5 | H122: =D122*50/B122 -> 0.015384615
A124: =A122+7 -> 43555 | B124: =C122+F122-G122 -> 70671.526 | C124: =B124+(B124*0.03) -> 72791.672 | D124: =B124/3250 -> 21.745085 | E124: =(C124-B124)/D124 -> 97.5 | H124: =D124*50/B124 -> 0.015384615
A125: =A124+7 -> 43562 | B125: =C124+F124-G124 -> 72791.672 | C125: =B125+(B125*0.03) -> 74975.422 | D125: =B125/3250 -> 22.397438 | E125: =(C125-B125)/D125 -> 97.5 | H125: =D125*50/B125 -> 0.015384615
...

Sheet Template
A2: Month | B2: Week | C2: Account | D2: Projected Return | E2: £ | F2: No | G2: Account | H2: Account | I2: MAX Risk | J2: Actual
B3: Commencing | C3: Equity | D3: Equity | E3: Per Pip | F3: Of Pips | G3: Top UP | H3: W/drawal | I3: % Per Trade | J3: % ROI
A4: 1 | B4: 43114 | C4: 1500 | D4: =C4+(C4*0.03) -> 1545 | E4: =C4/3250 -> 0.46153846 | F4: =(D4-C4)/E4 -> 97.5 | I4: =E4*50/C4 -> 0.015384615
B5: =B4+7 -> 43121 | C5: =D4+G4-H4 -> 1545 | D5: =C5+(C5*0.03) -> 1591.35 | E5: =C5/3250 -> 0.47538462 | F5: =(D5-C5)/E5 -> 97.5 | I5: =E5*50/C5 -> 0.015384615
B6: =B5+7 -> 43128 | C6: =D5+G5-H5 -> 1591.35 | D6: =C6+(C6*0.03) -> 1639.0905 | E6: =C6/3250 -> 0.48964615 | F6: =(D6-C6)/E6 -> 97.5 | I6: =E6*50/C6 -> 0.015384615
B7: =B6+7 -> 43135 | C7: =D6+G6-H6 -> 1639.0905 | D7: =C7+(C7*0.03) -> 1688.2632 | E7: =C7/3250 -> 0.50433554 | F7: =(D7-C7)/E7 -> 97.5 | I7: =E7*50/C7 -> 0.015384615
A9: 2 | B9: =B7+7 -> 43142 | C9: =D7+G7-H7 -> 1688.2632 | D9: =C9+(C9*0.03) -> 1738.9111 | E9: =C9/3250 -> 0.5194656 | F9: =(D9-C9)/E9 -> 97.5 | I9: =E9*50/C9 -> 0.015384615
B10: =B9+7 -> 43149 | C10: =D9+G9-H9 -> 1738.9111 | D10: =C10+(C10*0.03) -> 1791.0784 | E10: =C10/3250 -> 0.53504957 | F10: =(D10-C10)/E10 -> 97.5 | I10: =E10*50/C10 -> 0.015384615
B11: =B10+7 -> 43156 | C11: =D10+G10-H10 -> 1791.0784 | D11: =C11+(C11*0.03) -> 1844.8108 | E11: =C11/3250 -> 0.55110106 | F11: =(D11-C11)/E11 -> 97.5 | I11: =E11*50/C11 -> 0.015384615
B12: =B11+7 -> 43163 | C12: =D11+G11-H11 -> 1844.8108 | D12: =C12+(C12*0.03) -> 1900.1551 | E12: =C12/3250 -> 0.56763409 | F12: =(D12-C12)/E12 -> 97.5 | I12: =E12*50/C12 -> 0.015384615
A14: 3 | B14: =B12+7 -> 43170 | C14: =D12+G12-H12 -> 1900.1551 | D14: =C14+(C14*0.03) -> 1957.1598 | E14: =C14/3250 -> 0.58466311 | F14: =(D14-C14)/E14 -> 97.5 | I14: =E14*50/C14 -> 0.015384615
B15: =B14+7 -> 43177 | C15: =D14+G14-H14 -> 1957.1598 | D15: =C15+(C15*0.03) -> 2015.8746 | E15: =C15/3250 -> 0.60220301 | F15: =(D15-C15)/E15 -> 97.5 | I15: =E15*50/C15 -> 0.015384615
B16: =B15+7 -> 43184 | C16: =D15+G15-H15 -> 2015.8746 | D16: =C16+(C16*0.03) -> 2076.3508 | E16: =C16/3250 -> 0.6202691 | F16: =(D16-C16)/E16 -> 97.5 | I16: =E16*50/C16 -> 0.015384615
B17: =B16+7 -> 43191 | C17: =D16+G16-H16 -> 2076.3508 | D17: =C17+(C17*0.03) -> 2138.6413 | E17: =C17/3250 -> 0.63887717 | F17: =(D17-C17)/E17 -> 97.5 | H17: =(D17-C4)*0.3 -> 191.5924 | I17: =E17*50/C17 -> 0.015384615 | K17: Alligator Fund Management gives or takes 30% of losses or winnings
A19: 4 | B19: =B17+7 -> 43198 | C19: =D17+G17-H17 -> 1947.0489 | D19: =C19+(C19*0.03) -> 2005.4604 | E19: =C19/3250 -> 0.59909198 | F19: =(D19-C19)/E19 -> 97.5 | I19: =E19*50/C19 -> 0.015384615
B20: =B19+7 -> 43205 | C20: =D19+G19-H19 -> 2005.4604 | D20: =C20+(C20*0.03) -> 2065.6242 | E20: =C20/3250 -> 0.61706474 | F20: =(D20-C20)/E20 -> 97.5 | I20: =E20*50/C20 -> 0.015384615
B21: =B20+7 -> 43212 | C21: =D20+G20-H20 -> 2065.6242 | D21: =C21+(C21*0.03) -> 2127.5929 | E21: =C21/3250 -> 0.63557668 | F21: =(D21-C21)/E21 -> 97.5 | I21: =E21*50/C21 -> 0.015384615
B22: =B21+7 -> 43219 | C22: =D21+G21-H21 -> 2127.5929 | D22: =C22+(C22*0.03) -> 2191.4207 | E22: =C22/3250 -> 0.65464398 | F22: =(D22-C22)/E22 -> 97.5 | I22: =E22*50/C22 -> 0.015384615
A24: 5 | B24: =B22+7 -> 43226 | C24: =D22+G22-H22 -> 2191.4207 | D24: =C24+(C24*0.03) -> 2257.1633 | E24: =C24/3250 -> 0.6742833 | F24: =(D24-C24)/E24 -> 97.5 | I24: =E24*50/C24 -> 0.015384615
B25: =B24+7 -> 43233 | C25: =D24+G24-H24 -> 2257.1633 | D25: =C25+(C25*0.03) -> 2324.8782 | E25: =C25/3250 -> 0.6945118 | F25: =(D25-C25)/E25 -> 97.5 | I25: =E25*50/C25 -> 0.015384615
B26: =B25+7 -> 43240 | C26: =D25+G25-H25 -> 2324.8782 | D26: =C26+(C26*0.03) -> 2394.6246 | E26: =C26/3250 -> 0.71534715 | F26: =(D26-C26)/E26 -> 97.5 | I26: =E26*50/C26 -> 0.015384615
B27: =B26+7 -> 43247 | C27: =D26+G26-H26 -> 2394.6246 | D27: =C27+(C27*0.03) -> 2466.4633 | E27: =C27/3250 -> 0.73680757 | F27: =(D27-C27)/E27 -> 97.5 | I27: =E27*50/C27 -> 0.015384615
A29: 6 | B29: =B27+7 -> 43254 | C29: =D27+G27-H27 -> 2466.4633 | D29: =C29+(C29*0.03) -> 2540.4572 | E29: =C29/3250 -> 0.75891179 | F29: =(D29-C29)/E29 -> 97.5 | I29: =E29*50/C29 -> 0.015384615
B30: =B29+7 -> 43261 | C30: =D29+G29-H29 -> 2540.4572 | D30: =C30+(C30*0.03) -> 2616.671 | E30: =C30/3250 -> 0.78167915 | F30: =(D30-C30)/E30 -> 97.5 | I30: =E30*50/C30 -> 0.015384615
B31: =B30+7 -> 43268 | C31: =D30+G30-H30 -> 2616.671 | D31: =C31+(C31*0.03) -> 2695.1711 | E31: =C31/3250 -> 0.80512952 | F31: =(D31-C31)/E31 -> 97.5 | I31: =E31*50/C31 -> 0.015384615
B32: =B31+7 -> 43275 | C32: =D31+G31-H31 -> 2695.1711 | D32: =C32+(C32*0.03) -> 2776.0262 | E32: =C32/3250 -> 0.82928341 | F32: =(D32-C32)/E32 -> 97.5 | H32: =(D32-C19)*0.35 -> 290.14205 | I32: =E32*50/C32 -> 0.015384615 | K32: Alligator Fund Management gives or takes 35% of losses or winnings
A34: 7 | B34: =B32+7 -> 43282 | C34: =D32+G32-H32 -> 2485.8842 | D34: =C34+(C34*0.03) -> 2560.4607 | E34: =C34/3250 -> 0.76488743 | F34: =(D34-C34)/E34 -> 97.5 | I34: =E34*50/C34 -> 0.015384615
B35: =B34+7 -> 43289 | C35: =D34+G34-H34 -> 2560.4607 | D35: =C35+(C35*0.03) -> 2637.2745 | E35: =C35/3250 -> 0.78783406 | F35: =(D35-C35)/E35 -> 97.5 | I35: =E35*50/C35 -> 0.015384615
B36: =B35+7 -> 43296 | C36: =D35+G35-H35 -> 2637.2745 | D36: =C36+(C36*0.03) -> 2716.3927 | E36: =C36/3250 -> 0.81146908 | F36: =(D36-C36)/E36 -> 97.5 | I36: =E36*50/C36 -> 0.015384615
B37: =B36+7 -> 43303 | C37: =D36+G36-H36 -> 2716.3927 | D37: =C37+(C37*0.03) -> 2797.8845 | E37: =C37/3250 -> 0.83581315 | F37: =(D37-C37)/E37 -> 97.5 | I37: =E37*50/C37 -> 0.015384615
A39: 8 | B39: =B37+7 -> 43310 | C39: =D37+G37-H37 -> 2797.8845 | D39: =C39+(C39*0.03) -> 2881.8211 | E39: =C39/3250 -> 0.86088755 | F39: =(D39-C39)/E39 -> 97.5 | I39: =E39*50/C39 -> 0.015384615
B40: =B39+7 -> 43317 | C40: =D39+G39-H39 -> 2881.8211 | D40: =C40+(C40*0.03) -> 2968.2757 | E40: =C40/3250 -> 0.88671417 | F40: =(D40-C40)/E40 -> 97.5 | I40: =E40*50/C40 -> 0.015384615
B41: =B40+7 -> 43324 | C41: =D40+G40-H40 -> 2968.2757 | D41: =C41+(C41*0.03) -> 3057.324 | E41: =C41/3250 -> 0.9133156 | F41: =(D41-C41)/E41 -> 97.5 | I41: =E41*50/C41 -> 0.015384615
B42: =B41+7 -> 43331 | C42: =D41+G41-H41 -> 3057.324 | D42: =C42+(C42*0.03) -> 3149.0437 | E42: =C42/3250 -> 0.94071507 | F42: =(D42-C42)/E42 -> 97.5 | I42: =E42*50/C42 -> 0.015384615
A44: 9 | B44: =B42+7 -> 43338 | C44: =D42+G42-H42 -> 3149.0437 | D44: =C44+(C44*0.03) -> 3243.515 | E44: =C44/3250 -> 0.96893652 | F44: =(D44-C44)/E44 -> 97.5 | I44: =E44*50/C44 -> 0.015384615
B45: =B44+7 -> 43345 | C45: =D44+G44-H44 -> 3243.515 | D45: =C45+(C45*0.03) -> 3340.8204 | E45: =C45/3250 -> 0.99800461 | F45: =(D45-C45)/E45 -> 97.5 | I45: =E45*50/C45 -> 0.015384615
B46: =B45+7 -> 43352 | C46: =D45+G45-H45 -> 3340.8204 | D46: =C46+(C46*0.03) -> 3441.0451 | E46: =C46/3250 -> 1.0279448 | F46: =(D46-C46)/E46 -> 97.5 | I46: =E46*50/C46 -> 0.015384615
B47: =B46+7 -> 43359 | C47: =D46+G46-H46 -> 3441.0451 | D47: =C47+(C47*0.03) -> 3544.2764 | E47: =C47/3250 -> 1.0587831 | F47: =(D47-C47)/E47 -> 97.5 | H47: =(D47-C34)*0.35 -> 370.43729 | I47: =E47*50/C47 -> 0.015384615 | K47: Alligator Fund Management gives or takes 35% of losses or winnings
A49: 10 | B49: =B47+7 -> 43366 | C49: =D47+G47-H47 -> 3173.8391 | D49: =C49+(C49*0.03) -> 3269.0543 | E49: =C49/3250 -> 0.97656588 | F49: =(D49-C49)/E49 -> 97.5 | I49: =E49*50/C49 -> 0.015384615
B50: =B49+7 -> 43373 | C50: =D49+G49-H49 -> 3269.0543 | D50: =C50+(C50*0.03) -> 3367.1259 | E50: =C50/3250 -> 1.0058629 | F50: =(D50-C50)/E50 -> 97.5 | I50: =E50*50/C50 -> 0.015384615
B51: =B50+7 -> 43380 | C51: =D50+G50-H50 -> 3367.1259 | D51: =C51+(C51*0.03) -> 3468.1397 | E51: =C51/3250 -> 1.0360387 | F51: =(D51-C51)/E51 -> 97.5 | I51: =E51*50/C51 -> 0.015384615
B52: =B51+7 -> 43387 | C52: =D51+G51-H51 -> 3468.1397 | D52: =C52+(C52*0.03) -> 3572.1839 | E52: =C52/3250 -> 1.0671199 | F52: =(D52-C52)/E52 -> 97.5 | I52: =E52*50/C52 -> 0.015384615
A54: 11 | B54: =B52+7 -> 43394 | C54: =D52+G52-H52 -> 3572.1839 | D54: =C54+(C54*0.03) -> 3679.3494 | E54: =C54/3250 -> 1.0991335 | F54: =(D54-C54)/E54 -> 97.5 | I54: =E54*50/C54 -> 0.015384615
B55: =B54+7 -> 43401 | C55: =D54+G54-H54 -> 3679.3494 | D55: =C55+(C55*0.03) -> 3789.7299 | E55: =C55/3250 -> 1.1321075 | F55: =(D55-C55)/E55 -> 97.5 | I55: =E55*50/C55 -> 0.015384615
B56: =B55+7 -> 43408 | C56: =D55+G55-H55 -> 3789.7299 | D56: =C56+(C56*0.03) -> 3903.4218 | E56: =C56/3250 -> 1.1660707 | F56: =(D56-C56)/E56 -> 97.5 | I56: =E56*50/C56 -> 0.015384615
B57: =B56+7 -> 43415 | C57: =D56+G56-H56 -> 3903.4218 | D57: =C57+(C57*0.03) -> 4020.5244 | E57: =C57/3250 -> 1.2010529 | F57: =(D57-C57)/E57 -> 97.5 | I57: =E57*50/C57 -> 0.015384615
A59: 12 | B59: =B57+7 -> 43422 | C59: =D57+G57-H57 -> 4020.5244 | D59: =C59+(C59*0.03) -> 4141.1402 | E59: =C59/3250 -> 1.2370844 | F59: =(D59-C59)/E59 -> 97.5 | I59: =E59*50/C59 -> 0.015384615
B60: =B59+7 -> 43429 | C60: =D59+G59-H59 -> 4141.1402 | D60: =C60+(C60*0.03) -> 4265.3744 | E60: =C60/3250 -> 1.274197 | F60: =(D60-C60)/E60 -> 97.5 | I60: =E60*50/C60 -> 0.015384615
B61: =B60+7 -> 43436 | C61: =D60+G60-H60 -> 4265.3744 | D61: =C61+(C61*0.03) -> 4393.3356 | E61: =C61/3250 -> 1.3124229 | F61: =(D61-C61)/E61 -> 97.5 | I61: =E61*50/C61 -> 0.015384615
B62: =B61+7 -> 43443 | C62: =D61+G61-H61 -> 4393.3356 | D62: =C62+(C62*0.03) -> 4525.1357 | E62: =C62/3250 -> 1.3517956 | F62: =(D62-C62)/E62 -> 97.5 | H62: =(D62-C49)*0.35 -> 472.9538 | I62: =E62*50/C62 -> 0.015384615 | K62: Alligator Fund Management gives or takes 35% of losses or winnings
A64: 13 | B64: =B62+7 -> 43450 | C64: =D62+G62-H62 -> 4052.1819 | D64: =C64+(C64*0.03) -> 4173.7473 | E64: =C64/3250 -> 1.2468252 | F64: =(D64-C64)/E64 -> 97.5 | I64: =E64*50/C64 -> 0.015384615
B65: =B64+7 -> 43457 | C65: =D64+G64-H64 -> 4173.7473 | D65: =C65+(C65*0.03) -> 4298.9598 | E65: =C65/3250 -> 1.28423 | F65: =(D65-C65)/E65 -> 97.5 | I65: =E65*50/C65 -> 0.015384615
B66: =B65+7 -> 43464 | C66: =D65+G65-H65 -> 4298.9598 | D66: =C66+(C66*0.03) -> 4427.9286 | E66: =C66/3250 -> 1.3227569 | F66: =(D66-C66)/E66 -> 97.5 | I66: =E66*50/C66 -> 0.015384615
B67: =B66+7 -> 43471 | C67: =D66+G66-H66 -> 4427.9286 | D67: =C67+(C67*0.03) -> 4560.7664 | E67: =C67/3250 -> 1.3624396 | F67: =(D67-C67)/E67 -> 97.5 | I67: =E67*50/C67 -> 0.015384615
A69: 14 | B69: =B67+7 -> 43478 | C69: =D67+G67-H67 -> 4560.7664 | D69: =C69+(C69*0.03) -> 4697.5894 | E69: =C69/3250 -> 1.4033127 | F69: =(D69-C69)/E69 -> 97.5 | I69: =E69*50/C69 -> 0.015384615
B70: =B69+7 -> 43485 | C70: =D69+G69-H69 -> 4697.5894 | D70: =C70+(C70*0.03) -> 4838.5171 | E70: =C70/3250 -> 1.4454121 | F70: =(D70-C70)/E70 -> 97.5 | I70: =E70*50/C70 -> 0.015384615
B71: =B70+7 -> 43492 | C71: =D70+G70-H70 -> 4838.5171 | D71: =C71+(C71*0.03) -> 4983.6726 | E71: =C71/3250 -> 1.4887745 | F71: =(D71-C71)/E71 -> 97.5 | I71: =E71*50/C71 -> 0.015384615
B72: =B71+7 -> 43499 | C72: =D71+G71-H71 -> 4983.6726 | D72: =C72+(C72*0.03) -> 5133.1828 | E72: =C72/3250 -> 1.5334377 | F72: =(D72-C72)/E72 -> 97.5 | I72: =E72*50/C72 -> 0.015384615
A74: 15 | B74: =B72+7 -> 43506 | C74: =D72+G72-H72 -> 5133.1828 | D74: =C74+(C74*0.03) -> 5287.1783 | E74: =C74/3250 -> 1.5794409 | F74: =(D74-C74)/E74 -> 97.5 | I74: =E74*50/C74 -> 0.015384615
B75: =B74+7 -> 43513 | C75: =D74+G74-H74 -> 5287.1783 | D75: =C75+(C75*0.03) -> 5445.7936 | E75: =C75/3250 -> 1.6268241 | F75: =(D75-C75)/E75 -> 97.5 | I75: =E75*50/C75 -> 0.015384615
B76: =B75+7 -> 43520 | C76: =D75+G75-H75 -> 5445.7936 | D76: =C76+(C76*0.03) -> 5609.1674 | E76: =C76/3250 -> 1.6756288 | F76: =(D76-C76)/E76 -> 97.5 | I76: =E76*50/C76 -> 0.015384615
B77: =B76+7 -> 43527 | C77: =D76+G76-H76 -> 5609.1674 | D77: =C77+(C77*0.03) -> 5777.4424 | E77: =C77/3250 -> 1.7258977 | F77: =(D77-C77)/E77 -> 97.5 | H77: =(D77-C64)*0.35 -> 603.84119 | I77: =E77*50/C77 -> 0.015384615 | K77: Alligator Fund Management gives or takes 35% of losses or winnings
A79: 16 | B79: =B77+7 -> 43534 | C79: =D77+G77-H77 -> 5173.6012 | D79: =C79+(C79*0.03) -> 5328.8093 | E79: =C79/3250 -> 1.5918773 | F79: =(D79-C79)/E79 -> 97.5 | I79: =E79*50/C79 -> 0.015384615
B80: =B79+7 -> 43541 | C80: =D79+G79-H79 -> 5328.8093 | D80: =C80+(C80*0.03) -> 5488.6736 | E80: =C80/3250 -> 1.6396336 | F80: =(D80-C80)/E80 -> 97.5 | I80: =E80*50/C80 -> 0.015384615
B81: =B80+7 -> 43548 | C81: =D80+G80-H80 -> 5488.6736 | D81: =C81+(C81*0.03) -> 5653.3338 | E81: =C81/3250 -> 1.6888226 | F81: =(D81-C81)/E81 -> 97.5 | I81: =E81*50/C81 -> 0.015384615
B82: =B81+7 -> 43555 | C82: =D81+G81-H81 -> 5653.3338 | D82: =C82+(C82*0.03) -> 5822.9338 | E82: =C82/3250 -> 1.7394873 | F82: =(D82-C82)/E82 -> 97.5 | I82: =E82*50/C82 -> 0.015384615
A84: 17 | B84: =B82+7 -> 43562 | C84: =D82+G82-H82 -> 5822.9338 | D84: =C84+(C84*0.03) -> 5997.6218 | E84: =C84/3250 -> 1.7916719 | F84: =(D84-C84)/E84 -> 97.5 | I84: =E84*50/C84 -> 0.015384615
B85: =B84+7 -> 43569 | C85: =D84+G84-H84 -> 5997.6218 | D85: =C85+(C85*0.03) -> 6177.5504 | E85: =C85/3250 -> 1.8454221 | F85: =(D85-C85)/E85 -> 97.5 | I85: =E85*50/C85 -> 0.015384615
B86: =B85+7 -> 43576 | C86: =D85+G85-H85 -> 6177.5504 | D86: =C86+(C86*0.03) -> 6362.877 | E86: =C86/3250 -> 1.9007848 | F86: =(D86-C86)/E86 -> 97.5 | I86: =E86*50/C86 -> 0.015384615
B87: =B86+7 -> 43583 | C87: =D86+G86-H86 -> 6362.877 | D87: =C87+(C87*0.03) -> 6553.7633 | E87: =C87/3250 -> 1.9578083 | F87: =(D87-C87)/E87 -> 97.5 | I87: =E87*50/C87 -> 0.015384615
A89: 18 | B89: =B87+7 -> 43590 | C89: =D87+G87-H87 -> 6553.7633 | D89: =C89+(C89*0.03) -> 6750.3762 | E89: =C89/3250 -> 2.0165425 | F89: =(D89-C89)/E89 -> 97.5 | I89: =E89*50/C89 -> 0.015384615
B90: =B89+7 -> 43597 | C90: =D89+G89-H89 -> 6750.3762 | D90: =C90+(C90*0.03) -> 6952.8875 | E90: =C90/3250 -> 2.0770388 | F90: =(D90-C90)/E90 -> 97.5 | I90: =E90*50/C90 -> 0.015384615
B91: =B90+7 -> 43604 | C91: =D90+G90-H90 -> 6952.8875 | D91: =C91+(C91*0.03) -> 7161.4741 | E91: =C91/3250 -> 2.13935 | F91: =(D91-C91)/E91 -> 97.5 | I91: =E91*50/C91 -> 0.015384615
B92: =B91+7 -> 43611 | C92: =D91+G91-H91 -> 7161.4741 | D92: =C92+(C92*0.03) -> 7376.3183 | E92: =C92/3250 -> 2.2035305 | F92: =(D92-C92)/E92 -> 97.5 | H92: =(D92-C79)*0.35 -> 770.95097 | I92: =E92*50/C92 -> 0.015384615 | K92: Alligator Fund Management gives or takes 35% of losses or winnings
A94: 19 | B94: =B92+7 -> 43618 | C94: =D92+G92-H92 -> 6605.3673 | D94: =C94+(C94*0.03) -> 6803.5284 | E94: =C94/3250 -> 2.0324207 | F94: =(D94-C94)/E94 -> 97.5 | I94: =E94*50/C94 -> 0.015384615
B95: =B94+7 -> 43625 | C95: =D94+G94-H94 -> 6803.5284 | D95: =C95+(C95*0.03) -> 7007.6342 | E95: =C95/3250 -> 2.0933933 | F95: =(D95-C95)/E95 -> 97.5 | I95: =E95*50/C95 -> 0.015384615
B96: =B95+7 -> 43632 | C96: =D95+G95-H95 -> 7007.6342 | D96: =C96+(C96*0.03) -> 7217.8632 | E96: =C96/3250 -> 2.1561951 | F96: =(D96-C96)/E96 -> 97.5 | I96: =E96*50/C96 -> 0.015384615
B97: =B96+7 -> 43639 | C97: =D96+G96-H96 -> 7217.8632 | D97: =C97+(C97*0.03) -> 7434.3991 | E97: =C97/3250 -> 2.220881 | F97: =(D97-C97)/E97 -> 97.5 | I97: =E97*50/C97 -> 0.015384615
A99: 20 | B99: =B97+7 -> 43646 | C99: =D97+G97-H97 -> 7434.3991 | D99: =C99+(C99*0.03) -> 7657.4311 | E99: =C99/3250 -> 2.2875074 | F99: =(D99-C99)/E99 -> 97.5 | I99: =E99*50/C99 -> 0.015384615
B100: =B99+7 -> 43653 | C100: =D99+G99-H99 -> 7657.4311 | D100: =C100+(C100*0.03) -> 7887.154 | E100: =C100/3250 -> 2.3561326 | F100: =(D100-C100)/E100 -> 97.5 | I100: =E100*50/C100 -> 0.015384615
B101: =B100+7 -> 43660 | C101: =D100+G100-H100 -> 7887.154 | D101: =C101+(C101*0.03) -> 8123.7687 | E101: =C101/3250 -> 2.4268166 | F101: =(D101-C101)/E101 -> 97.5 | I101: =E101*50/C101 -> 0.015384615
B102: =B101+7 -> 43667 | C102: =D101+G101-H101 -> 8123.7687 | D102: =C102+(C102*0.03) -> 8367.4817 | E102: =C102/3250 -> 2.4996211 | F102: =(D102-C102)/E102 -> 97.5 | I102: =E102*50/C102 -> 0.015384615
A104: 21 | B104: =B102+7 -> 43674 | C104: =D102+G102-H102 -> 8367.4817 | D104: =C104+(C104*0.03) -> 8618.5062 | E104: =C104/3250 -> 2.5746098 | F104: =(D104-C104)/E104 -> 97.5 | I104: =E104*50/C104 -> 0.015384615
B105: =B104+7 -> 43681 | C105: =D104+G104-H104 -> 8618.5062 | D105: =C105+(C105*0.03) -> 8877.0613 | E105: =C105/3250 -> 2.6518481 | F105: =(D105-C105)/E105 -> 97.5 | I105: =E105*50/C105 -> 0.015384615
B106: =B105+7 -> 43688 | C106: =D105+G105-H105 -> 8877.0613 | D106: =C106+(C106*0.03) -> 9143.3732 | E106: =C106/3250 -> 2.7314035 | F106: =(D106-C106)/E106 -> 97.5 | I106: =E106*50/C106 -> 0.015384615
B107: =B106+7 -> 43695 | C107: =D106+G106-H106 -> 9143.3732 | D107: =C107+(C107*0.03) -> 9417.6744 | E107: =C107/3250 -> 2.8133456 | F107: =(D107-C107)/E107 -> 97.5 | H107: =(D107-C94)*0.35 -> 984.30747 | I107: =E107*50/C107 -> 0.015384615 | K107: Alligator Fund Management gives or takes 35% of losses or winnings
A109: 22 | B109: =B107+7 -> 43702 | C109: =D107+G107-H107 -> 8433.3669 | D109: =C109+(C109*0.03) -> 8686.3679 | E109: =C109/3250 -> 2.5948821 | F109: =(D109-C109)/E109 -> 97.5 | I109: =E109*50/C109 -> 0.015384615
B110: =B109+7 -> 43709 | C110: =D109+G109-H109 -> 8686.3679 | D110: =C110+(C110*0.03) -> 8946.959 | E110: =C110/3250 -> 2.6727286 | F110: =(D110-C110)/E110 -> 97.5 | I110: =E110*50/C110 -> 0.015384615
B111: =B110+7 -> 43716 | C111: =D110+G110-H110 -> 8946.959 | D111: =C111+(C111*0.03) -> 9215.3677 | E111: =C111/3250 -> 2.7529104 | F111: =(D111-C111)/E111 -> 97.5 | I111: =E111*50/C111 -> 0.015384615
B112: =B111+7 -> 43723 | C112: =D111+G111-H111 -> 9215.3677 | D112: =C112+(C112*0.03) -> 9491.8288 | E112: =C112/3250 -> 2.8354978 | F112: =(D112-C112)/E112 -> 97.5 | I112: =E112*50/C112 -> 0.015384615
A114: 23 | B114: =B112+7 -> 43730 | C114: =D112+G112-H112 -> 9491.8288 | D114: =C114+(C114*0.03) -> 9776.5836 | E114: =C114/3250 -> 2.9205627 | F114: =(D114-C114)/E114 -> 97.5 | I114: =E114*50/C114 -> 0.015384615
B115: =B114+7 -> 43737 | C115: =D114+G114-H114 -> 9776.5836 | D115: =C115+(C115*0.03) -> 10069.881 | E115: =C115/3250 -> 3.0081796 | F115: =(D115-C115)/E115 -> 97.5 | I115: =E115*50/C115 -> 0.015384615
B116: =B115+7 -> 43744 | C116: =D115+G115-H115 -> 10069.881 | D116: =C116+(C116*0.03) -> 10371.978 | E116: =C116/3250 -> 3.098425 | F116: =(D116-C116)/E116 -> 97.5 | I116: =E116*50/C116 -> 0.015384615
B117: =B116+7 -> 43751 | C117: =D116+G116-H116 -> 10371.978 | D117: =C117+(C117*0.03) -> 10683.137 | E117: =C117/3250 -> 3.1913777 | F117: =(D117-C117)/E117 -> 97.5 | I117: =E117*50/C117 -> 0.015384615
A119: 24 | B119: =B117+7 -> 43758 | C119: =D117+G117-H117 -> 10683.137 | D119: =C119+(C119*0.03) -> 11003.631 | E119: =C119/3250 -> 3.287119 | F119: =(D119-C119)/E119 -> 97.5 | I119: =E119*50/C119 -> 0.015384615
B120: =B119+7 -> 43765 | C120: =D119+G119-H119 -> 11003.631 | D120: =C120+(C120*0.03) -> 11333.74 | E120: =C120/3250 -> 3.3857326 | F120: =(D120-C120)/E120 -> 97.5 | I120: =E120*50/C120 -> 0.015384615
B121: =B120+7 -> 43772 | C121: =D120+G120-H120 -> 11333.74 | D121: =C121+(C121*0.03) -> 11673.752 | E121: =C121/3250 -> 3.4873046 | F121: =(D121-C121)/E121 -> 97.5 | I121: =E121*50/C121 -> 0.015384615
B122: =B121+7 -> 43779 | C122: =D121+G121-H121 -> 11673.752 | D122: =C122+(C122*0.03) -> 12023.965 | E122: =C122/3250 -> 3.5919237 | F122: =(D122-C122)/E122 -> 97.5 | H122: =(D122-C109)*0.35 -> 1256.7092 | I122: =E122*50/C122 -> 0.015384615 | K122: Alligator Fund Management gives or takes 35% of losses or winnings
